Workbook
Name Project_Number: 'Budget Table Calculator'!$G$5

Sheet Notice
F3: FINANCIAL INFORMATION FILE - NOTICE
F5: JTM - PUBLIC SECTOR LOAN FACILITY
C10: • The submission of a completed Financial Information File using this template is required as a part of your application, with the title
C11: "Financial Information File for Project Number XXXXXXXXX" using your 9 numbers eGrants project reference instead of "XXXXXXXXX".
C13: • The Financial Information File consists of this Notice, a Budget Table Calculator, 10 Input Sheets, a consolidated Financial Analysis and a Blank Calculation Sheet.
C14: For frameworks loans covering several projects or types of projects, please fill in as many Input Sheets as projects/types of projects included in your application.
C15: The Financial Analysis sheet presents the results of the financial analysis in a standardised format.
C16: In addition, you may use the Blank Calculation Sheet to insert your own calculations and comments. The contents in the sheet will not be evaluated as a part of your application.
C18: • The results in the "Financial Analysis" sheet will only appear when data is encoded in the Input Sheet(s).
C19: This template performs some consistency checks. An alert with an explanation will be triggered if an inconsistency is detected.
C21: • Next to the fields containing the inconsistency, the template will show a warning message: | N21: =IF(AND(M21>2012,ISNUMBER(M21)),"","Warning") -> Warning
C22: Just below the heading of each section, there is a summary of the various tests specifying if:
C23: all the data is in the appropriate format | I23: Ok
C24: there are mistakes that need to be corrected | I24: ="Please Correct" -> Please Correct
C26: • The template is protected. The applicant can insert values and text only in cells marked in blue of the Budget Table Calculator sheet, the Input Sheet(s) and the Financial Analysis sheet.
C28: • The project number to encode at the top of each sheet is the 9 digits number generated by eGrants that you obtain when you encode your draft application.
C30: • Please encode the year you will submit your application in the “Year of application submission” field of the Budget Table Calculator sheet. This is the basis year used in the financial analysis to discount all cash flows.
C32: • Divergences between the values included in the Simplified Business Plan template (e.g. due to the introduction of rounded values or limitations of this template) and the Financial Information File template
C33: should be explained in the 'Comments' section of the applicable Input Sheet(s).
C35: • If you encouter any difficulty in filling in this template you may send a question to:
C36: CINEA-JTM-PSLF@ec.europa.eu
C39: HOW TO FILL IN THE "INPUT SHEET"
C41: • Monetary values should be expressed in Euro. If national currencies were the basis to calculate these values, you MUST specify in the 'Comments' section which exchange rate was used.
C43: • When filling in the Input Sheet(s), absolute values should be used. In the case of avoided investment costs (Section investment costs) and costs savings (Section OPEX), please encode these savings with a negative sign.
C45: • Real (constant) values should be used in the Financial Information File and the Simplified Business Plan. However, should current (nominal) values have been used, the inflation rate considered should be specified
C46: in the 'Comments' box at the bottom of the Input Sheet(s).
... C50: • In this section, a visual presentation of the boxes to be filled in (with inputs below solely for illustration purposes !) is provided together with guidance concerning the values to be used.
D53: Financial Discount Rate (%) | H53: 0.04 | K53: Cell C21 of Financial Analysis tab | L53: Please specify the Financial Discount Rate used in the Financial Analysis sheet. This will be applied as a constant from the year following the application submission year for the whole reference period. The benchmark Discount Rate is 4%. Nevertheless, applicants may use a different rate to reflect either i) an applicable national benchmark accepted in their Member State, or ii) the interest rate applicable to the financing by the lender. In both cases, the applicant must provide a justification as to the level of the discount rate in the Simplified Business Plan (Section "Investment Costs"). Please also ensure alignment of the discount rate with the use of constant or real values in the spreadsheet (See "How to fill in the Input Sheet" above). It is not possible to insert text or negative values in this cell.
L56: Please also ensure alignment of the discount rate with the use of constant or real values in the spreadsheet (See "How to fill in the Input Sheet" above).
L58: It is not possible to insert text or negative values in this cell.
D61: Reference period (n of years) | H61: 20 | K61: Cell G11 of Input Sheet(s) | L61: Please choose a time reference from the drop-down list. The number of years should not be shorter than 5 years or longer than 50 years. For projects with a very long economic life, it is recommended to calculate a residual value that can take into consideration the potential of the years exceeding year 50.
I64: 2 | L64: The reference period to be used in this template is the economic life of the project and it should include both the development, construction and the operational phases.
L65: Note that this value will define the number of columns in both the Financial Analysis sheet and the Input Sheet(s). In particular, columns beyond the reference period (after the year encoded in Cell G13) can still be filled but will appear with a strikethrough effect showing that those values are not taken into consideration in the analysis.
F66: 2 | H66: 2
L68: It is not possible to insert text or values different from numbers between 5 and 50.
D71: First year (Submission date) | H71: 2025 | K71: Cell G12 of Input Sheet(s) | L71: The first year of the reference period is the Submission date. Please use a line for each major categories (by nature) of Capex that you may itemize. If however, for a given category of costs, some of the costs have already been disbursed at the time of application, please use 2 different lines for the relevant category and proceed as follows: In the first line, please report solely in first year (Submission date) only the costs already paid before the date of the application (“i”), then use the second line (with same heading) and report in this line year by year (including the year of Submission date if relevant) only the costs that are anticipated after the submission date. For cost referred to in "i" above , indicate in the comment box of the relevant Input sheet, WHEN those costs started.

Sheet Budget Table Calculator
BG1: -0000-XX-W-M-2X | BH1: 5
BG2: Business Plan | BH2: 6
D3: JTM - PUBLIC SECTOR LOAN FACILITY | BG3: CBA | BH3: 7
M4: Year of application submission | BG4: CBCA | BH4: 8
D5: =CONCATENATE("Project Number: ","") -> Project Number: | M5: 2026 | BG5: Form A | BH5: 9
BG6: Form D | BH6: 10
BG7: Others | BH7: 11
B8: =+COUNTIF(B9:B20,"Ok") -> 2 | E8: 1 | H8: 3 | J8: 4 | K8: 5 | L8: 6 | M8: 7 | N8: 8 | O8: 9 | P8: 10 | Q8: 11 | R8: 12 | S8: 13 | T8: 14 | U8: 15 | V8: 16 | W8: 17 | X8: 18 | Y8: 19 | Z8: 20 | AA8: 21 | AB8: 22 | AC8: 23 | AD8: 24 | AE8: 25 | AF8: 26 | AG8: 27 | AH8: 28 | AI8: 29 | AJ8: 30 | AK8: 31 | AL8: 32 | AM8: 33 | BH8: 12
B9: REQUESTED GRANT AMOUNT
B10: =IF(COUNTIF(J13,"Warning")>0,"Please Correct","Ok") -> Ok
D12: Lender | G12: EIB | I12: EIB
D13: Loan size under the Facility | I13: Financial Intermediary | J13: =IF(OR(ISTEXT(G13),G13<0),"Warning","")
D14: Grant rate (15% or 25%)
D15: Other Grant Rate
D16: Requested grant amount | G16: =G13 * IF(G14="Other",G15,G14) -> 0
B17: =IF(OR(C16<0%,C16>75%,ISTEXT(C16)),"Warning","")
B19: SOURCES OF FINANCING
B20: =IF(COUNTIF(J23:J28,"Warning")>0,"Please Correct","Ok") -> Ok
D22: =CONCATENATE(G12,"Loan size under the Facility") -> EIBLoan size under the Facility | G22: =G13 -> 0 | I22: EIB
D23: Other loans (non PSLF) | I23: Financial Intermediary | J23: =IF(OR(ISTEXT(G23),G23<0),"Warning","")
D24: Third party equity | I24: 0.15 | J24: =IF(OR(ISTEXT(G24),G24<0),"Warning","")
D25: Own resources | I25: 0.25 | J25: =IF(OR(ISTEXT(G25),G25<0),"Warning","")
D26: Requested grant amount | G26: =G16 -> 0
D27: Other grants (non PSLF)
D28: Total sources of financing | G28: =SUM(G22:H27) -> 0 | J28: =IF(G28<>K28,"Warning*","") | K28: =SUM('Input Sheet 1'!H31,'Input Sheet 2'!H31,'Input Sheet 3'!H31,'Input Sheet 4'!H31,'Input Sheet 5'!H31,'Input Sheet 6'!H31,'Input Sheet 7'!H31,'Input Sheet 8'!H31,'Input Sheet 9'!H31,'Input Sheet 10'!H31) -> 0 | L28: Total investment
B29: =IF(OR(C25<0%,C25>75%,ISTEXT(C25)),"Warning","") | J29: =IF(G28<>K28,"* Total amount of funding sources is different than the total investment costs","")
B31: APPLICANT COMMENTS
C33: Comments

Sheet Input Sheet 1
D3: JTM - PUBLIC SECTOR LOAN FACILITY
D5: =CONCATENATE("Project Number: ","") -> Project Number: | G5: =+Project_Number -> 0
B8: =+COUNTIF(B10:B108,"Ok") -> 4
B9: MAIN ASSUMPTIONS OF THE ANALYSIS
B10: =IF(COUNTIF(I11:I13,"Warning")>0,"Please Correct","Ok") -> Ok
D11: Reference period (n of years) | G11: 5 | I11: =IF(OR(G11<0,ISTEXT(G11)),"Warning","")
D12: First year (Start of Project) | G12: ='Budget Table Calculator'!$M$5 -> 2026 | I12: =IF(OR(G12<'Budget Table Calculator'!$M$5,ISTEXT(G12)),"Warning","")
D13: Last year in the reference | G13: =+G12+G11-1 -> 2030
B15: INVESTMENT COSTS
B16: =IF(COUNTIF(B20:G40,"Warning")>0,"Please Correct","Ok") -> Ok
C17: Initial investment
J18: =IF($G$13>=J19,1,0) -> 1 | K18: =IF($G$13>=K19,1,0) -> 1 | L18: =IF($G$13>=L19,1,0) -> 1 | M18: =IF($G$13>=M19,1,0) -> 1 | N18: =IF($G$13>=N19,1,0) -> 1 | O18: =IF($G$13>=O19,1,0) -> 0 | P18: =IF($G$13>=P19,1,0) -> 0 | Q18: =IF($G$13>=Q19,1,0) -> 0 | ... DE18: =IF($G$13>=DE19,1,0) -> 0
C19: Capital expenditure item/category (see Notice tab - cell L71) | H19: Total | J19: ='Budget Table Calculator'!$M$5 -> 2026 | K19: =+J19+1 -> 2027 | L19: =+K19+1 -> 2028 | M19: =+L19+1 -> 2029 | N19: =+M19+1 -> 2030 | O19: =+N19+1 -> 2031 | P19: =+O19+1 -> 2032 | Q19: =+P19+1 -> 2033 | R19: =+Q19+1 -> 2034 | ... DE19: =+DD19+1 -> 2125
G20: =IF(COUNTIFS(J$18:DE$18,1,J20:DE20,"*")>0,"Warning","") | H20: =+SUMPRODUCT(J$18:DE$18,J20:DE20) -> 0
G21: =IF(COUNTIFS(J$18:DE$18,1,J21:DE21,"*")>0,"Warning","") | H21: =+SUMPRODUCT(J$18:DE$18,J21:DE21) -> 0
G22: =IF(COUNTIFS(J$18:DE$18,1,J22:DE22,"*")>0,"Warning","") | H22: =+SUMPRODUCT(J$18:DE$18,J22:DE22) -> 0
G23: =IF(COUNTIFS(J$18:DE$18,1,J23:DE23,"*")>0,"Warning","") | H23: =+SUMPRODUCT(J$18:DE$18,J23:DE23) -> 0
G24: =IF(COUNTIFS(J$18:DE$18,1,J24:DE24,"*")>0,"Warning","") | H24: =+SUMPRODUCT(J$18:DE$18,J24:DE24) -> 0
G25: =IF(COUNTIFS(J$18:DE$18,1,J25:DE25,"*")>0,"Warning","") | H25: =+SUMPRODUCT(J$18:DE$18,J25:DE25) -> 0
G26: =IF(COUNTIFS(J$18:DE$18,1,J26:DE26,"*")>0,"Warning","") | H26: =+SUMPRODUCT(J$18:DE$18,J26:DE26) -> 0
G27: =IF(COUNTIFS(J$18:DE$18,1,J27:DE27,"*")>0,"Warning","") | H27: =+SUMPRODUCT(J$18:DE$18,J27:DE27) -> 0
G28: =IF(COUNTIFS(J$18:DE$18,1,J28:DE28,"*")>0,"Warning","") | H28: =+SUMPRODUCT(J$18:DE$18,J28:DE28) -> 0
G29: =IF(COUNTIFS(J$18:DE$18,1,J29:DE29,"*")>0,"Warning","") | H29: =+SUMPRODUCT(J$18:DE$18,J29:DE29) -> 0
H30: Total
G31: =IF(COUNTIFS(J$18:DE$18,1,J31:DE31,"*")>0,"Warning","") | H31: =+SUMPRODUCT(J$18:DE$18,J31:DE31) -> 0 | J31: =SUM(J20:J29) * J$18 -> 0 | K31: =SUM(K20:K29) * K$18 -> 0 | L31: =SUM(L20:L29) * L$18 -> 0 | M31: =SUM(M20:M29) * M$18 -> 0 | N31: =SUM(N20:N29) * N$18 -> 0 | O31: =SUM(O20:O29) * O$18 -> 0 | P31: =SUM(P20:P29) * P$18 -> 0 | Q31: =SUM(Q20:Q29) * Q$18 -> 0 | ... DE31: =SUM(DE20:DE29) * DE$18 -> 0
C33: Replacement costs
H34: Total | J34: ='Budget Table Calculator'!$M$5 -> 2026 | K34: =+J34+1 -> 2027 | L34: =+K34+1 -> 2028 | M34: =+L34+1 -> 2029 | N34: =+M34+1 -> 2030 | O34: =+N34+1 -> 2031 | P34: =+O34+1 -> 2032 | Q34: =+P34+1 -> 2033 | R34: =+Q34+1 -> 2034 | ... DE34: =+DD34+1 -> 2125
C35: Replacement costs | G35: =IF(OR(COUNTIFS(J$18:DE$18,1,J35:DE35,"<0")>0,COUNTIFS(J$18:DE$18,1,J35:DE35,"*")>0),"Warning","") | H35: =+SUMPRODUCT(J$18:DE$18,J35:DE35) -> 0
C38: Residual value
D39: Year | E39: =+G13 -> 2030
D40: Amount | G40: =IF(OR(ISTEXT(E40),E40<0),"Warning","")
B43: OPERATING EXPENSES
B44: =IF(COUNTIF(B47:H56,"Warning")>0,"Please Correct","Ok") -> Ok
C46: Service name | G46: Unit cost | I46: Unit of measure | J46: ='Budget Table Calculator'!$M$5 -> 2026 | K46: =J46+1 -> 2027 | L46: =K46+1 -> 2028 | M46: =L46+1 -> 2029 | N46: =M46+1 -> 2030 | O46: =N46+1 -> 2031 | P46: =O46+1 -> 2032 | Q46: =P46+1 -> 2033 | R46: =Q46+1 -> 2034 | ... DE46: =DD46+1 -> 2125
H47: =IF(OR(COUNTIFS(J$18:DE$18,1,J47:DE47,"<0")>0,COUNTIFS(J$18:DE$18,1,J47:DE47,"*")>0,ISNUMBER(I47),COUNTIF(G47,"*")>0,COUNTIF(G47,"*")>0,AND(COUNTIFS(J$18:DE$18,1,J47:DE47,">0"),ISBLANK(G47))),"Warning","")
H48: =IF(OR(COUNTIFS(J$18:DE$18,1,J48:DE48,"<0")>0,COUNTIFS(J$18:DE$18,1,J48:DE48,"*")>0,ISNUMBER(I48),COUNTIF(G48,"*")>0,COUNTIF(G48,"*")>0,AND(COUNTIFS(J$18:DE$18,1,J48:DE48,">0"),ISBLANK(G48))),"Warning","")
H49: =IF(OR(COUNTIFS(J$18:DE$18,1,J49:DE49,"<0")>0,COUNTIFS(J$18:DE$18,1,J49:DE49,"*")>0,ISNUMBER(I49),COUNTIF(G49,"*")>0,COUNTIF(G49,"*")>0,AND(COUNTIFS(J$18:DE$18,1,J49:DE49,">0"),ISBLANK(G49))),"Warning","")
H50: =IF(OR(COUNTIFS(J$18:DE$18,1,J50:DE50,"<0")>0,COUNTIFS(J$18:DE$18,1,J50:DE50,"*")>0,ISNUMBER(I50),COUNTIF(G50,"*")>0,COUNTIF(G50,"*")>0,AND(COUNTIFS(J$18:DE$18,1,J50:DE50,">0"),ISBLANK(G50))),"Warning","")
H51: =IF(OR(COUNTIFS(J$18:DE$18,1,J51:DE51,"<0")>0,COUNTIFS(J$18:DE$18,1,J51:DE51,"*")>0,ISNUMBER(I51),COUNTIF(G51,"*")>0,COUNTIF(G51,"*")>0,AND(COUNTIFS(J$18:DE$18,1,J51:DE51,">0"),ISBLANK(G51))),"Warning","")
H52: =IF(OR(COUNTIFS(J$18:DE$18,1,J52:DE52,"<0")>0,COUNTIFS(J$18:DE$18,1,J52:DE52,"*")>0,ISNUMBER(I52),COUNTIF(G52,"*")>0,COUNTIF(G52,"*")>0,AND(COUNTIFS(J$18:DE$18,1,J52:DE52,">0"),ISBLANK(G52))),"Warning","")
H53: =IF(OR(COUNTIFS(J$18:DE$18,1,J53:DE53,"<0")>0,COUNTIFS(J$18:DE$18,1,J53:DE53,"*")>0,ISNUMBER(I53),COUNTIF(G53,"*")>0,COUNTIF(G53,"*")>0,AND(COUNTIFS(J$18:DE$18,1,J53:DE53,">0"),ISBLANK(G53))),"Warning","")
H54: =IF(OR(COUNTIFS(J$18:DE$18,1,J54:DE54,"<0")>0,COUNTIFS(J$18:DE$18,1,J54:DE54,"*")>0,ISNUMBER(I54),COUNTIF(G54,"*")>0,COUNTIF(G54,"*")>0,AND(COUNTIFS(J$18:DE$18,1,J54:DE54,">0"),ISBLANK(G54))),"Warning","")
H55: =IF(OR(COUNTIFS(J$18:DE$18,1,J55:DE55,"<0")>0,COUNTIFS(J$18:DE$18,1,J55:DE55,"*")>0,ISNUMBER(I55),COUNTIF(G55,"*")>0,COUNTIF(G55,"*")>0,AND(COUNTIFS(J$18:DE$18,1,J55:DE55,">0"),ISBLANK(G55))),"Warning","")
H56: =IF(OR(COUNTIFS(J$18:DE$18,1,J56:DE56,"<0")>0,COUNTIFS(J$18:DE$18,1,J56:DE56,"*")>0,ISNUMBER(I56),COUNTIF(G56,"*")>0,COUNTIF(G56,"*")>0,AND(COUNTIFS(J$18:DE$18,1,J56:DE56,">0"),ISBLANK(G56))),"Warning","")
H57: Total
C58: =IF(ISBLANK(C47),"",C47) | H58: =+SUMPRODUCT(J$18:DE$18,J58:DE58) -> 0 | J58: =IFERROR(IF(J47="","",$G47*J47),"") | K58: =IFERROR(IF(K47="","",$G47*K47),"") | L58: =IFERROR(IF(L47="","",$G47*L47),"") | M58: =IFERROR(IF(M47="","",$G47*M47),"") | N58: =IFERROR(IF(N47="","",$G47*N47),"") | O58: =IFERROR(IF(O47="","",$G47*O47),"") | P58: =IFERROR(IF(P47="","",$G47*P47),"") | Q58: =IFERROR(IF(Q47="","",$G47*Q47),"") | ... DE58: =IFERROR(IF(DE47="","",$G47*DE47),"")
C59: =IF(ISBLANK(C48),"",C48) | H59: =+SUMPRODUCT(J$18:DE$18,J59:DE59) -> 0 | J59: =IFERROR(IF(J48="","",$G48*J48),"") | K59: =IFERROR(IF(K48="","",$G48*K48),"") | L59: =IFERROR(IF(L48="","",$G48*L48),"") | M59: =IFERROR(IF(M48="","",$G48*M48),"") | N59: =IFERROR(IF(N48="","",$G48*N48),"") | O59: =IFERROR(IF(O48="","",$G48*O48),"") | P59: =IFERROR(IF(P48="","",$G48*P48),"") | Q59: =IFERROR(IF(Q48="","",$G48*Q48),"") | ... DE59: =IFERROR(IF(DE48="","",$G48*DE48),"")
C60: =IF(ISBLANK(C49),"",C49) | H60: =+SUMPRODUCT(J$18:DE$18,J60:DE60) -> 0 | J60: =IFERROR(IF(J49="","",$G49*J49),"") | K60: =IFERROR(IF(K49="","",$G49*K49),"") | L60: =IFERROR(IF(L49="","",$G49*L49),"") | M60: =IFERROR(IF(M49="","",$G49*M49),"") | N60: =IFERROR(IF(N49="","",$G49*N49),"") | O60: =IFERROR(IF(O49="","",$G49*O49),"") | P60: =IFERROR(IF(P49="","",$G49*P49),"") | Q60: =IFERROR(IF(Q49="","",$G49*Q49),"") | ... DE60: =IFERROR(IF(DE49="","",$G49*DE49),"")
C61: =IF(ISBLANK(C50),"",C50) | H61: =+SUMPRODUCT(J$18:DE$18,J61:DE61) -> 0 | J61: =IFERROR(IF(J50="","",$G50*J50),"") | K61: =IFERROR(IF(K50="","",$G50*K50),"") | L61: =IFERROR(IF(L50="","",$G50*L50),"") | M61: =IFERROR(IF(M50="","",$G50*M50),"") | N61: =IFERROR(IF(N50="","",$G50*N50),"") | O61: =IFERROR(IF(O50="","",$G50*O50),"") | P61: =IFERROR(IF(P50="","",$G50*P50),"") | Q61: =IFERROR(IF(Q50="","",$G50*Q50),"") | ... DE61: =IFERROR(IF(DE50="","",$G50*DE50),"")
C62: =IF(ISBLANK(C51),"",C51) | H62: =+SUMPRODUCT(J$18:DE$18,J62:DE62) -> 0 | J62: =IFERROR(IF(J51="","",$G51*J51),"") | K62: =IFERROR(IF(K51="","",$G51*K51),"") | L62: =IFERROR(IF(L51="","",$G51*L51),"") | M62: =IFERROR(IF(M51="","",$G51*M51),"") | N62: =IFERROR(IF(N51="","",$G51*N51),"") | O62: =IFERROR(IF(O51="","",$G51*O51),"") | P62: =IFERROR(IF(P51="","",$G51*P51),"") | Q62: =IFERROR(IF(Q51="","",$G51*Q51),"") | ... DE62: =IFERROR(IF(DE51="","",$G51*DE51),"")
C63: =IF(ISBLANK(C52),"",C52) | H63: =+SUMPRODUCT(J$18:DE$18,J63:DE63) -> 0 | J63: =IFERROR(IF(J52="","",$G52*J52),"") | K63: =IFERROR(IF(K52="","",$G52*K52),"") | L63: =IFERROR(IF(L52="","",$G52*L52),"") | M63: =IFERROR(IF(M52="","",$G52*M52),"") | N63: =IFERROR(IF(N52="","",$G52*N52),"") | O63: =IFERROR(IF(O52="","",$G52*O52),"") | P63: =IFERROR(IF(P52="","",$G52*P52),"") | Q63: =IFERROR(IF(Q52="","",$G52*Q52),"") | ... DE63: =IFERROR(IF(DE52="","",$G52*DE52),"")
C64: =IF(ISBLANK(C53),"",C53) | H64: =+SUMPRODUCT(J$18:DE$18,J64:DE64) -> 0 | J64: =IFERROR(IF(J53="","",$G53*J53),"") | K64: =IFERROR(IF(K53="","",$G53*K53),"") | L64: =IFERROR(IF(L53="","",$G53*L53),"") | M64: =IFERROR(IF(M53="","",$G53*M53),"") | N64: =IFERROR(IF(N53="","",$G53*N53),"") | O64: =IFERROR(IF(O53="","",$G53*O53),"") | P64: =IFERROR(IF(P53="","",$G53*P53),"") | Q64: =IFERROR(IF(Q53="","",$G53*Q53),"") | ... DE64: =IFERROR(IF(DE53="","",$G53*DE53),"")
C65: =IF(ISBLANK(C54),"",C54) | H65: =+SUMPRODUCT(J$18:DE$18,J65:DE65) -> 0 | J65: =IFERROR(IF(J54="","",$G54*J54),"") | K65: =IFERROR(IF(K54="","",$G54*K54),"") | L65: =IFERROR(IF(L54="","",$G54*L54),"") | M65: =IFERROR(IF(M54="","",$G54*M54),"") | N65: =IFERROR(IF(N54="","",$G54*N54),"") | O65: =IFERROR(IF(O54="","",$G54*O54),"") | P65: =IFERROR(IF(P54="","",$G54*P54),"") | Q65: =IFERROR(IF(Q54="","",$G54*Q54),"") | ... DE65: =IFERROR(IF(DE54="","",$G54*DE54),"")
C66: =IF(ISBLANK(C55),"",C55) | H66: =+SUMPRODUCT(J$18:DE$18,J66:DE66) -> 0 | J66: =IFERROR(IF(J55="","",$G55*J55),"") | K66: =IFERROR(IF(K55="","",$G55*K55),"") | L66: =IFERROR(IF(L55="","",$G55*L55),"") | M66: =IFERROR(IF(M55="","",$G55*M55),"") | N66: =IFERROR(IF(N55="","",$G55*N55),"") | O66: =IFERROR(IF(O55="","",$G55*O55),"") | P66: =IFERROR(IF(P55="","",$G55*P55),"") | Q66: =IFERROR(IF(Q55="","",$G55*Q55),"") | ... DE66: =IFERROR(IF(DE55="","",$G55*DE55),"")
C67: =IF(ISBLANK(C56),"",C56) | H67: =+SUMPRODUCT(J$18:DE$18,J67:DE67) -> 0 | J67: =IFERROR(IF(J56="","",$G56*J56),"") | K67: =IFERROR(IF(K56="","",$G56*K56),"") | L67: =IFERROR(IF(L56="","",$G56*L56),"") | M67: =IFERROR(IF(M56="","",$G56*M56),"") | N67: =IFERROR(IF(N56="","",$G56*N56),"") | O67: =IFERROR(IF(O56="","",$G56*O56),"") | P67: =IFERROR(IF(P56="","",$G56*P56),"") | Q67: =IFERROR(IF(Q56="","",$G56*Q56),"") | ... DE67: =IFERROR(IF(DE56="","",$G56*DE56),"")
C68: Total operating expenses | H68: =+SUMPRODUCT(J$18:DE$18,J68:DE68) -> 0 | J68: =SUM(J58:J67)*J$18 -> 0 | K68: =SUM(K58:K67)*K$18 -> 0 | L68: =SUM(L58:L67)*L$18 -> 0 | M68: =SUM(M58:M67)*M$18 -> 0 | N68: =SUM(N58:N67)*N$18 -> 0 | O68: =SUM(O58:O67)*O$18 -> 0 | P68: =SUM(P58:P67)*P$18 -> 0 | Q68: =SUM(Q58:Q67)*Q$18 -> 0 | ... DE68: =SUM(DE58:DE67)*DE$18 -> 0
J70: =IF(OR(COUNTIF(G47,"*")>0,AND(COUNT(J47:BG47)>0,ISBLANK(G47))),"Warning","")
B71: REVENUES
B72: =IF(COUNTIF(B75:I94,"Warning")>0,"Please Correct","Ok") -> Ok
C74: Revenue name | G74: Unit of measure | J74: ='Budget Table Calculator'!$M$5 -> 2026 | K74: =J74+1 -> 2027 | L74: =K74+1 -> 2028 | M74: =L74+1 -> 2029 | N74: =M74+1 -> 2030 | O74: =N74+1 -> 2031 | P74: =O74+1 -> 2032 | Q74: =P74+1 -> 2033 | R74: =Q74+1 -> 2034 | ... DE74: =DD74+1 -> 2125
I75: =IF(OR(COUNTIFS(J$18:DE$18,1,J75:DE75,"<0")>0,COUNTIFS(J$18:DE$18,1,J75:DE75,"*")>0),"Warning","Quantity") -> Quantity
I76: {=IF(OR(IF(J$18:DE$18=1,ISNUMBER(J76:DE76)<>ISNUMBER(J75:DE75),0),COUNTIFS(J$18:DE$18,1,J76:DE76,"*")>0),"Warning","Unit price")} -> Unit price
I77: =IF(OR(COUNTIFS(J$18:DE$18,1,J77:DE77,"<0")>0,COUNTIFS(J$18:DE$18,1,J77:DE77,"*")>0),"Warning","Quantity") -> Quantity
I78: {=IF(OR(IF(J$18:DE$18=1,ISNUMBER(J78:DE78)<>ISNUMBER(J77:DE77),0),COUNTIFS(J$18:DE$18,1,J78:DE78,"*")>0),"Warning","Unit price")} -> Unit price
I79: =IF(OR(COUNTIFS(J$18:DE$18,1,J79:DE79,"<0")>0,COUNTIFS(J$18:DE$18,1,J79:DE79,"*")>0),"Warning","Quantity") -> Quantity
I80: {=IF(OR(IF(J$18:DE$18=1,ISNUMBER(J80:DE80)<>ISNUMBER(J79:DE79),0),COUNTIFS(J$18:DE$18,1,J80:DE80,"*")>0),"Warning","Unit price")} -> Unit price
I81: =IF(OR(COUNTIFS(J$18:DE$18,1,J81:DE81,"<0")>0,COUNTIFS(J$18:DE$18,1,J81:DE81,"*")>0),"Warning","Quantity") -> Quantity
I82: {=IF(OR(IF(J$18:DE$18=1,ISNUMBER(J82:DE82)<>ISNUMBER(J81:DE81),0),COUNTIFS(J$18:DE$18,1,J82:DE82,"*")>0),"Warning","Unit price")} -> Unit price
I83: =IF(OR(COUNTIFS(J$18:DE$18,1,J83:DE83,"<0")>0,COUNTIFS(J$18:DE$18,1,J83:DE83,"*")>0),"Warning","Quantity") -> Quantity
I84: {=IF(OR(IF(J$18:DE$18=1,ISNUMBER(J84:DE84)<>ISNUMBER(J83:DE83),0),COUNTIFS(J$18:DE$18,1,J84:DE84,"*")>0),"Warning","Unit price")} -> Unit price
I85: =IF(OR(COUNTIFS(J$18:DE$18,1,J85:DE85,"<0")>0,COUNTIFS(J$18:DE$18,1,J85:DE85,"*")>0),"Warning","Quantity") -> Quantity
I86: {=IF(OR(IF(J$18:DE$18=1,ISNUMBER(J86:DE86)<>ISNUMBER(J85:DE85),0),COUNTIFS(J$18:DE$18,1,J86:DE86,"*")>0),"Warning","Unit price")} -> Unit price
I87: =IF(OR(COUNTIFS(J$18:DE$18,1,J87:DE87,"<0")>0,COUNTIFS(J$18:DE$18,1,J87:DE87,"*")>0),"Warning","Quantity") -> Quantity
I88: {=IF(OR(IF(J$18:DE$18=1,ISNUMBER(J88:DE88)<>ISNUMBER(J87:DE87),0),COUNTIFS(J$18:DE$18,1,J88:DE88,"*")>0),"Warning","Unit price")} -> Unit price
I89: =IF(OR(COUNTIFS(J$18:DE$18,1,J89:DE89,"<0")>0,COUNTIFS(J$18:DE$18,1,J89:DE89,"*")>0),"Warning","Quantity") -> Quantity
I90: {=IF(OR(IF(J$18:DE$18=1,ISNUMBER(J90:DE90)<>ISNUMBER(J89:DE89),0),COUNTIFS(J$18:DE$18,1,J90:DE90,"*")>0),"Warning","Unit price")} -> Unit price
I91: =IF(OR(COUNTIFS(J$18:DE$18,1,J91:DE91,"<0")>0,COUNTIFS(J$18:DE$18,1,J91:DE91,"*")>0),"Warning","Quantity") -> Quantity
I92: {=IF(OR(IF(J$18:DE$18=1,ISNUMBER(J92:DE92)<>ISNUMBER(J91:DE91),0),COUNTIFS(J$18:DE$18,1,J92:DE92,"*")>0),"Warning","Unit price")} -> Unit price
I93: =IF(OR(COUNTIFS(J$18:DE$18,1,J93:DE93,"<0")>0,COUNTIFS(J$18:DE$18,1,J93:DE93,"*")>0),"Warning","Quantity") -> Quantity
I94: {=IF(OR(IF(J$18:DE$18=1,ISNUMBER(J94:DE94)<>ISNUMBER(J93:DE93),0),COUNTIFS(J$18:DE$18,1,J94:DE94,"*")>0),"Warning","Unit price")} -> Unit price
H95: Total
C96: =IF(ISBLANK(C75),"",C75) | H96: =+SUMPRODUCT(J$18:DE$18,J96:DE96) -> 0 | J96: =IFERROR(IF(J75="","",J75*J76),"") | K96: =IFERROR(IF(K75="","",K75*K76),"") | L96: =IFERROR(IF(L75="","",L75*L76),"") | M96: =IFERROR(IF(M75="","",M75*M76),"") | N96: =IFERROR(IF(N75="","",N75*N76),"") | O96: =IFERROR(IF(O75="","",O75*O76),"") | P96: =IFERROR(IF(P75="","",P75*P76),"") | Q96: =IFERROR(IF(Q75="","",Q75*Q76),"") | ... DE96: =IFERROR(IF(DE75="","",DE75*DE76),"")
C97: =IF(ISBLANK(C77),"",C77) | H97: =+SUMPRODUCT(J$18:DE$18,J97:DE97) -> 0 | J97: =IFERROR(IF(J77="","",J77*J78),"") | K97: =IFERROR(IF(K77="","",K77*K78),"") | L97: =IFERROR(IF(L77="","",L77*L78),"") | M97: =IFERROR(IF(M77="","",M77*M78),"") | N97: =IFERROR(IF(N77="","",N77*N78),"") | O97: =IFERROR(IF(O77="","",O77*O78),"") | P97: =IFERROR(IF(P77="","",P77*P78),"") | Q97: =IFERROR(IF(Q77="","",Q77*Q78),"") | ... DE97: =IFERROR(IF(DE77="","",DE77*DE78),"")
C98: =IF(ISBLANK(C79),"",C79) | H98: =+SUMPRODUCT(J$18:DE$18,J98:DE98) -> 0 | J98: =IFERROR(IF(J79="","",J79*J80),"") | K98: =IFERROR(IF(K79="","",K79*K80),"") | L98: =IFERROR(IF(L79="","",L79*L80),"") | M98: =IFERROR(IF(M79="","",M79*M80),"") | N98: =IFERROR(IF(N79="","",N79*N80),"") | O98: =IFERROR(IF(O79="","",O79*O80),"") | P98: =IFERROR(IF(P79="","",P79*P80),"") | Q98: =IFERROR(IF(Q79="","",Q79*Q80),"") | ... DE98: =IFERROR(IF(DE79="","",DE79*DE80),"")
C99: =IF(ISBLANK(C81),"",C81) | H99: =+SUMPRODUCT(J$18:DE$18,J99:DE99) -> 0 | J99: =IFERROR(IF(J81="","",J81*J82),"") | K99: =IFERROR(IF(K81="","",K81*K82),"") | L99: =IFERROR(IF(L81="","",L81*L82),"") | M99: =IFERROR(IF(M81="","",M81*M82),"") | N99: =IFERROR(IF(N81="","",N81*N82),"") | O99: =IFERROR(IF(O81="","",O81*O82),"") | P99: =IFERROR(IF(P81="","",P81*P82),"") | Q99: =IFERROR(IF(Q81="","",Q81*Q82),"") | ... DE99: =IFERROR(IF(DE81="","",DE81*DE82),"")
C100: =IF(ISBLANK(C83),"",C83) | H100: =+SUMPRODUCT(J$18:DE$18,J100:DE100) -> 0 | J100: =IFERROR(IF(J83="","",J83*J84),"") | K100: =IFERROR(IF(K83="","",K83*K84),"") | L100: =IFERROR(IF(L83="","",L83*L84),"") | M100: =IFERROR(IF(M83="","",M83*M84),"") | N100: =IFERROR(IF(N83="","",N83*N84),"") | O100: =IFERROR(IF(O83="","",O83*O84),"") | P100: =IFERROR(IF(P83="","",P83*P84),"") | Q100: =IFERROR(IF(Q83="","",Q83*Q84),"") | ... DE100: =IFERROR(IF(DE83="","",DE83*DE84),"")
C101: =IF(ISBLANK(C85),"",C85) | H101: =+SUMPRODUCT(J$18:DE$18,J101:DE101) -> 0 | J101: =IFERROR(IF(J85="","",J85*J86),"") | K101: =IFERROR(IF(K85="","",K85*K86),"") | L101: =IFERROR(IF(L85="","",L85*L86),"") | M101: =IFERROR(IF(M85="","",M85*M86),"") | N101: =IFERROR(IF(N85="","",N85*N86),"") | O101: =IFERROR(IF(O85="","",O85*O86),"") | P101: =IFERROR(IF(P85="","",P85*P86),"") | Q101: =IFERROR(IF(Q85="","",Q85*Q86),"") | ... DE101: =IFERROR(IF(DE85="","",DE85*DE86),"")
C102: =IF(ISBLANK(C87),"",C87) | H102: =+SUMPRODUCT(J$18:DE$18,J102:DE102) -> 0 | J102: =IFERROR(IF(J87="","",J87*J88),"") | K102: =IFERROR(IF(K87="","",K87*K88),"") | L102: =IFERROR(IF(L87="","",L87*L88),"") | M102: =IFERROR(IF(M87="","",M87*M88),"") | N102: =IFERROR(IF(N87="","",N87*N88),"") | O102: =IFERROR(IF(O87="","",O87*O88),"") | P102: =IFERROR(IF(P87="","",P87*P88),"") | Q102: =IFERROR(IF(Q87="","",Q87*Q88),"") | ... DE102: =IFERROR(IF(DE87="","",DE87*DE88),"")
C103: =IF(ISBLANK(C89),"",C89) | H103: =+SUMPRODUCT(J$18:DE$18,J103:DE103) -> 0 | J103: =IFERROR(IF(J89="","",J89*J90),"") | K103: =IFERROR(IF(K89="","",K89*K90),"") | L103: =IFERROR(IF(L89="","",L89*L90),"") | M103: =IFERROR(IF(M89="","",M89*M90),"") | N103: =IFERROR(IF(N89="","",N89*N90),"") | O103: =IFERROR(IF(O89="","",O89*O90),"") | P103: =IFERROR(IF(P89="","",P89*P90),"") | Q103: =IFERROR(IF(Q89="","",Q89*Q90),"") | ... DE103: =IFERROR(IF(DE89="","",DE89*DE90),"")
C104: =IF(ISBLANK(C91),"",C91) | H104: =+SUMPRODUCT(J$18:DE$18,J104:DE104) -> 0 | J104: =IFERROR(IF(J91="","",J91*J92),"") | K104: =IFERROR(IF(K91="","",K91*K92),"") | L104: =IFERROR(IF(L91="","",L91*L92),"") | M104: =IFERROR(IF(M91="","",M91*M92),"") | N104: =IFERROR(IF(N91="","",N91*N92),"") | O104: =IFERROR(IF(O91="","",O91*O92),"") | P104: =IFERROR(IF(P91="","",P91*P92),"") | Q104: =IFERROR(IF(Q91="","",Q91*Q92),"") | ... DE104: =IFERROR(IF(DE91="","",DE91*DE92),"")
C105: =IF(ISBLANK(C93),"",C93) | H105: =+SUMPRODUCT(J$18:DE$18,J105:DE105) -> 0 | J105: =IFERROR(IF(J93="","",J93*J94),"") | K105: =IFERROR(IF(K93="","",K93*K94),"") | L105: =IFERROR(IF(L93="","",L93*L94),"") | M105: =IFERROR(IF(M93="","",M93*M94),"") | N105: =IFERROR(IF(N93="","",N93*N94),"") | O105: =IFERROR(IF(O93="","",O93*O94),"") | P105: =IFERROR(IF(P93="","",P93*P94),"") | Q105: =IFERROR(IF(Q93="","",Q93*Q94),"") | ... DE105: =IFERROR(IF(DE93="","",DE93*DE94),"")
C106: Total revenues | H106: =+SUMPRODUCT(J$18:DE$18,J106:DE106) -> 0 | J106: =SUM(J96:J105)*J$18 -> 0 | K106: =SUM(K96:K105)*K$18 -> 0 | L106: =SUM(L96:L105)*L$18 -> 0 | M106: =SUM(M96:M105)*M$18 -> 0 | N106: =SUM(N96:N105)*N$18 -> 0 | O106: =SUM(O96:O105)*O$18 -> 0 | P106: =SUM(P96:P105)*P$18 -> 0 | Q106: =SUM(Q96:Q105)*Q$18 -> 0 | ... DE106: =SUM(DE96:DE105)*DE$18 -> 0
B109: APPLICANT COMMENTS
C111: Comments

Sheet Input Sheet 2
D3: JTM - PUBLIC SECTOR LOAN FACILITY
D5: =CONCATENATE("Project Number: ","") -> Project Number: | G5: =+Project_Number -> 0
B8: =+COUNTIF(B10:B108,"Ok") -> 4
B9: MAIN ASSUMPTIONS OF THE ANALYSIS
B10: =IF(COUNTIF(I11:I13,"Warning")>0,"Please Correct","Ok") -> Ok
D11: Reference period (n of years) | G11: 5 | I11: =IF(OR(G11<0,ISTEXT(G11)),"Warning","")
D12: First year (Start of Project) | G12: ='Budget Table Calculator'!$M$5 -> 2026 | I12: =IF(OR(G12<'Budget Table Calculator'!$M$5,ISTEXT(G12)),"Warning","")
D13: Last year in the reference | G13: =+G12+G11-1 -> 2030
B15: INVESTMENT COSTS
B16: =IF(COUNTIF(B20:G40,"Warning")>0,"Please Correct","Ok") -> Ok
C17: Initial investment
J18: =IF($G$13>=J19,1,0) -> 1 | K18: =IF($G$13>=K19,1,0) -> 1 | L18: =IF($G$13>=L19,1,0) -> 1 | M18: =IF($G$13>=M19,1,0) -> 1 | N18: =IF($G$13>=N19,1,0) -> 1 | O18: =IF($G$13>=O19,1,0) -> 0 | P18: =IF($G$13>=P19,1,0) -> 0 | Q18: =IF($G$13>=Q19,1,0) -> 0 | ... DE18: =IF($G$13>=DE19,1,0) -> 0
C19: Capital expenditure item/category (see Notice tab - cell L71) | H19: Total | J19: ='Budget Table Calculator'!$M$5 -> 2026 | K19: =+J19+1 -> 2027 | L19: =+K19+1 -> 2028 | M19: =+L19+1 -> 2029 | N19: =+M19+1 -> 2030 | O19: =+N19+1 -> 2031 | P19: =+O19+1 -> 2032 | Q19: =+P19+1 -> 2033 | R19: =+Q19+1 -> 2034 | ... DE19: =+DD19+1 -> 2125
G20: =IF(COUNTIFS(J$18:DE$18,1,J20:DE20,"*")>0,"Warning","") | H20: =+SUMPRODUCT(J$18:DE$18,J20:DE20) -> 0
G21: =IF(COUNTIFS(J$18:DE$18,1,J21:DE21,"*")>0,"Warning","") | H21: =+SUMPRODUCT(J$18:DE$18,J21:DE21) -> 0
G22: =IF(COUNTIFS(J$18:DE$18,1,J22:DE22,"*")>0,"Warning","") | H22: =+SUMPRODUCT(J$18:DE$18,J22:DE22) -> 0
G23: =IF(COUNTIFS(J$18:DE$18,1,J23:DE23,"*")>0,"Warning","") | H23: =+SUMPRODUCT(J$18:DE$18,J23:DE23) -> 0
G24: =IF(COUNTIFS(J$18:DE$18,1,J24:DE24,"*")>0,"Warning","") | H24: =+SUMPRODUCT(J$18:DE$18,J24:DE24) -> 0
G25: =IF(COUNTIFS(J$18:DE$18,1,J25:DE25,"*")>0,"Warning","") | H25: =+SUMPRODUCT(J$18:DE$18,J25:DE25) -> 0
G26: =IF(COUNTIFS(J$18:DE$18,1,J26:DE26,"*")>0,"Warning","") | H26: =+SUMPRODUCT(J$18:DE$18,J26:DE26) -> 0
G27: =IF(COUNTIFS(J$18:DE$18,1,J27:DE27,"*")>0,"Warning","") | H27: =+SUMPRODUCT(J$18:DE$18,J27:DE27) -> 0
G28: =IF(COUNTIFS(J$18:DE$18,1,J28:DE28,"*")>0,"Warning","") | H28: =+SUMPRODUCT(J$18:DE$18,J28:DE28) -> 0
G29: =IF(COUNTIFS(J$18:DE$18,1,J29:DE29,"*")>0,"Warning","") | H29: =+SUMPRODUCT(J$18:DE$18,J29:DE29) -> 0
H30: Total
G31: =IF(COUNTIFS(J$18:DE$18,1,J31:DE31,"*")>0,"Warning","") | H31: =+SUMPRODUCT(J$18:DE$18,J31:DE31) -> 0 | J31: =SUM(J20:J29) * J$18 -> 0 | K31: =SUM(K20:K29) * K$18 -> 0 | L31: =SUM(L20:L29) * L$18 -> 0 | M31: =SUM(M20:M29) * M$18 -> 0 | N31: =SUM(N20:N29) * N$18 -> 0 | O31: =SUM(O20:O29) * O$18 -> 0 | P31: =SUM(P20:P29) * P$18 -> 0 | Q31: =SUM(Q20:Q29) * Q$18 -> 0 | ... DE31: =SUM(DE20:DE29) * DE$18 -> 0
C33: Replacement costs
H34: Total | J34: ='Budget Table Calculator'!$M$5 -> 2026 | K34: =+J34+1 -> 2027 | L34: =+K34+1 -> 2028 | M34: =+L34+1 -> 2029 | N34: =+M34+1 -> 2030 | O34: =+N34+1 -> 2031 | P34: =+O34+1 -> 2032 | Q34: =+P34+1 -> 2033 | R34: =+Q34+1 -> 2034 | ... DE34: =+DD34+1 -> 2125
C35: Replacement costs | G35: =IF(OR(COUNTIFS(J$18:DE$18,1,J35:DE35,"<0")>0,COUNTIFS(J$18:DE$18,1,J35:DE35,"*")>0),"Warning","") | H35: =+SUMPRODUCT(J$18:DE$18,J35:DE35) -> 0
C38: Residual value
D39: Year | E39: =+G13 -> 2030
D40: Amount | G40: =IF(OR(ISTEXT(E40),E40<0),"Warning","")
B43: OPERATING EXPENSES
B44: =IF(COUNTIF(B47:H56,"Warning")>0,"Please Correct","Ok") -> Ok
C46: Service name | G46: Unit cost | I46: Unit of measure | J46: ='Budget Table Calculator'!$M$5 -> 2026 | K46: =J46+1 -> 2027 | L46: =K46+1 -> 2028 | M46: =L46+1 -> 2029 | N46: =M46+1 -> 2030 | O46: =N46+1 -> 2031 | P46: =O46+1 -> 2032 | Q46: =P46+1 -> 2033 | R46: =Q46+1 -> 2034 | ... DE46: =DD46+1 -> 2125
H47: =IF(OR(COUNTIFS(J$18:DE$18,1,J47:DE47,"<0")>0,COUNTIFS(J$18:DE$18,1,J47:DE47,"*")>0,ISNUMBER(I47),COUNTIF(G47,"*")>0,COUNTIF(G47,"*")>0,AND(COUNTIFS(J$18:DE$18,1,J47:DE47,">0"),ISBLANK(G47))),"Warning","")
H48: =IF(OR(COUNTIFS(J$18:DE$18,1,J48:DE48,"<0")>0,COUNTIFS(J$18:DE$18,1,J48:DE48,"*")>0,ISNUMBER(I48),COUNTIF(G48,"*")>0,COUNTIF(G48,"*")>0,AND(COUNTIFS(J$18:DE$18,1,J48:DE48,">0"),ISBLANK(G48))),"Warning","")
H49: =IF(OR(COUNTIFS(J$18:DE$18,1,J49:DE49,"<0")>0,COUNTIFS(J$18:DE$18,1,J49:DE49,"*")>0,ISNUMBER(I49),COUNTIF(G49,"*")>0,COUNTIF(G49,"*")>0,AND(COUNTIFS(J$18:DE$18,1,J49:DE49,">0"),ISBLANK(G49))),"Warning","")
H50: =IF(OR(COUNTIFS(J$18:DE$18,1,J50:DE50,"<0")>0,COUNTIFS(J$18:DE$18,1,J50:DE50,"*")>0,ISNUMBER(I50),COUNTIF(G50,"*")>0,COUNTIF(G50,"*")>0,AND(COUNTIFS(J$18:DE$18,1,J50:DE50,">0"),ISBLANK(G50))),"Warning","")
H51: =IF(OR(COUNTIFS(J$18:DE$18,1,J51:DE51,"<0")>0,COUNTIFS(J$18:DE$18,1,J51:DE51,"*")>0,ISNUMBER(I51),COUNTIF(G51,"*")>0,COUNTIF(G51,"*")>0,AND(COUNTIFS(J$18:DE$18,1,J51:DE51,">0"),ISBLANK(G51))),"Warning","")
H52: =IF(OR(COUNTIFS(J$18:DE$18,1,J52:DE52,"<0")>0,COUNTIFS(J$18:DE$18,1,J52:DE52,"*")>0,ISNUMBER(I52),COUNTIF(G52,"*")>0,COUNTIF(G52,"*")>0,AND(COUNTIFS(J$18:DE$18,1,J52:DE52,">0"),ISBLANK(G52))),"Warning","")
H53: =IF(OR(COUNTIFS(J$18:DE$18,1,J53:DE53,"<0")>0,COUNTIFS(J$18:DE$18,1,J53:DE53,"*")>0,ISNUMBER(I53),COUNTIF(G53,"*")>0,COUNTIF(G53,"*")>0,AND(COUNTIFS(J$18:DE$18,1,J53:DE53,">0"),ISBLANK(G53))),"Warning","")
H54: =IF(OR(COUNTIFS(J$18:DE$18,1,J54:DE54,"<0")>0,COUNTIFS(J$18:DE$18,1,J54:DE54,"*")>0,ISNUMBER(I54),COUNTIF(G54,"*")>0,COUNTIF(G54,"*")>0,AND(COUNTIFS(J$18:DE$18,1,J54:DE54,">0"),ISBLANK(G54))),"Warning","")
H55: =IF(OR(COUNTIFS(J$18:DE$18,1,J55:DE55,"<0")>0,COUNTIFS(J$18:DE$18,1,J55:DE55,"*")>0,ISNUMBER(I55),COUNTIF(G55,"*")>0,COUNTIF(G55,"*")>0,AND(COUNTIFS(J$18:DE$18,1,J55:DE55,">0"),ISBLANK(G55))),"Warning","")
H56: =IF(OR(COUNTIFS(J$18:DE$18,1,J56:DE56,"<0")>0,COUNTIFS(J$18:DE$18,1,J56:DE56,"*")>0,ISNUMBER(I56),COUNTIF(G56,"*")>0,COUNTIF(G56,"*")>0,AND(COUNTIFS(J$18:DE$18,1,J56:DE56,">0"),ISBLANK(G56))),"Warning","")
H57: Total
C58: =IF(ISBLANK(C47),"",C47) | H58: =+SUMPRODUCT(J$18:DE$18,J58:DE58) -> 0 | J58: =IFERROR(IF(J47="","",$G47*J47),"") | K58: =IFERROR(IF(K47="","",$G47*K47),"") | L58: =IFERROR(IF(L47="","",$G47*L47),"") | M58: =IFERROR(IF(M47="","",$G47*M47),"") | N58: =IFERROR(IF(N47="","",$G47*N47),"") | O58: =IFERROR(IF(O47="","",$G47*O47),"") | P58: =IFERROR(IF(P47="","",$G47*P47),"") | Q58: =IFERROR(IF(Q47="","",$G47*Q47),"") | ... DE58: =IFERROR(IF(DE47="","",$G47*DE47),"")
C59: =IF(ISBLANK(C48),"",C48) | H59: =+SUMPRODUCT(J$18:DE$18,J59:DE59) -> 0 | J59: =IFERROR(IF(J48="","",$G48*J48),"") | K59: =IFERROR(IF(K48="","",$G48*K48),"") | L59: =IFERROR(IF(L48="","",$G48*L48),"") | M59: =IFERROR(IF(M48="","",$G48*M48),"") | N59: =IFERROR(IF(N48="","",$G48*N48),"") | O59: =IFERROR(IF(O48="","",$G48*O48),"") | P59: =IFERROR(IF(P48="","",$G48*P48),"") | Q59: =IFERROR(IF(Q48="","",$G48*Q48),"") | ... DE59: =IFERROR(IF(DE48="","",$G48*DE48),"")
C60: =IF(ISBLANK(C49),"",C49) | H60: =+SUMPRODUCT(J$18:DE$18,J60:DE60) -> 0 | J60: =IFERROR(IF(J49="","",$G49*J49),"") | K60: =IFERROR(IF(K49="","",$G49*K49),"") | L60: =IFERROR(IF(L49="","",$G49*L49),"") | M60: =IFERROR(IF(M49="","",$G49*M49),"") | N60: =IFERROR(IF(N49="","",$G49*N49),"") | O60: =IFERROR(IF(O49="","",$G49*O49),"") | P60: =IFERROR(IF(P49="","",$G49*P49),"") | Q60: =IFERROR(IF(Q49="","",$G49*Q49),"") | ... DE60: =IFERROR(IF(DE49="","",$G49*DE49),"")
C61: =IF(ISBLANK(C50),"",C50) | H61: =+SUMPRODUCT(J$18:DE$18,J61:DE61) -> 0 | J61: =IFERROR(IF(J50="","",$G50*J50),"") | K61: =IFERROR(IF(K50="","",$G50*K50),"") | L61: =IFERROR(IF(L50="","",$G50*L50),"") | M61: =IFERROR(IF(M50="","",$G50*M50),"") | N61: =IFERROR(IF(N50="","",$G50*N50),"") | O61: =IFERROR(IF(O50="","",$G50*O50),"") | P61: =IFERROR(IF(P50="","",$G50*P50),"") | Q61: =IFERROR(IF(Q50="","",$G50*Q50),"") | ... DE61: =IFERROR(IF(DE50="","",$G50*DE50),"")
C62: =IF(ISBLANK(C51),"",C51) | H62: =+SUMPRODUCT(J$18:DE$18,J62:DE62) -> 0 | J62: =IFERROR(IF(J51="","",$G51*J51),"") | K62: =IFERROR(IF(K51="","",$G51*K51),"") | L62: =IFERROR(IF(L51="","",$G51*L51),"") | M62: =IFERROR(IF(M51="","",$G51*M51),"") | N62: =IFERROR(IF(N51="","",$G51*N51),"") | O62: =IFERROR(IF(O51="","",$G51*O51),"") | P62: =IFERROR(IF(P51="","",$G51*P51),"") | Q62: =IFERROR(IF(Q51="","",$G51*Q51),"") | ... DE62: =IFERROR(IF(DE51="","",$G51*DE51),"")
C63: =IF(ISBLANK(C52),"",C52) | H63: =+SUMPRODUCT(J$18:DE$18,J63:DE63) -> 0 | J63: =IFERROR(IF(J52="","",$G52*J52),"") | K63: =IFERROR(IF(K52="","",$G52*K52),"") | L63: =IFERROR(IF(L52="","",$G52*L52),"") | M63: =IFERROR(IF(M52="","",$G52*M52),"") | N63: =IFERROR(IF(N52="","",$G52*N52),"") | O63: =IFERROR(IF(O52="","",$G52*O52),"") | P63: =IFERROR(IF(P52="","",$G52*P52),"") | Q63: =IFERROR(IF(Q52="","",$G52*Q52),"") | ... DE63: =IFERROR(IF(DE52="","",$G52*DE52),"")
C64: =IF(ISBLANK(C53),"",C53) | H64: =+SUMPRODUCT(J$18:DE$18,J64:DE64) -> 0 | J64: =IFERROR(IF(J53="","",$G53*J53),"") | K64: =IFERROR(IF(K53="","",$G53*K53),"") | L64: =IFERROR(IF(L53="","",$G53*L53),"") | M64: =IFERROR(IF(M53="","",$G53*M53),"") | N64: =IFERROR(IF(N53="","",$G53*N53),"") | O64: =IFERROR(IF(O53="","",$G53*O53),"") | P64: =IFERROR(IF(P53="","",$G53*P53),"") | Q64: =IFERROR(IF(Q53="","",$G53*Q53),"") | ... DE64: =IFERROR(IF(DE53="","",$G53*DE53),"")
C65: =IF(ISBLANK(C54),"",C54) | H65: =+SUMPRODUCT(J$18:DE$18,J65:DE65) -> 0 | J65: =IFERROR(IF(J54="","",$G54*J54),"") | K65: =IFERROR(IF(K54="","",$G54*K54),"") | L65: =IFERROR(IF(L54="","",$G54*L54),"") | M65: =IFERROR(IF(M54="","",$G54*M54),"") | N65: =IFERROR(IF(N54="","",$G54*N54),"") | O65: =IFERROR(IF(O54="","",$G54*O54),"") | P65: =IFERROR(IF(P54="","",$G54*P54),"") | Q65: =IFERROR(IF(Q54="","",$G54*Q54),"") | ... DE65: =IFERROR(IF(DE54="","",$G54*DE54),"")
C66: =IF(ISBLANK(C55),"",C55) | H66: =+SUMPRODUCT(J$18:DE$18,J66:DE66) -> 0 | J66: =IFERROR(IF(J55="","",$G55*J55),"") | K66: =IFERROR(IF(K55="","",$G55*K55),"") | L66: =IFERROR(IF(L55="","",$G55*L55),"") | M66: =IFERROR(IF(M55="","",$G55*M55),"") | N66: =IFERROR(IF(N55="","",$G55*N55),"") | O66: =IFERROR(IF(O55="","",$G55*O55),"") | P66: =IFERROR(IF(P55="","",$G55*P55),"") | Q66: =IFERROR(IF(Q55="","",$G55*Q55),"") | ... DE66: =IFERROR(IF(DE55="","",$G55*DE55),"")
C67: =IF(ISBLANK(C56),"",C56) | H67: =+SUMPRODUCT(J$18:DE$18,J67:DE67) -> 0 | J67: =IFERROR(IF(J56="","",$G56*J56),"") | K67: =IFERROR(IF(K56="","",$G56*K56),"") | L67: =IFERROR(IF(L56="","",$G56*L56),"") | M67: =IFERROR(IF(M56="","",$G56*M56),"") | N67: =IFERROR(IF(N56="","",$G56*N56),"") | O67: =IFERROR(IF(O56="","",$G56*O56),"") | P67: =IFERROR(IF(P56="","",$G56*P56),"") | Q67: =IFERROR(IF(Q56="","",$G56*Q56),"") | ... DE67: =IFERROR(IF(DE56="","",$G56*DE56),"")
C68: Total operating expenses | H68: =+SUMPRODUCT(J$18:DE$18,J68:DE68) -> 0 | J68: =SUM(J58:J67)*J$18 -> 0 | K68: =SUM(K58:K67)*K$18 -> 0 | L68: =SUM(L58:L67)*L$18 -> 0 | M68: =SUM(M58:M67)*M$18 -> 0 | N68: =SUM(N58:N67)*N$18 -> 0 | O68: =SUM(O58:O67)*O$18 -> 0 | P68: =SUM(P58:P67)*P$18 -> 0 | Q68: =SUM(Q58:Q67)*Q$18 -> 0 | ... DE68: =SUM(DE58:DE67)*DE$18 -> 0
J70: =IF(OR(COUNTIF(G47,"*")>0,AND(COUNT(J47:BG47)>0,ISBLANK(G47))),"Warning","")
B71: REVENUES
B72: =IF(COUNTIF(B75:I94,"Warning")>0,"Please Correct","Ok") -> Ok
C74: Revenue name | G74: Unit of measure | J74: ='Budget Table Calculator'!$M$5 -> 2026 | K74: =J74+1 -> 2027 | L74: =K74+1 -> 2028 | M74: =L74+1 -> 2029 | N74: =M74+1 -> 2030 | O74: =N74+1 -> 2031 | P74: =O74+1 -> 2032 | Q74: =P74+1 -> 2033 | R74: =Q74+1 -> 2034 | ... DE74: =DD74+1 -> 2125
I75: =IF(OR(COUNTIFS(J$18:DE$18,1,J75:DE75,"<0")>0,COUNTIFS(J$18:DE$18,1,J75:DE75,"*")>0),"Warning","Quantity") -> Quantity
I76: {=IF(OR(IF(J$18:DE$18=1,ISNUMBER(J76:DE76)<>ISNUMBER(J75:DE75),0),COUNTIFS(J$18:DE$18,1,J76:DE76,"*")>0),"Warning","Unit price")} -> Unit price
I77: =IF(OR(COUNTIFS(J$18:DE$18,1,J77:DE77,"<0")>0,COUNTIFS(J$18:DE$18,1,J77:DE77,"*")>0),"Warning","Quantity") -> Quantity
I78: {=IF(OR(IF(J$18:DE$18=1,ISNUMBER(J78:DE78)<>ISNUMBER(J77:DE77),0),COUNTIFS(J$18:DE$18,1,J78:DE78,"*")>0),"Warning","Unit price")} -> Unit price
I79: =IF(OR(COUNTIFS(J$18:DE$18,1,J79:DE79,"<0")>0,COUNTIFS(J$18:DE$18,1,J79:DE79,"*")>0),"Warning","Quantity") -> Quantity
I80: {=IF(OR(IF(J$18:DE$18=1,ISNUMBER(J80:DE80)<>ISNUMBER(J79:DE79),0),COUNTIFS(J$18:DE$18,1,J80:DE80,"*")>0),"Warning","Unit price")} -> Unit price
I81: =IF(OR(COUNTIFS(J$18:DE$18,1,J81:DE81,"<0")>0,COUNTIFS(J$18:DE$18,1,J81:DE81,"*")>0),"Warning","Quantity") -> Quantity
I82: {=IF(OR(IF(J$18:DE$18=1,ISNUMBER(J82:DE82)<>ISNUMBER(J81:DE81),0),COUNTIFS(J$18:DE$18,1,J82:DE82,"*")>0),"Warning","Unit price")} -> Unit price
I83: =IF(OR(COUNTIFS(J$18:DE$18,1,J83:DE83,"<0")>0,COUNTIFS(J$18:DE$18,1,J83:DE83,"*")>0),"Warning","Quantity") -> Quantity
I84: {=IF(OR(IF(J$18:DE$18=1,ISNUMBER(J84:DE84)<>ISNUMBER(J83:DE83),0),COUNTIFS(J$18:DE$18,1,J84:DE84,"*")>0),"Warning","Unit price")} -> Unit price
I85: =IF(OR(COUNTIFS(J$18:DE$18,1,J85:DE85,"<0")>0,COUNTIFS(J$18:DE$18,1,J85:DE85,"*")>0),"Warning","Quantity") -> Quantity
I86: {=IF(OR(IF(J$18:DE$18=1,ISNUMBER(J86:DE86)<>ISNUMBER(J85:DE85),0),COUNTIFS(J$18:DE$18,1,J86:DE86,"*")>0),"Warning","Unit price")} -> Unit price
I87: =IF(OR(COUNTIFS(J$18:DE$18,1,J87:DE87,"<0")>0,COUNTIFS(J$18:DE$18,1,J87:DE87,"*")>0),"Warning","Quantity") -> Quantity
I88: {=IF(OR(IF(J$18:DE$18=1,ISNUMBER(J88:DE88)<>ISNUMBER(J87:DE87),0),COUNTIFS(J$18:DE$18,1,J88:DE88,"*")>0),"Warning","Unit price")} -> Unit price
I89: =IF(OR(COUNTIFS(J$18:DE$18,1,J89:DE89,"<0")>0,COUNTIFS(J$18:DE$18,1,J89:DE89,"*")>0),"Warning","Quantity") -> Quantity
I90: {=IF(OR(IF(J$18:DE$18=1,ISNUMBER(J90:DE90)<>ISNUMBER(J89:DE89),0),COUNTIFS(J$18:DE$18,1,J90:DE90,"*")>0),"Warning","Unit price")} -> Unit price
I91: =IF(OR(COUNTIFS(J$18:DE$18,1,J91:DE91,"<0")>0,COUNTIFS(J$18:DE$18,1,J91:DE91,"*")>0),"Warning","Quantity") -> Quantity
I92: {=IF(OR(IF(J$18:DE$18=1,ISNUMBER(J92:DE92)<>ISNUMBER(J91:DE91),0),COUNTIFS(J$18:DE$18,1,J92:DE92,"*")>0),"Warning","Unit price")} -> Unit price
I93: =IF(OR(COUNTIFS(J$18:DE$18,1,J93:DE93,"<0")>0,COUNTIFS(J$18:DE$18,1,J93:DE93,"*")>0),"Warning","Quantity") -> Quantity
I94: {=IF(OR(IF(J$18:DE$18=1,ISNUMBER(J94:DE94)<>ISNUMBER(J93:DE93),0),COUNTIFS(J$18:DE$18,1,J94:DE94,"*")>0),"Warning","Unit price")} -> Unit price
H95: Total
C96: =IF(ISBLANK(C75),"",C75) | H96: =+SUMPRODUCT(J$18:DE$18,J96:DE96) -> 0 | J96: =IFERROR(IF(J75="","",J75*J76),"") | K96: =IFERROR(IF(K75="","",K75*K76),"") | L96: =IFERROR(IF(L75="","",L75*L76),"") | M96: =IFERROR(IF(M75="","",M75*M76),"") | N96: =IFERROR(IF(N75="","",N75*N76),"") | O96: =IFERROR(IF(O75="","",O75*O76),"") | P96: =IFERROR(IF(P75="","",P75*P76),"") | Q96: =IFERROR(IF(Q75="","",Q75*Q76),"") | ... DE96: =IFERROR(IF(DE75="","",DE75*DE76),"")
C97: =IF(ISBLANK(C77),"",C77) | H97: =+SUMPRODUCT(J$18:DE$18,J97:DE97) -> 0 | J97: =IFERROR(IF(J77="","",J77*J78),"") | K97: =IFERROR(IF(K77="","",K77*K78),"") | L97: =IFERROR(IF(L77="","",L77*L78),"") | M97: =IFERROR(IF(M77="","",M77*M78),"") | N97: =IFERROR(IF(N77="","",N77*N78),"") | O97: =IFERROR(IF(O77="","",O77*O78),"") | P97: =IFERROR(IF(P77="","",P77*P78),"") | Q97: =IFERROR(IF(Q77="","",Q77*Q78),"") | ... DE97: =IFERROR(IF(DE77="","",DE77*DE78),"")
C98: =IF(ISBLANK(C79),"",C79) | H98: =+SUMPRODUCT(J$18:DE$18,J98:DE98) -> 0 | J98: =IFERROR(IF(J79="","",J79*J80),"") | K98: =IFERROR(IF(K79="","",K79*K80),"") | L98: =IFERROR(IF(L79="","",L79*L80),"") | M98: =IFERROR(IF(M79="","",M79*M80),"") | N98: =IFERROR(IF(N79="","",N79*N80),"") | O98: =IFERROR(IF(O79="","",O79*O80),"") | P98: =IFERROR(IF(P79="","",P79*P80),"") | Q98: =IFERROR(IF(Q79="","",Q79*Q80),"") | ... DE98: =IFERROR(IF(DE79="","",DE79*DE80),"")
C99: =IF(ISBLANK(C81),"",C81) | H99: =+SUMPRODUCT(J$18:DE$18,J99:DE99) -> 0 | J99: =IFERROR(IF(J81="","",J81*J82),"") | K99: =IFERROR(IF(K81="","",K81*K82),"") | L99: =IFERROR(IF(L81="","",L81*L82),"") | M99: =IFERROR(IF(M81="","",M81*M82),"") | N99: =IFERROR(IF(N81="","",N81*N82),"") | O99: =IFERROR(IF(O81="","",O81*O82),"") | P99: =IFERROR(IF(P81="","",P81*P82),"") | Q99: =IFERROR(IF(Q81="","",Q81*Q82),"") | ... DE99: =IFERROR(IF(DE81="","",DE81*DE82),"")
C100: =IF(ISBLANK(C83),"",C83) | H100: =+SUMPRODUCT(J$18:DE$18,J100:DE100) -> 0 | J100: =IFERROR(IF(J83="","",J83*J84),"") | K100: =IFERROR(IF(K83="","",K83*K84),"") | L100: =IFERROR(IF(L83="","",L83*L84),"") | M100: =IFERROR(IF(M83="","",M83*M84),"") | N100: =IFERROR(IF(N83="","",N83*N84),"") | O100: =IFERROR(IF(O83="","",O83*O84),"") | P100: =IFERROR(IF(P83="","",P83*P84),"") | Q100: =IFERROR(IF(Q83="","",Q83*Q84),"") | ... DE100: =IFERROR(IF(DE83="","",DE83*DE84),"")
C101: =IF(ISBLANK(C85),"",C85) | H101: =+SUMPRODUCT(J$18:DE$18,J101:DE101) -> 0 | J101: =IFERROR(IF(J85="","",J85*J86),"") | K101: =IFERROR(IF(K85="","",K85*K86),"") | L101: =IFERROR(IF(L85="","",L85*L86),"") | M101: =IFERROR(IF(M85="","",M85*M86),"") | N101: =IFERROR(IF(N85="","",N85*N86),"") | O101: =IFERROR(IF(O85="","",O85*O86),"") | P101: =IFERROR(IF(P85="","",P85*P86),"") | Q101: =IFERROR(IF(Q85="","",Q85*Q86),"") | ... DE101: =IFERROR(IF(DE85="","",DE85*DE86),"")
C102: =IF(ISBLANK(C87),"",C87) | H102: =+SUMPRODUCT(J$18:DE$18,J102:DE102) -> 0 | J102: =IFERROR(IF(J87="","",J87*J88),"") | K102: =IFERROR(IF(K87="","",K87*K88),"") | L102: =IFERROR(IF(L87="","",L87*L88),"") | M102: =IFERROR(IF(M87="","",M87*M88),"") | N102: =IFERROR(IF(N87="","",N87*N88),"") | O102: =IFERROR(IF(O87="","",O87*O88),"") | P102: =IFERROR(IF(P87="","",P87*P88),"") | Q102: =IFERROR(IF(Q87="","",Q87*Q88),"") | ... DE102: =IFERROR(IF(DE87="","",DE87*DE88),"")
C103: =IF(ISBLANK(C89),"",C89) | H103: =+SUMPRODUCT(J$18:DE$18,J103:DE103) -> 0 | J103: =IFERROR(IF(J89="","",J89*J90),"") | K103: =IFERROR(IF(K89="","",K89*K90),"") | L103: =IFERROR(IF(L89="","",L89*L90),"") | M103: =IFERROR(IF(M89="","",M89*M90),"") | N103: =IFERROR(IF(N89="","",N89*N90),"") | O103: =IFERROR(IF(O89="","",O89*O90),"") | P103: =IFERROR(IF(P89="","",P89*P90),"") | Q103: =IFERROR(IF(Q89="","",Q89*Q90),"") | ... DE103: =IFERROR(IF(DE89="","",DE89*DE90),"")
C104: =IF(ISBLANK(C91),"",C91) | H104: =+SUMPRODUCT(J$18:DE$18,J104:DE104) -> 0 | J104: =IFERROR(IF(J91="","",J91*J92),"") | K104: =IFERROR(IF(K91="","",K91*K92),"") | L104: =IFERROR(IF(L91="","",L91*L92),"") | M104: =IFERROR(IF(M91="","",M91*M92),"") | N104: =IFERROR(IF(N91="","",N91*N92),"") | O104: =IFERROR(IF(O91="","",O91*O92),"") | P104: =IFERROR(IF(P91="","",P91*P92),"") | Q104: =IFERROR(IF(Q91="","",Q91*Q92),"") | ... DE104: =IFERROR(IF(DE91="","",DE91*DE92),"")
C105: =IF(ISBLANK(C93),"",C93) | H105: =+SUMPRODUCT(J$18:DE$18,J105:DE105) -> 0 | J105: =IFERROR(IF(J93="","",J93*J94),"") | K105: =IFERROR(IF(K93="","",K93*K94),"") | L105: =IFERROR(IF(L93="","",L93*L94),"") | M105: =IFERROR(IF(M93="","",M93*M94),"") | N105: =IFERROR(IF(N93="","",N93*N94),"") | O105: =IFERROR(IF(O93="","",O93*O94),"") | P105: =IFERROR(IF(P93="","",P93*P94),"") | Q105: =IFERROR(IF(Q93="","",Q93*Q94),"") | ... DE105: =IFERROR(IF(DE93="","",DE93*DE94),"")
C106: Total revenues | H106: =+SUMPRODUCT(J$18:DE$18,J106:DE106) -> 0 | J106: =SUM(J96:J105)*J$18 -> 0 | K106: =SUM(K96:K105)*K$18 -> 0 | L106: =SUM(L96:L105)*L$18 -> 0 | M106: =SUM(M96:M105)*M$18 -> 0 | N106: =SUM(N96:N105)*N$18 -> 0 | O106: =SUM(O96:O105)*O$18 -> 0 | P106: =SUM(P96:P105)*P$18 -> 0 | Q106: =SUM(Q96:Q105)*Q$18 -> 0 | ... DE106: =SUM(DE96:DE105)*DE$18 -> 0
B109: APPLICANT COMMENTS
C111: Comments

Sheet Input Sheet 3
D3: JTM - PUBLIC SECTOR LOAN FACILITY
D5: =CONCATENATE("Project Number: ","") -> Project Number: | G5: =+Project_Number -> 0
B8: =+COUNTIF(B10:B108,"Ok") -> 4
B9: MAIN ASSUMPTIONS OF THE ANALYSIS
B10: =IF(COUNTIF(I11:I13,"Warning")>0,"Please Correct","Ok") -> Ok
D11: Reference period (n of years) | G11: 5 | I11: =IF(OR(G11<0,ISTEXT(G11)),"Warning","")
D12: First year (Start of Project) | G12: ='Budget Table Calculator'!$M$5 -> 2026 | I12: =IF(OR(G12<'Budget Table Calculator'!$M$5,ISTEXT(G12)),"Warning","")
D13: Last year in the reference | G13: =+G12+G11-1 -> 2030
B15: INVESTMENT COSTS
B16: =IF(COUNTIF(B20:G40,"Warning")>0,"Please Correct","Ok") -> Ok
C17: Initial investment
J18: =IF($G$13>=J19,1,0) -> 1 | K18: =IF($G$13>=K19,1,0) -> 1 | L18: =IF($G$13>=L19,1,0) -> 1 | M18: =IF($G$13>=M19,1,0) -> 1 | N18: =IF($G$13>=N19,1,0) -> 1 | O18: =IF($G$13>=O19,1,0) -> 0 | P18: =IF($G$13>=P19,1,0) -> 0 | Q18: =IF($G$13>=Q19,1,0) -> 0 | ... DE18: =IF($G$13>=DE19,1,0) -> 0
C19: Capital expenditure item/category (see Notice tab - cell L71) | H19: Total | J19: ='Budget Table Calculator'!$M$5 -> 2026 | K19: =+J19+1 -> 2027 | L19: =+K19+1 -> 2028 | M19: =+L19+1 -> 2029 | N19: =+M19+1 -> 2030 | O19: =+N19+1 -> 2031 | P19: =+O19+1 -> 2032 | Q19: =+P19+1 -> 2033 | R19: =+Q19+1 -> 2034 | ... DE19: =+DD19+1 -> 2125
G20: =IF(COUNTIFS(J$18:DE$18,1,J20:DE20,"*")>0,"Warning","") | H20: =+SUMPRODUCT(J$18:DE$18,J20:DE20) -> 0
G21: =IF(COUNTIFS(J$18:DE$18,1,J21:DE21,"*")>0,"Warning","") | H21: =+SUMPRODUCT(J$18:DE$18,J21:DE21) -> 0
G22: =IF(COUNTIFS(J$18:DE$18,1,J22:DE22,"*")>0,"Warning","") | H22: =+SUMPRODUCT(J$18:DE$18,J22:DE22) -> 0
G23: =IF(COUNTIFS(J$18:DE$18,1,J23:DE23,"*")>0,"Warning","") | H23: =+SUMPRODUCT(J$18:DE$18,J23:DE23) -> 0
G24: =IF(COUNTIFS(J$18:DE$18,1,J24:DE24,"*")>0,"Warning","") | H24: =+SUMPRODUCT(J$18:DE$18,J24:DE24) -> 0
G25: =IF(COUNTIFS(J$18:DE$18,1,J25:DE25,"*")>0,"Warning","") | H25: =+SUMPRODUCT(J$18:DE$18,J25:DE25) -> 0
G26: =IF(COUNTIFS(J$18:DE$18,1,J26:DE26,"*")>0,"Warning","") | H26: =+SUMPRODUCT(J$18:DE$18,J26:DE26) -> 0
G27: =IF(COUNTIFS(J$18:DE$18,1,J27:DE27,"*")>0,"Warning","") | H27: =+SUMPRODUCT(J$18:DE$18,J27:DE27) -> 0
G28: =IF(COUNTIFS(J$18:DE$18,1,J28:DE28,"*")>0,"Warning","") | H28: =+SUMPRODUCT(J$18:DE$18,J28:DE28) -> 0
G29: =IF(COUNTIFS(J$18:DE$18,1,J29:DE29,"*")>0,"Warning","") | H29: =+SUMPRODUCT(J$18:DE$18,J29:DE29) -> 0
H30: Total
G31: =IF(COUNTIFS(J$18:DE$18,1,J31:DE31,"*")>0,"Warning","") | H31: =+SUMPRODUCT(J$18:DE$18,J31:DE31) -> 0 | J31: =SUM(J20:J29) * J$18 -> 0 | K31: =SUM(K20:K29) * K$18 -> 0 | L31: =SUM(L20:L29) * L$18 -> 0 | M31: =SUM(M20:M29) * M$18 -> 0 | N31: =SUM(N20:N29) * N$18 -> 0 | O31: =SUM(O20:O29) * O$18 -> 0 | P31: =SUM(P20:P29) * P$18 -> 0 | Q31: =SUM(Q20:Q29) * Q$18 -> 0 | ... DE31: =SUM(DE20:DE29) * DE$18 -> 0
C33: Replacement costs
H34: Total | J34: ='Budget Table Calculator'!$M$5 -> 2026 | K34: =+J34+1 -> 2027 | L34: =+K34+1 -> 2028 | M34: =+L34+1 -> 2029 | N34: =+M34+1 -> 2030 | O34: =+N34+1 -> 2031 | P34: =+O34+1 -> 2032 | Q34: =+P34+1 -> 2033 | R34: =+Q34+1 -> 2034 | ... DE34: =+DD34+1 -> 2125
C35: Replacement costs | G35: =IF(OR(COUNTIFS(J$18:DE$18,1,J35:DE35,"<0")>0,COUNTIFS(J$18:DE$18,1,J35:DE35,"*")>0),"Warning","") | H35: =+SUMPRODUCT(J$18:DE$18,J35:DE35) -> 0
C38: Residual value
D39: Year | E39: =+G13 -> 2030
D40: Amount | G40: =IF(OR(ISTEXT(E40),E40<0),"Warning","")
B43: OPERATING EXPENSES
B44: =IF(COUNTIF(B47:H56,"Warning")>0,"Please Correct","Ok") -> Ok
C46: Service name | G46: Unit cost | I46: Unit of measure | J46: ='Budget Table Calculator'!$M$5 -> 2026 | K46: =J46+1 -> 2027 | L46: =K46+1 -> 2028 | M46: =L46+1 -> 2029 | N46: =M46+1 -> 2030 | O46: =N46+1 -> 2031 | P46: =O46+1 -> 2032 | Q46: =P46+1 -> 2033 | R46: =Q46+1 -> 2034 | ... DE46: =DD46+1 -> 2125
H47: =IF(OR(COUNTIFS(J$18:DE$18,1,J47:DE47,"<0")>0,COUNTIFS(J$18:DE$18,1,J47:DE47,"*")>0,ISNUMBER(I47),COUNTIF(G47,"*")>0,COUNTIF(G47,"*")>0,AND(COUNTIFS(J$18:DE$18,1,J47:DE47,">0"),ISBLANK(G47))),"Warning","")
H48: =IF(OR(COUNTIFS(J$18:DE$18,1,J48:DE48,"<0")>0,COUNTIFS(J$18:DE$18,1,J48:DE48,"*")>0,ISNUMBER(I48),COUNTIF(G48,"*")>0,COUNTIF(G48,"*")>0,AND(COUNTIFS(J$18:DE$18,1,J48:DE48,">0"),ISBLANK(G48))),"Warning","")
H49: =IF(OR(COUNTIFS(J$18:DE$18,1,J49:DE49,"<0")>0,COUNTIFS(J$18:DE$18,1,J49:DE49,"*")>0,ISNUMBER(I49),COUNTIF(G49,"*")>0,COUNTIF(G49,"*")>0,AND(COUNTIFS(J$18:DE$18,1,J49:DE49,">0"),ISBLANK(G49))),"Warning","")
H50: =IF(OR(COUNTIFS(J$18:DE$18,1,J50:DE50,"<0")>0,COUNTIFS(J$18:DE$18,1,J50:DE50,"*")>0,ISNUMBER(I50),COUNTIF(G50,"*")>0,COUNTIF(G50,"*")>0,AND(COUNTIFS(J$18:DE$18,1,J50:DE50,">0"),ISBLANK(G50))),"Warning","")
H51: =IF(OR(COUNTIFS(J$18:DE$18,1,J51:DE51,"<0")>0,COUNTIFS(J$18:DE$18,1,J51:DE51,"*")>0,ISNUMBER(I51),COUNTIF(G51,"*")>0,COUNTIF(G51,"*")>0,AND(COUNTIFS(J$18:DE$18,1,J51:DE51,">0"),ISBLANK(G51))),"Warning","")
H52: =IF(OR(COUNTIFS(J$18:DE$18,1,J52:DE52,"<0")>0,COUNTIFS(J$18:DE$18,1,J52:DE52,"*")>0,ISNUMBER(I52),COUNTIF(G52,"*")>0,COUNTIF(G52,"*")>0,AND(COUNTIFS(J$18:DE$18,1,J52:DE52,">0"),ISBLANK(G52))),"Warning","")
H53: =IF(OR(COUNTIFS(J$18:DE$18,1,J53:DE53,"<0")>0,COUNTIFS(J$18:DE$18,1,J53:DE53,"*")>0,ISNUMBER(I53),COUNTIF(G53,"*")>0,COUNTIF(G53,"*")>0,AND(COUNTIFS(J$18:DE$18,1,J53:DE53,">0"),ISBLANK(G53))),"Warning","")
H54: =IF(OR(COUNTIFS(J$18:DE$18,1,J54:DE54,"<0")>0,COUNTIFS(J$18:DE$18,1,J54:DE54,"*")>0,ISNUMBER(I54),COUNTIF(G54,"*")>0,COUNTIF(G54,"*")>0,AND(COUNTIFS(J$18:DE$18,1,J54:DE54,">0"),ISBLANK(G54))),"Warning","")
H55: =IF(OR(COUNTIFS(J$18:DE$18,1,J55:DE55,"<0")>0,COUNTIFS(J$18:DE$18,1,J55:DE55,"*")>0,ISNUMBER(I55),COUNTIF(G55,"*")>0,COUNTIF(G55,"*")>0,AND(COUNTIFS(J$18:DE$18,1,J55:DE55,">0"),ISBLANK(G55))),"Warning","")
H56: =IF(OR(COUNTIFS(J$18:DE$18,1,J56:DE56,"<0")>0,COUNTIFS(J$18:DE$18,1,J56:DE56,"*")>0,ISNUMBER(I56),COUNTIF(G56,"*")>0,COUNTIF(G56,"*")>0,AND(COUNTIFS(J$18:DE$18,1,J56:DE56,">0"),ISBLANK(G56))),"Warning","")
H57: Total
C58: =IF(ISBLANK(C47),"",C47) | H58: =+SUMPRODUCT(J$18:DE$18,J58:DE58) -> 0 | J58: =IFERROR(IF(J47="","",$G47*J47),"") | K58: =IFERROR(IF(K47="","",$G47*K47),"") | L58: =IFERROR(IF(L47="","",$G47*L47),"") | M58: =IFERROR(IF(M47="","",$G47*M47),"") | N58: =IFERROR(IF(N47="","",$G47*N47),"") | O58: =IFERROR(IF(O47="","",$G47*O47),"") | P58: =IFERROR(IF(P47="","",$G47*P47),"") | Q58: =IFERROR(IF(Q47="","",$G47*Q47),"") | ... DE58: =IFERROR(IF(DE47="","",$G47*DE47),"")
C59: =IF(ISBLANK(C48),"",C48) | H59: =+SUMPRODUCT(J$18:DE$18,J59:DE59) -> 0 | J59: =IFERROR(IF(J48="","",$G48*J48),"") | K59: =IFERROR(IF(K48="","",$G48*K48),"") | L59: =IFERROR(IF(L48="","",$G48*L48),"") | M59: =IFERROR(IF(M48="","",$G48*M48),"") | N59: =IFERROR(IF(N48="","",$G48*N48),"") | O59: =IFERROR(IF(O48="","",$G48*O48),"") | P59: =IFERROR(IF(P48="","",$G48*P48),"") | Q59: =IFERROR(IF(Q48="","",$G48*Q48),"") | ... DE59: =IFERROR(IF(DE48="","",$G48*DE48),"")
C60: =IF(ISBLANK(C49),"",C49) | H60: =+SUMPRODUCT(J$18:DE$18,J60:DE60) -> 0 | J60: =IFERROR(IF(J49="","",$G49*J49),"") | K60: =IFERROR(IF(K49="","",$G49*K49),"") | L60: =IFERROR(IF(L49="","",$G49*L49),"") | M60: =IFERROR(IF(M49="","",$G49*M49),"") | N60: =IFERROR(IF(N49="","",$G49*N49),"") | O60: =IFERROR(IF(O49="","",$G49*O49),"") | P60: =IFERROR(IF(P49="","",$G49*P49),"") | Q60: =IFERROR(IF(Q49="","",$G49*Q49),"") | ... DE60: =IFERROR(IF(DE49="","",$G49*DE49),"")
C61: =IF(ISBLANK(C50),"",C50) | H61: =+SUMPRODUCT(J$18:DE$18,J61:DE61) -> 0 | J61: =IFERROR(IF(J50="","",$G50*J50),"") | K61: =IFERROR(IF(K50="","",$G50*K50),"") | L61: =IFERROR(IF(L50="","",$G50*L50),"") | M61: =IFERROR(IF(M50="","",$G50*M50),"") | N61: =IFERROR(IF(N50="","",$G50*N50),"") | O61: =IFERROR(IF(O50="","",$G50*O50),"") | P61: =IFERROR(IF(P50="","",$G50*P50),"") | Q61: =IFERROR(IF(Q50="","",$G50*Q50),"") | ... DE61: =IFERROR(IF(DE50="","",$G50*DE50),"")
C62: =IF(ISBLANK(C51),"",C51) | H62: =+SUMPRODUCT(J$18:DE$18,J62:DE62) -> 0 | J62: =IFERROR(IF(J51="","",$G51*J51),"") | K62: =IFERROR(IF(K51="","",$G51*K51),"") | L62: =IFERROR(IF(L51="","",$G51*L51),"") | M62: =IFERROR(IF(M51="","",$G51*M51),"") | N62: =IFERROR(IF(N51="","",$G51*N51),"") | O62: =IFERROR(IF(O51="","",$G51*O51),"") | P62: =IFERROR(IF(P51="","",$G51*P51),"") | Q62: =IFERROR(IF(Q51="","",$G51*Q51),"") | ... DE62: =IFERROR(IF(DE51="","",$G51*DE51),"")
C63: =IF(ISBLANK(C52),"",C52) | H63: =+SUMPRODUCT(J$18:DE$18,J63:DE63) -> 0 | J63: =IFERROR(IF(J52="","",$G52*J52),"") | K63: =IFERROR(IF(K52="","",$G52*K52),"") | L63: =IFERROR(IF(L52="","",$G52*L52),"") | M63: =IFERROR(IF(M52="","",$G52*M52),"") | N63: =IFERROR(IF(N52="","",$G52*N52),"") | O63: =IFERROR(IF(O52="","",$G52*O52),"") | P63: =IFERROR(IF(P52="","",$G52*P52),"") | Q63: =IFERROR(IF(Q52="","",$G52*Q52),"") | ... DE63: =IFERROR(IF(DE52="","",$G52*DE52),"")
C64: =IF(ISBLANK(C53),"",C53) | H64: =+SUMPRODUCT(J$18:DE$18,J64:DE64) -> 0 | J64: =IFERROR(IF(J53="","",$G53*J53),"") | K64: =IFERROR(IF(K53="","",$G53*K53),"") | L64: =IFERROR(IF(L53="","",$G53*L53),"") | M64: =IFERROR(IF(M53="","",$G53*M53),"") | N64: =IFERROR(IF(N53="","",$G53*N53),"") | O64: =IFERROR(IF(O53="","",$G53*O53),"") | P64: =IFERROR(IF(P53="","",$G53*P53),"") | Q64: =IFERROR(IF(Q53="","",$G53*Q53),"") | ... DE64: =IFERROR(IF(DE53="","",$G53*DE53),"")
C65: =IF(ISBLANK(C54),"",C54) | H65: =+SUMPRODUCT(J$18:DE$18,J65:DE65) -> 0 | J65: =IFERROR(IF(J54="","",$G54*J54),"") | K65: =IFERROR(IF(K54="","",$G54*K54),"") | L65: =IFERROR(IF(L54="","",$G54*L54),"") | M65: =IFERROR(IF(M54="","",$G54*M54),"") | N65: =IFERROR(IF(N54="","",$G54*N54),"") | O65: =IFERROR(IF(O54="","",$G54*O54),"") | P65: =IFERROR(IF(P54="","",$G54*P54),"") | Q65: =IFERROR(IF(Q54="","",$G54*Q54),"") | ... DE65: =IFERROR(IF(DE54="","",$G54*DE54),"")
C66: =IF(ISBLANK(C55),"",C55) | H66: =+SUMPRODUCT(J$18:DE$18,J66:DE66) -> 0 | J66: =IFERROR(IF(J55="","",$G55*J55),"") | K66: =IFERROR(IF(K55="","",$G55*K55),"") | L66: =IFERROR(IF(L55="","",$G55*L55),"") | M66: =IFERROR(IF(M55="","",$G55*M55),"") | N66: =IFERROR(IF(N55="","",$G55*N55),"") | O66: =IFERROR(IF(O55="","",$G55*O55),"") | P66: =IFERROR(IF(P55="","",$G55*P55),"") | Q66: =IFERROR(IF(Q55="","",$G55*Q55),"") | ... DE66: =IFERROR(IF(DE55="","",$G55*DE55),"")
C67: =IF(ISBLANK(C56),"",C56) | H67: =+SUMPRODUCT(J$18:DE$18,J67:DE67) -> 0 | J67: =IFERROR(IF(J56="","",$G56*J56),"") | K67: =IFERROR(IF(K56="","",$G56*K56),"") | L67: =IFERROR(IF(L56="","",$G56*L56),"") | M67: =IFERROR(IF(M56="","",$G56*M56),"") | N67: =IFERROR(IF(N56="","",$G56*N56),"") | O67: =IFERROR(IF(O56="","",$G56*O56),"") | P67: =IFERROR(IF(P56="","",$G56*P56),"") | Q67: =IFERROR(IF(Q56="","",$G56*Q56),"") | ... DE67: =IFERROR(IF(DE56="","",$G56*DE56),"")
C68: Total operating expenses | H68: =+SUMPRODUCT(J$18:DE$18,J68:DE68) -> 0 | J68: =SUM(J58:J67)*J$18 -> 0 | K68: =SUM(K58:K67)*K$18 -> 0 | L68: =SUM(L58:L67)*L$18 -> 0 | M68: =SUM(M58:M67)*M$18 -> 0 | N68: =SUM(N58:N67)*N$18 -> 0 | O68: =SUM(O58:O67)*O$18 -> 0 | P68: =SUM(P58:P67)*P$18 -> 0 | Q68: =SUM(Q58:Q67)*Q$18 -> 0 | ... DE68: =SUM(DE58:DE67)*DE$18 -> 0
J70: =IF(OR(COUNTIF(G47,"*")>0,AND(COUNT(J47:BG47)>0,ISBLANK(G47))),"Warning","")
B71: REVENUES
B72: =IF(COUNTIF(B75:I94,"Warning")>0,"Please Correct","Ok") -> Ok
C74: Revenue name | G74: Unit of measure | J74: ='Budget Table Calculator'!$M$5 -> 2026 | K74: =J74+1 -> 2027 | L74: =K74+1 -> 2028 | M74: =L74+1 -> 2029 | N74: =M74+1 -> 2030 | O74: =N74+1 -> 2031 | P74: =O74+1 -> 2032 | Q74: =P74+1 -> 2033 | R74: =Q74+1 -> 2034 | ... DE74: =DD74+1 -> 2125
I75: =IF(OR(COUNTIFS(J$18:DE$18,1,J75:DE75,"<0")>0,COUNTIFS(J$18:DE$18,1,J75:DE75,"*")>0),"Warning","Quantity") -> Quantity
I76: {=IF(OR(IF(J$18:DE$18=1,ISNUMBER(J76:DE76)<>ISNUMBER(J75:DE75),0),COUNTIFS(J$18:DE$18,1,J76:DE76,"*")>0),"Warning","Unit price")} -> Unit price
I77: =IF(OR(COUNTIFS(J$18:DE$18,1,J77:DE77,"<0")>0,COUNTIFS(J$18:DE$18,1,J77:DE77,"*")>0),"Warning","Quantity") -> Quantity
I78: {=IF(OR(IF(J$18:DE$18=1,ISNUMBER(J78:DE78)<>ISNUMBER(J77:DE77),0),COUNTIFS(J$18:DE$18,1,J78:DE78,"*")>0),"Warning","Unit price")} -> Unit price
I79: =IF(OR(COUNTIFS(J$18:DE$18,1,J79:DE79,"<0")>0,COUNTIFS(J$18:DE$18,1,J79:DE79,"*")>0),"Warning","Quantity") -> Quantity
I80: {=IF(OR(IF(J$18:DE$18=1,ISNUMBER(J80:DE80)<>ISNUMBER(J79:DE79),0),COUNTIFS(J$18:DE$18,1,J80:DE80,"*")>0),"Warning","Unit price")} -> Unit price
I81: =IF(OR(COUNTIFS(J$18:DE$18,1,J81:DE81,"<0")>0,COUNTIFS(J$18:DE$18,1,J81:DE81,"*")>0),"Warning","Quantity") -> Quantity
I82: {=IF(OR(IF(J$18:DE$18=1,ISNUMBER(J82:DE82)<>ISNUMBER(J81:DE81),0),COUNTIFS(J$18:DE$18,1,J82:DE82,"*")>0),"Warning","Unit price")} -> Unit price
I83: =IF(OR(COUNTIFS(J$18:DE$18,1,J83:DE83,"<0")>0,COUNTIFS(J$18:DE$18,1,J83:DE83,"*")>0),"Warning","Quantity") -> Quantity
I84: {=IF(OR(IF(J$18:DE$18=1,ISNUMBER(J84:DE84)<>ISNUMBER(J83:DE83),0),COUNTIFS(J$18:DE$18,1,J84:DE84,"*")>0),"Warning","Unit price")} -> Unit price
I85: =IF(OR(COUNTIFS(J$18:DE$18,1,J85:DE85,"<0")>0,COUNTIFS(J$18:DE$18,1,J85:DE85,"*")>0),"Warning","Quantity") -> Quantity
I86: {=IF(OR(IF(J$18:DE$18=1,ISNUMBER(J86:DE86)<>ISNUMBER(J85:DE85),0),COUNTIFS(J$18:DE$18,1,J86:DE86,"*")>0),"Warning","Unit price")} -> Unit price
I87: =IF(OR(COUNTIFS(J$18:DE$18,1,J87:DE87,"<0")>0,COUNTIFS(J$18:DE$18,1,J87:DE87,"*")>0),"Warning","Quantity") -> Quantity
I88: {=IF(OR(IF(J$18:DE$18=1,ISNUMBER(J88:DE88)<>ISNUMBER(J87:DE87),0),COUNTIFS(J$18:DE$18,1,J88:DE88,"*")>0),"Warning","Unit price")} -> Unit price
I89: =IF(OR(COUNTIFS(J$18:DE$18,1,J89:DE89,"<0")>0,COUNTIFS(J$18:DE$18,1,J89:DE89,"*")>0),"Warning","Quantity") -> Quantity
I90: {=IF(OR(IF(J$18:DE$18=1,ISNUMBER(J90:DE90)<>ISNUMBER(J89:DE89),0),COUNTIFS(J$18:DE$18,1,J90:DE90,"*")>0),"Warning","Unit price")} -> Unit price
I91: =IF(OR(COUNTIFS(J$18:DE$18,1,J91:DE91,"<0")>0,COUNTIFS(J$18:DE$18,1,J91:DE91,"*")>0),"Warning","Quantity") -> Quantity
I92: {=IF(OR(IF(J$18:DE$18=1,ISNUMBER(J92:DE92)<>ISNUMBER(J91:DE91),0),COUNTIFS(J$18:DE$18,1,J92:DE92,"*")>0),"Warning","Unit price")} -> Unit price
I93: =IF(OR(COUNTIFS(J$18:DE$18,1,J93:DE93,"<0")>0,COUNTIFS(J$18:DE$18,1,J93:DE93,"*")>0),"Warning","Quantity") -> Quantity
I94: {=IF(OR(IF(J$18:DE$18=1,ISNUMBER(J94:DE94)<>ISNUMBER(J93:DE93),0),COUNTIFS(J$18:DE$18,1,J94:DE94,"*")>0),"Warning","Unit price")} -> Unit price
H95: Total
C96: =IF(ISBLANK(C75),"",C75) | H96: =+SUMPRODUCT(J$18:DE$18,J96:DE96) -> 0 | J96: =IFERROR(IF(J75="","",J75*J76),"") | K96: =IFERROR(IF(K75="","",K75*K76),"") | L96: =IFERROR(IF(L75="","",L75*L76),"") | M96: =IFERROR(IF(M75="","",M75*M76),"") | N96: =IFERROR(IF(N75="","",N75*N76),"") | O96: =IFERROR(IF(O75="","",O75*O76),"") | P96: =IFERROR(IF(P75="","",P75*P76),"") | Q96: =IFERROR(IF(Q75="","",Q75*Q76),"") | ... DE96: =IFERROR(IF(DE75="","",DE75*DE76),"")
C97: =IF(ISBLANK(C77),"",C77) | H97: =+SUMPRODUCT(J$18:DE$18,J97:DE97) -> 0 | J97: =IFERROR(IF(J77="","",J77*J78),"") | K97: =IFERROR(IF(K77="","",K77*K78),"") | L97: =IFERROR(IF(L77="","",L77*L78),"") | M97: =IFERROR(IF(M77="","",M77*M78),"") | N97: =IFERROR(IF(N77="","",N77*N78),"") | O97: =IFERROR(IF(O77="","",O77*O78),"") | P97: =IFERROR(IF(P77="","",P77*P78),"") | Q97: =IFERROR(IF(Q77="","",Q77*Q78),"") | ... DE97: =IFERROR(IF(DE77="","",DE77*DE78),"")
C98: =IF(ISBLANK(C79),"",C79) | H98: =+SUMPRODUCT(J$18:DE$18,J98:DE98) -> 0 | J98: =IFERROR(IF(J79="","",J79*J80),"") | K98: =IFERROR(IF(K79="","",K79*K80),"") | L98: =IFERROR(IF(L79="","",L79*L80),"") | M98: =IFERROR(IF(M79="","",M79*M80),"") | N98: =IFERROR(IF(N79="","",N79*N80),"") | O98: =IFERROR(IF(O79="","",O79*O80),"") | P98: =IFERROR(IF(P79="","",P79*P80),"") | Q98: =IFERROR(IF(Q79="","",Q79*Q80),"") | ... DE98: =IFERROR(IF(DE79="","",DE79*DE80),"")
C99: =IF(ISBLANK(C81),"",C81) | H99: =+SUMPRODUCT(J$18:DE$18,J99:DE99) -> 0 | J99: =IFERROR(IF(J81="","",J81*J82),"") | K99: =IFERROR(IF(K81="","",K81*K82),"") | L99: =IFERROR(IF(L81="","",L81*L82),"") | M99: =IFERROR(IF(M81="","",M81*M82),"") | N99: =IFERROR(IF(N81="","",N81*N82),"") | O99: =IFERROR(IF(O81="","",O81*O82),"") | P99: =IFERROR(IF(P81="","",P81*P82),"") | Q99: =IFERROR(IF(Q81="","",Q81*Q82),"") | ... DE99: =IFERROR(IF(DE81="","",DE81*DE82),"")
C100: =IF(ISBLANK(C83),"",C83) | H100: =+SUMPRODUCT(J$18:DE$18,J100:DE100) -> 0 | J100: =IFERROR(IF(J83="","",J83*J84),"") | K100: =IFERROR(IF(K83="","",K83*K84),"") | L100: =IFERROR(IF(L83="","",L83*L84),"") | M100: =IFERROR(IF(M83="","",M83*M84),"") | N100: =IFERROR(IF(N83="","",N83*N84),"") | O100: =IFERROR(IF(O83="","",O83*O84),"") | P100: =IFERROR(IF(P83="","",P83*P84),"") | Q100: =IFERROR(IF(Q83="","",Q83*Q84),"") | ... DE100: =IFERROR(IF(DE83="","",DE83*DE84),"")
C101: =IF(ISBLANK(C85),"",C85) | H101: =+SUMPRODUCT(J$18:DE$18,J101:DE101) -> 0 | J101: =IFERROR(IF(J85="","",J85*J86),"") | K101: =IFERROR(IF(K85="","",K85*K86),"") | L101: =IFERROR(IF(L85="","",L85*L86),"") | M101: =IFERROR(IF(M85="","",M85*M86),"") | N101: =IFERROR(IF(N85="","",N85*N86),"") | O101: =IFERROR(IF(O85="","",O85*O86),"") | P101: =IFERROR(IF(P85="","",P85*P86),"") | Q101: =IFERROR(IF(Q85="","",Q85*Q86),"") | ... DE101: =IFERROR(IF(DE85="","",DE85*DE86),"")
C102: =IF(ISBLANK(C87),"",C87) | H102: =+SUMPRODUCT(J$18:DE$18,J102:DE102) -> 0 | J102: =IFERROR(IF(J87="","",J87*J88),"") | K102: =IFERROR(IF(K87="","",K87*K88),"") | L102: =IFERROR(IF(L87="","",L87*L88),"") | M102: =IFERROR(IF(M87="","",M87*M88),"") | N102: =IFERROR(IF(N87="","",N87*N88),"") | O102: =IFERROR(IF(O87="","",O87*O88),"") | P102: =IFERROR(IF(P87="","",P87*P88),"") | Q102: =IFERROR(IF(Q87="","",Q87*Q88),"") | ... DE102: =IFERROR(IF(DE87="","",DE87*DE88),"")
C103: =IF(ISBLANK(C89),"",C89) | H103: =+SUMPRODUCT(J$18:DE$18,J103:DE103) -> 0 | J103: =IFERROR(IF(J89="","",J89*J90),"") | K103: =IFERROR(IF(K89="","",K89*K90),"") | L103: =IFERROR(IF(L89="","",L89*L90),"") | M103: =IFERROR(IF(M89="","",M89*M90),"") | N103: =IFERROR(IF(N89="","",N89*N90),"") | O103: =IFERROR(IF(O89="","",O89*O90),"") | P103: =IFERROR(IF(P89="","",P89*P90),"") | Q103: =IFERROR(IF(Q89="","",Q89*Q90),"") | ... DE103: =IFERROR(IF(DE89="","",DE89*DE90),"")
C104: =IF(ISBLANK(C91),"",C91) | H104: =+SUMPRODUCT(J$18:DE$18,J104:DE104) -> 0 | J104: =IFERROR(IF(J91="","",J91*J92),"") | K104: =IFERROR(IF(K91="","",K91*K92),"") | L104: =IFERROR(IF(L91="","",L91*L92),"") | M104: =IFERROR(IF(M91="","",M91*M92),"") | N104: =IFERROR(IF(N91="","",N91*N92),"") | O104: =IFERROR(IF(O91="","",O91*O92),"") | P104: =IFERROR(IF(P91="","",P91*P92),"") | Q104: =IFERROR(IF(Q91="","",Q91*Q92),"") | ... DE104: =IFERROR(IF(DE91="","",DE91*DE92),"")
C105: =IF(ISBLANK(C93),"",C93) | H105: =+SUMPRODUCT(J$18:DE$18,J105:DE105) -> 0 | J105: =IFERROR(IF(J93="","",J93*J94),"") | K105: =IFERROR(IF(K93="","",K93*K94),"") | L105: =IFERROR(IF(L93="","",L93*L94),"") | M105: =IFERROR(IF(M93="","",M93*M94),"") | N105: =IFERROR(IF(N93="","",N93*N94),"") | O105: =IFERROR(IF(O93="","",O93*O94),"") | P105: =IFERROR(IF(P93="","",P93*P94),"") | Q105: =IFERROR(IF(Q93="","",Q93*Q94),"") | ... DE105: =IFERROR(IF(DE93="","",DE93*DE94),"")
C106: Total revenues | H106: =+SUMPRODUCT(J$18:DE$18,J106:DE106) -> 0 | J106: =SUM(J96:J105)*J$18 -> 0 | K106: =SUM(K96:K105)*K$18 -> 0 | L106: =SUM(L96:L105)*L$18 -> 0 | M106: =SUM(M96:M105)*M$18 -> 0 | N106: =SUM(N96:N105)*N$18 -> 0 | O106: =SUM(O96:O105)*O$18 -> 0 | P106: =SUM(P96:P105)*P$18 -> 0 | Q106: =SUM(Q96:Q105)*Q$18 -> 0 | ... DE106: =SUM(DE96:DE105)*DE$18 -> 0
B109: APPLICANT COMMENTS
C111: Comments

Sheet Input Sheet 4
D3: JTM - PUBLIC SECTOR LOAN FACILITY
D5: =CONCATENATE("Project Number: ","") -> Project Number: | G5: =+Project_Number -> 0
B8: =+COUNTIF(B10:B108,"Ok") -> 4
B9: MAIN ASSUMPTIONS OF THE ANALYSIS
B10: =IF(COUNTIF(I11:I13,"Warning")>0,"Please Correct","Ok") -> Ok
D11: Reference period (n of years) | G11: 5 | I11: =IF(OR(G11<0,ISTEXT(G11)),"Warning","")
D12: First year (Start of Project) | G12: ='Budget Table Calculator'!$M$5 -> 2026 | I12: =IF(OR(G12<'Budget Table Calculator'!$M$5,ISTEXT(G12)),"Warning","")
D13: Last year in the reference | G13: =+G12+G11-1 -> 2030
B15: INVESTMENT COSTS
B16: =IF(COUNTIF(B20:G40,"Warning")>0,"Please Correct","Ok") -> Ok
C17: Initial investment
J18: =IF($G$13>=J19,1,0) -> 1 | K18: =IF($G$13>=K19,1,0) -> 1 | L18: =IF($G$13>=L19,1,0) -> 1 | M18: =IF($G$13>=M19,1,0) -> 1 | N18: =IF($G$13>=N19,1,0) -> 1 | O18: =IF($G$13>=O19,1,0) -> 0 | P18: =IF($G$13>=P19,1,0) -> 0 | Q18: =IF($G$13>=Q19,1,0) -> 0 | ... DE18: =IF($G$13>=DE19,1,0) -> 0
C19: Capital expenditure item/category (see Notice tab - cell L71) | H19: Total | J19: ='Budget Table Calculator'!$M$5 -> 2026 | K19: =+J19+1 -> 2027 | L19: =+K19+1 -> 2028 | M19: =+L19+1 -> 2029 | N19: =+M19+1 -> 2030 | O19: =+N19+1 -> 2031 | P19: =+O19+1 -> 2032 | Q19: =+P19+1 -> 2033 | R19: =+Q19+1 -> 2034 | ... DE19: =+DD19+1 -> 2125
G20: =IF(COUNTIFS(J$18:DE$18,1,J20:DE20,"*")>0,"Warning","") | H20: =+SUMPRODUCT(J$18:DE$18,J20:DE20) -> 0
G21: =IF(COUNTIFS(J$18:DE$18,1,J21:DE21,"*")>0,"Warning","") | H21: =+SUMPRODUCT(J$18:DE$18,J21:DE21) -> 0
G22: =IF(COUNTIFS(J$18:DE$18,1,J22:DE22,"*")>0,"Warning","") | H22: =+SUMPRODUCT(J$18:DE$18,J22:DE22) -> 0
G23: =IF(COUNTIFS(J$18:DE$18,1,J23:DE23,"*")>0,"Warning","")
G24: =IF(COUNTIFS(J$18:DE$18,1,J24:DE24,"*")>0,"Warning","") | H24: =+SUMPRODUCT(J$18:DE$18,J24:DE24) -> 0
G25: =IF(COUNTIFS(J$18:DE$18,1,J25:DE25,"*")>0,"Warning","") | H25: =+SUMPRODUCT(J$18:DE$18,J25:DE25) -> 0
G26: =IF(COUNTIFS(J$18:DE$18,1,J26:DE26,"*")>0,"Warning","") | H26: =+SUMPRODUCT(J$18:DE$18,J26:DE26) -> 0
G27: =IF(COUNTIFS(J$18:DE$18,1,J27:DE27,"*")>0,"Warning","") | H27: =+SUMPRODUCT(J$18:DE$18,J27:DE27) -> 0
G28: =IF(COUNTIFS(J$18:DE$18,1,J28:DE28,"*")>0,"Warning","") | H28: =+SUMPRODUCT(J$18:DE$18,J28:DE28) -> 0
G29: =IF(COUNTIFS(J$18:DE$18,1,J29:DE29,"*")>0,"Warning","") | H29: =+SUMPRODUCT(J$18:DE$18,J29:DE29) -> 0
H30: Total
G31: =IF(COUNTIFS(J$18:DE$18,1,J31:DE31,"*")>0,"Warning","") | H31: =+SUMPRODUCT(J$18:DE$18,J31:DE31) -> 0 | J31: =SUM(J20:J29) * J$18 -> 0 | K31: =SUM(K20:K29) * K$18 -> 0 | L31: =SUM(L20:L29) * L$18 -> 0 | M31: =SUM(M20:M29) * M$18 -> 0 | N31: =SUM(N20:N29) * N$18 -> 0 | O31: =SUM(O20:O29) * O$18 -> 0 | P31: =SUM(P20:P29) * P$18 -> 0 | Q31: =SUM(Q20:Q29) * Q$18 -> 0 | ... DE31: =SUM(DE20:DE29) * DE$18 -> 0
C33: Replacement costs
H34: Total | J34: ='Budget Table Calculator'!$M$5 -> 2026 | K34: =+J34+1 -> 2027 | L34: =+K34+1 -> 2028 | M34: =+L34+1 -> 2029 | N34: =+M34+1 -> 2030 | O34: =+N34+1 -> 2031 | P34: =+O34+1 -> 2032 | Q34: =+P34+1 -> 2033 | R34: =+Q34+1 -> 2034 | ... DE34: =+DD34+1 -> 2125
C35: Replacement costs | G35: =IF(OR(COUNTIFS(J$18:DE$18,1,J35:DE35,"<0")>0,COUNTIFS(J$18:DE$18,1,J35:DE35,"*")>0),"Warning","") | H35: =+SUMPRODUCT(J$18:DE$18,J35:DE35) -> 0
C38: Residual value
D39: Year | E39: =+G13 -> 2030
D40: Amount | G40: =IF(OR(ISTEXT(E40),E40<0),"Warning","")
B43: OPERATING EXPENSES
B44: =IF(COUNTIF(B47:H56,"Warning")>0,"Please Correct","Ok") -> Ok
C46: Service name | G46: Unit cost | I46: Unit of measure | J46: ='Budget Table Calculator'!$M$5 -> 2026 | K46: =J46+1 -> 2027 | L46: =K46+1 -> 2028 | M46: =L46+1 -> 2029 | N46: =M46+1 -> 2030 | O46: =N46+1 -> 2031 | P46: =O46+1 -> 2032 | Q46: =P46+1 -> 2033 | R46: =Q46+1 -> 2034 | ... DE46: =DD46+1 -> 2125
H47: =IF(OR(COUNTIFS(J$18:DE$18,1,J47:DE47,"<0")>0,COUNTIFS(J$18:DE$18,1,J47:DE47,"*")>0,ISNUMBER(I47),COUNTIF(G47,"*")>0,COUNTIF(G47,"*")>0,AND(COUNTIFS(J$18:DE$18,1,J47:DE47,">0"),ISBLANK(G47))),"Warning","")
H48: =IF(OR(COUNTIFS(J$18:DE$18,1,J48:DE48,"<0")>0,COUNTIFS(J$18:DE$18,1,J48:DE48,"*")>0,ISNUMBER(I48),COUNTIF(G48,"*")>0,COUNTIF(G48,"*")>0,AND(COUNTIFS(J$18:DE$18,1,J48:DE48,">0"),ISBLANK(G48))),"Warning","")
H49: =IF(OR(COUNTIFS(J$18:DE$18,1,J49:DE49,"<0")>0,COUNTIFS(J$18:DE$18,1,J49:DE49,"*")>0,ISNUMBER(I49),COUNTIF(G49,"*")>0,COUNTIF(G49,"*")>0,AND(COUNTIFS(J$18:DE$18,1,J49:DE49,">0"),ISBLANK(G49))),"Warning","")
H50: =IF(OR(COUNTIFS(J$18:DE$18,1,J50:DE50,"<0")>0,COUNTIFS(J$18:DE$18,1,J50:DE50,"*")>0,ISNUMBER(I50),COUNTIF(G50,"*")>0,COUNTIF(G50,"*")>0,AND(COUNTIFS(J$18:DE$18,1,J50:DE50,">0"),ISBLANK(G50))),"Warning","")
H51: =IF(OR(COUNTIFS(J$18:DE$18,1,J51:DE51,"<0")>0,COUNTIFS(J$18:DE$18,1,J51:DE51,"*")>0,ISNUMBER(I51),COUNTIF(G51,"*")>0,COUNTIF(G51,"*")>0,AND(COUNTIFS(J$18:DE$18,1,J51:DE51,">0"),ISBLANK(G51))),"Warning","")
H52: =IF(OR(COUNTIFS(J$18:DE$18,1,J52:DE52,"<0")>0,COUNTIFS(J$18:DE$18,1,J52:DE52,"*")>0,ISNUMBER(I52),COUNTIF(G52,"*")>0,COUNTIF(G52,"*")>0,AND(COUNTIFS(J$18:DE$18,1,J52:DE52,">0"),ISBLANK(G52))),"Warning","")
H53: =IF(OR(COUNTIFS(J$18:DE$18,1,J53:DE53,"<0")>0,COUNTIFS(J$18:DE$18,1,J53:DE53,"*")>0,ISNUMBER(I53),COUNTIF(G53,"*")>0,COUNTIF(G53,"*")>0,AND(COUNTIFS(J$18:DE$18,1,J53:DE53,">0"),ISBLANK(G53))),"Warning","")
H54: =IF(OR(COUNTIFS(J$18:DE$18,1,J54:DE54,"<0")>0,COUNTIFS(J$18:DE$18,1,J54:DE54,"*")>0,ISNUMBER(I54),COUNTIF(G54,"*")>0,COUNTIF(G54,"*")>0,AND(COUNTIFS(J$18:DE$18,1,J54:DE54,">0"),ISBLANK(G54))),"Warning","")
H55: =IF(OR(COUNTIFS(J$18:DE$18,1,J55:DE55,"<0")>0,COUNTIFS(J$18:DE$18,1,J55:DE55,"*")>0,ISNUMBER(I55),COUNTIF(G55,"*")>0,COUNTIF(G55,"*")>0,AND(COUNTIFS(J$18:DE$18,1,J55:DE55,">0"),ISBLANK(G55))),"Warning","")
H56: =IF(OR(COUNTIFS(J$18:DE$18,1,J56:DE56,"<0")>0,COUNTIFS(J$18:DE$18,1,J56:DE56,"*")>0,ISNUMBER(I56),COUNTIF(G56,"*")>0,COUNTIF(G56,"*")>0,AND(COUNTIFS(J$18:DE$18,1,J56:DE56,">0"),ISBLANK(G56))),"Warning","")
H57: Total
C58: =IF(ISBLANK(C47),"",C47) | H58: =+SUMPRODUCT(J$18:DE$18,J58:DE58) -> 0 | J58: =IFERROR(IF(J47="","",$G47*J47),"") | K58: =IFERROR(IF(K47="","",$G47*K47),"") | L58: =IFERROR(IF(L47="","",$G47*L47),"") | M58: =IFERROR(IF(M47="","",$G47*M47),"") | N58: =IFERROR(IF(N47="","",$G47*N47),"") | O58: =IFERROR(IF(O47="","",$G47*O47),"") | P58: =IFERROR(IF(P47="","",$G47*P47),"") | Q58: =IFERROR(IF(Q47="","",$G47*Q47),"") | ... DE58: =IFERROR(IF(DE47="","",$G47*DE47),"")
C59: =IF(ISBLANK(C48),"",C48) | H59: =+SUMPRODUCT(J$18:DE$18,J59:DE59) -> 0 | J59: =IFERROR(IF(J48="","",$G48*J48),"") | K59: =IFERROR(IF(K48="","",$G48*K48),"") | L59: =IFERROR(IF(L48="","",$G48*L48),"") | M59: =IFERROR(IF(M48="","",$G48*M48),"") | N59: =IFERROR(IF(N48="","",$G48*N48),"") | O59: =IFERROR(IF(O48="","",$G48*O48),"") | P59: =IFERROR(IF(P48="","",$G48*P48),"") | Q59: =IFERROR(IF(Q48="","",$G48*Q48),"") | ... DE59: =IFERROR(IF(DE48="","",$G48*DE48),"")
C60: =IF(ISBLANK(C49),"",C49) | H60: =+SUMPRODUCT(J$18:DE$18,J60:DE60) -> 0 | J60: =IFERROR(IF(J49="","",$G49*J49),"") | K60: =IFERROR(IF(K49="","",$G49*K49),"") | L60: =IFERROR(IF(L49="","",$G49*L49),"") | M60: =IFERROR(IF(M49="","",$G49*M49),"") | N60: =IFERROR(IF(N49="","",$G49*N49),"") | O60: =IFERROR(IF(O49="","",$G49*O49),"") | P60: =IFERROR(IF(P49="","",$G49*P49),"") | Q60: =IFERROR(IF(Q49="","",$G49*Q49),"") | ... DE60: =IFERROR(IF(DE49="","",$G49*DE49),"")
C61: =IF(ISBLANK(C50),"",C50) | H61: =+SUMPRODUCT(J$18:DE$18,J61:DE61) -> 0 | J61: =IFERROR(IF(J50="","",$G50*J50),"") | K61: =IFERROR(IF(K50="","",$G50*K50),"") | L61: =IFERROR(IF(L50="","",$G50*L50),"") | M61: =IFERROR(IF(M50="","",$G50*M50),"") | N61: =IFERROR(IF(N50="","",$G50*N50),"") | O61: =IFERROR(IF(O50="","",$G50*O50),"") | P61: =IFERROR(IF(P50="","",$G50*P50),"") | Q61: =IFERROR(IF(Q50="","",$G50*Q50),"") | ... DE61: =IFERROR(IF(DE50="","",$G50*DE50),"")
C62: =IF(ISBLANK(C51),"",C51) | H62: =+SUMPRODUCT(J$18:DE$18,J62:DE62) -> 0 | J62: =IFERROR(IF(J51="","",$G51*J51),"") | K62: =IFERROR(IF(K51="","",$G51*K51),"") | L62: =IFERROR(IF(L51="","",$G51*L51),"") | M62: =IFERROR(IF(M51="","",$G51*M51),"") | N62: =IFERROR(IF(N51="","",$G51*N51),"") | O62: =IFERROR(IF(O51="","",$G51*O51),"") | P62: =IFERROR(IF(P51="","",$G51*P51),"") | Q62: =IFERROR(IF(Q51="","",$G51*Q51),"") | ... DE62: =IFERROR(IF(DE51="","",$G51*DE51),"")
C63: =IF(ISBLANK(C52),"",C52) | H63: =+SUMPRODUCT(J$18:DE$18,J63:DE63) -> 0 | J63: =IFERROR(IF(J52="","",$G52*J52),"") | K63: =IFERROR(IF(K52="","",$G52*K52),"") | L63: =IFERROR(IF(L52="","",$G52*L52),"") | M63: =IFERROR(IF(M52="","",$G52*M52),"") | N63: =IFERROR(IF(N52="","",$G52*N52),"") | O63: =IFERROR(IF(O52="","",$G52*O52),"") | P63: =IFERROR(IF(P52="","",$G52*P52),"") | Q63: =IFERROR(IF(Q52="","",$G52*Q52),"") | ... DE63: =IFERROR(IF(DE52="","",$G52*DE52),"")
C64: =IF(ISBLANK(C53),"",C53) | H64: =+SUMPRODUCT(J$18:DE$18,J64:DE64) -> 0 | J64: =IFERROR(IF(J53="","",$G53*J53),"") | K64: =IFERROR(IF(K53="","",$G53*K53),"") | L64: =IFERROR(IF(L53="","",$G53*L53),"") | M64: =IFERROR(IF(M53="","",$G53*M53),"") | N64: =IFERROR(IF(N53="","",$G53*N53),"") | O64: =IFERROR(IF(O53="","",$G53*O53),"") | P64: =IFERROR(IF(P53="","",$G53*P53),"") | Q64: =IFERROR(IF(Q53="","",$G53*Q53),"") | ... DE64: =IFERROR(IF(DE53="","",$G53*DE53),"")
C65: =IF(ISBLANK(C54),"",C54) | H65: =+SUMPRODUCT(J$18:DE$18,J65:DE65) -> 0 | J65: =IFERROR(IF(J54="","",$G54*J54),"") | K65: =IFERROR(IF(K54="","",$G54*K54),"") | L65: =IFERROR(IF(L54="","",$G54*L54),"") | M65: =IFERROR(IF(M54="","",$G54*M54),"") | N65: =IFERROR(IF(N54="","",$G54*N54),"") | O65: =IFERROR(IF(O54="","",$G54*O54),"") | P65: =IFERROR(IF(P54="","",$G54*P54),"") | Q65: =IFERROR(IF(Q54="","",$G54*Q54),"") | ... DE65: =IFERROR(IF(DE54="","",$G54*DE54),"")
C66: =IF(ISBLANK(C55),"",C55) | H66: =+SUMPRODUCT(J$18:DE$18,J66:DE66) -> 0 | J66: =IFERROR(IF(J55="","",$G55*J55),"") | K66: =IFERROR(IF(K55="","",$G55*K55),"") | L66: =IFERROR(IF(L55="","",$G55*L55),"") | M66: =IFERROR(IF(M55="","",$G55*M55),"") | N66: =IFERROR(IF(N55="","",$G55*N55),"") | O66: =IFERROR(IF(O55="","",$G55*O55),"") | P66: =IFERROR(IF(P55="","",$G55*P55),"") | Q66: =IFERROR(IF(Q55="","",$G55*Q55),"") | ... DE66: =IFERROR(IF(DE55="","",$G55*DE55),"")
C67: =IF(ISBLANK(C56),"",C56) | H67: =+SUMPRODUCT(J$18:DE$18,J67:DE67) -> 0 | J67: =IFERROR(IF(J56="","",$G56*J56),"") | K67: =IFERROR(IF(K56="","",$G56*K56),"") | L67: =IFERROR(IF(L56="","",$G56*L56),"") | M67: =IFERROR(IF(M56="","",$G56*M56),"") | N67: =IFERROR(IF(N56="","",$G56*N56),"") | O67: =IFERROR(IF(O56="","",$G56*O56),"") | P67: =IFERROR(IF(P56="","",$G56*P56),"") | Q67: =IFERROR(IF(Q56="","",$G56*Q56),"") | ... DE67: =IFERROR(IF(DE56="","",$G56*DE56),"")
C68: Total operating expenses | H68: =+SUMPRODUCT(J$18:DE$18,J68:DE68) -> 0 | J68: =SUM(J58:J67)*J$18 -> 0 | K68: =SUM(K58:K67)*K$18 -> 0 | L68: =SUM(L58:L67)*L$18 -> 0 | M68: =SUM(M58:M67)*M$18 -> 0 | N68: =SUM(N58:N67)*N$18 -> 0 | O68: =SUM(O58:O67)*O$18 -> 0 | P68: =SUM(P58:P67)*P$18 -> 0 | Q68: =SUM(Q58:Q67)*Q$18 -> 0 | ... DE68: =SUM(DE58:DE67)*DE$18 -> 0
J70: =IF(OR(COUNTIF(G47,"*")>0,AND(COUNT(J47:BG47)>0,ISBLANK(G47))),"Warning","")
B71: REVENUES
B72: =IF(COUNTIF(B75:I94,"Warning")>0,"Please Correct","Ok") -> Ok
C74: Revenue name | G74: Unit of measure | J74: ='Budget Table Calculator'!$M$5 -> 2026 | K74: =J74+1 -> 2027 | L74: =K74+1 -> 2028 | M74: =L74+1 -> 2029 | N74: =M74+1 -> 2030 | O74: =N74+1 -> 2031 | P74: =O74+1 -> 2032 | Q74: =P74+1 -> 2033 | R74: =Q74+1 -> 2034 | ... DE74: =DD74+1 -> 2125
I75: =IF(OR(COUNTIFS(J$18:DE$18,1,J75:DE75,"<0")>0,COUNTIFS(J$18:DE$18,1,J75:DE75,"*")>0),"Warning","Quantity") -> Quantity
I76: {=IF(OR(IF(J$18:DE$18=1,ISNUMBER(J76:DE76)<>ISNUMBER(J75:DE75),0),COUNTIFS(J$18:DE$18,1,J76:DE76,"*")>0),"Warning","Unit price")} -> Unit price
I77: =IF(OR(COUNTIFS(J$18:DE$18,1,J77:DE77,"<0")>0,COUNTIFS(J$18:DE$18,1,J77:DE77,"*")>0),"Warning","Quantity") -> Quantity
I78: {=IF(OR(IF(J$18:DE$18=1,ISNUMBER(J78:DE78)<>ISNUMBER(J77:DE77),0),COUNTIFS(J$18:DE$18,1,J78:DE78,"*")>0),"Warning","Unit price")} -> Unit price
I79: =IF(OR(COUNTIFS(J$18:DE$18,1,J79:DE79,"<0")>0,COUNTIFS(J$18:DE$18,1,J79:DE79,"*")>0),"Warning","Quantity") -> Quantity
I80: {=IF(OR(IF(J$18:DE$18=1,ISNUMBER(J80:DE80)<>ISNUMBER(J79:DE79),0),COUNTIFS(J$18:DE$18,1,J80:DE80,"*")>0),"Warning","Unit price")} -> Unit price
I81: =IF(OR(COUNTIFS(J$18:DE$18,1,J81:DE81,"<0")>0,COUNTIFS(J$18:DE$18,1,J81:DE81,"*")>0),"Warning","Quantity") -> Quantity
I82: {=IF(OR(IF(J$18:DE$18=1,ISNUMBER(J82:DE82)<>ISNUMBER(J81:DE81),0),COUNTIFS(J$18:DE$18,1,J82:DE82,"*")>0),"Warning","Unit price")} -> Unit price
I83: =IF(OR(COUNTIFS(J$18:DE$18,1,J83:DE83,"<0")>0,COUNTIFS(J$18:DE$18,1,J83:DE83,"*")>0),"Warning","Quantity") -> Quantity
I84: {=IF(OR(IF(J$18:DE$18=1,ISNUMBER(J84:DE84)<>ISNUMBER(J83:DE83),0),COUNTIFS(J$18:DE$18,1,J84:DE84,"*")>0),"Warning","Unit price")} -> Unit price
I85: =IF(OR(COUNTIFS(J$18:DE$18,1,J85:DE85,"<0")>0,COUNTIFS(J$18:DE$18,1,J85:DE85,"*")>0),"Warning","Quantity") -> Quantity
I86: {=IF(OR(IF(J$18:DE$18=1,ISNUMBER(J86:DE86)<>ISNUMBER(J85:DE85),0),COUNTIFS(J$18:DE$18,1,J86:DE86,"*")>0),"Warning","Unit price")} -> Unit price
I87: =IF(OR(COUNTIFS(J$18:DE$18,1,J87:DE87,"<0")>0,COUNTIFS(J$18:DE$18,1,J87:DE87,"*")>0),"Warning","Quantity") -> Quantity
I88: {=IF(OR(IF(J$18:DE$18=1,ISNUMBER(J88:DE88)<>ISNUMBER(J87:DE87),0),COUNTIFS(J$18:DE$18,1,J88:DE88,"*")>0),"Warning","Unit price")} -> Unit price
I89: =IF(OR(COUNTIFS(J$18:DE$18,1,J89:DE89,"<0")>0,COUNTIFS(J$18:DE$18,1,J89:DE89,"*")>0),"Warning","Quantity") -> Quantity
I90: {=IF(OR(IF(J$18:DE$18=1,ISNUMBER(J90:DE90)<>ISNUMBER(J89:DE89),0),COUNTIFS(J$18:DE$18,1,J90:DE90,"*")>0),"Warning","Unit price")} -> Unit price
I91: =IF(OR(COUNTIFS(J$18:DE$18,1,J91:DE91,"<0")>0,COUNTIFS(J$18:DE$18,1,J91:DE91,"*")>0),"Warning","Quantity") -> Quantity
I92: {=IF(OR(IF(J$18:DE$18=1,ISNUMBER(J92:DE92)<>ISNUMBER(J91:DE91),0),COUNTIFS(J$18:DE$18,1,J92:DE92,"*")>0),"Warning","Unit price")} -> Unit price
I93: =IF(OR(COUNTIFS(J$18:DE$18,1,J93:DE93,"<0")>0,COUNTIFS(J$18:DE$18,1,J93:DE93,"*")>0),"Warning","Quantity") -> Quantity
I94: {=IF(OR(IF(J$18:DE$18=1,ISNUMBER(J94:DE94)<>ISNUMBER(J93:DE93),0),COUNTIFS(J$18:DE$18,1,J94:DE94,"*")>0),"Warning","Unit price")} -> Unit price
H95: Total
C96: =IF(ISBLANK(C75),"",C75) | H96: =+SUMPRODUCT(J$18:DE$18,J96:DE96) -> 0 | J96: =IFERROR(IF(J75="","",J75*J76),"") | K96: =IFERROR(IF(K75="","",K75*K76),"") | L96: =IFERROR(IF(L75="","",L75*L76),"") | M96: =IFERROR(IF(M75="","",M75*M76),"") | N96: =IFERROR(IF(N75="","",N75*N76),"") | O96: =IFERROR(IF(O75="","",O75*O76),"") | P96: =IFERROR(IF(P75="","",P75*P76),"") | Q96: =IFERROR(IF(Q75="","",Q75*Q76),"") | ... DE96: =IFERROR(IF(DE75="","",DE75*DE76),"")
C97: =IF(ISBLANK(C77),"",C77) | H97: =+SUMPRODUCT(J$18:DE$18,J97:DE97) -> 0 | J97: =IFERROR(IF(J77="","",J77*J78),"") | K97: =IFERROR(IF(K77="","",K77*K78),"") | L97: =IFERROR(IF(L77="","",L77*L78),"") | M97: =IFERROR(IF(M77="","",M77*M78),"") | N97: =IFERROR(IF(N77="","",N77*N78),"") | O97: =IFERROR(IF(O77="","",O77*O78),"") | P97: =IFERROR(IF(P77="","",P77*P78),"") | Q97: =IFERROR(IF(Q77="","",Q77*Q78),"") | ... DE97: =IFERROR(IF(DE77="","",DE77*DE78),"")
C98: =IF(ISBLANK(C79),"",C79) | H98: =+SUMPRODUCT(J$18:DE$18,J98:DE98) -> 0 | J98: =IFERROR(IF(J79="","",J79*J80),"") | K98: =IFERROR(IF(K79="","",K79*K80),"") | L98: =IFERROR(IF(L79="","",L79*L80),"") | M98: =IFERROR(IF(M79="","",M79*M80),"") | N98: =IFERROR(IF(N79="","",N79*N80),"") | O98: =IFERROR(IF(O79="","",O79*O80),"") | P98: =IFERROR(IF(P79="","",P79*P80),"") | Q98: =IFERROR(IF(Q79="","",Q79*Q80),"") | ... DE98: =IFERROR(IF(DE79="","",DE79*DE80),"")
C99: =IF(ISBLANK(C81),"",C81) | H99: =+SUMPRODUCT(J$18:DE$18,J99:DE99) -> 0 | J99: =IFERROR(IF(J81="","",J81*J82),"") | K99: =IFERROR(IF(K81="","",K81*K82),"") | L99: =IFERROR(IF(L81="","",L81*L82),"") | M99: =IFERROR(IF(M81="","",M81*M82),"") | N99: =IFERROR(IF(N81="","",N81*N82),"") | O99: =IFERROR(IF(O81="","",O81*O82),"") | P99: =IFERROR(IF(P81="","",P81*P82),"") | Q99: =IFERROR(IF(Q81="","",Q81*Q82),"") | ... DE99: =IFERROR(IF(DE81="","",DE81*DE82),"")
C100: =IF(ISBLANK(C83),"",C83) | H100: =+SUMPRODUCT(J$18:DE$18,J100:DE100) -> 0 | J100: =IFERROR(IF(J83="","",J83*J84),"") | K100: =IFERROR(IF(K83="","",K83*K84),"") | L100: =IFERROR(IF(L83="","",L83*L84),"") | M100: =IFERROR(IF(M83="","",M83*M84),"") | N100: =IFERROR(IF(N83="","",N83*N84),"") | O100: =IFERROR(IF(O83="","",O83*O84),"") | P100: =IFERROR(IF(P83="","",P83*P84),"") | Q100: =IFERROR(IF(Q83="","",Q83*Q84),"") | ... DE100: =IFERROR(IF(DE83="","",DE83*DE84),"")
C101: =IF(ISBLANK(C85),"",C85) | H101: =+SUMPRODUCT(J$18:DE$18,J101:DE101) -> 0 | J101: =IFERROR(IF(J85="","",J85*J86),"") | K101: =IFERROR(IF(K85="","",K85*K86),"") | L101: =IFERROR(IF(L85="","",L85*L86),"") | M101: =IFERROR(IF(M85="","",M85*M86),"") | N101: =IFERROR(IF(N85="","",N85*N86),"") | O101: =IFERROR(IF(O85="","",O85*O86),"") | P101: =IFERROR(IF(P85="","",P85*P86),"") | Q101: =IFERROR(IF(Q85="","",Q85*Q86),"") | ... DE101: =IFERROR(IF(DE85="","",DE85*DE86),"")
C102: =IF(ISBLANK(C87),"",C87) | H102: =+SUMPRODUCT(J$18:DE$18,J102:DE102) -> 0 | J102: =IFERROR(IF(J87="","",J87*J88),"") | K102: =IFERROR(IF(K87="","",K87*K88),"") | L102: =IFERROR(IF(L87="","",L87*L88),"") | M102: =IFERROR(IF(M87="","",M87*M88),"") | N102: =IFERROR(IF(N87="","",N87*N88),"") | O102: =IFERROR(IF(O87="","",O87*O88),"") | P102: =IFERROR(IF(P87="","",P87*P88),"") | Q102: =IFERROR(IF(Q87="","",Q87*Q88),"") | ... DE102: =IFERROR(IF(DE87="","",DE87*DE88),"")
C103: =IF(ISBLANK(C89),"",C89) | H103: =+SUMPRODUCT(J$18:DE$18,J103:DE103) -> 0 | J103: =IFERROR(IF(J89="","",J89*J90),"") | K103: =IFERROR(IF(K89="","",K89*K90),"") | L103: =IFERROR(IF(L89="","",L89*L90),"") | M103: =IFERROR(IF(M89="","",M89*M90),"") | N103: =IFERROR(IF(N89="","",N89*N90),"") | O103: =IFERROR(IF(O89="","",O89*O90),"") | P103: =IFERROR(IF(P89="","",P89*P90),"") | Q103: =IFERROR(IF(Q89="","",Q89*Q90),"") | ... DE103: =IFERROR(IF(DE89="","",DE89*DE90),"")
C104: =IF(ISBLANK(C91),"",C91) | H104: =+SUMPRODUCT(J$18:DE$18,J104:DE104) -> 0 | J104: =IFERROR(IF(J91="","",J91*J92),"") | K104: =IFERROR(IF(K91="","",K91*K92),"") | L104: =IFERROR(IF(L91="","",L91*L92),"") | M104: =IFERROR(IF(M91="","",M91*M92),"") | N104: =IFERROR(IF(N91="","",N91*N92),"") | O104: =IFERROR(IF(O91="","",O91*O92),"") | P104: =IFERROR(IF(P91="","",P91*P92),"") | Q104: =IFERROR(IF(Q91="","",Q91*Q92),"") | ... DE104: =IFERROR(IF(DE91="","",DE91*DE92),"")
C105: =IF(ISBLANK(C93),"",C93) | H105: =+SUMPRODUCT(J$18:DE$18,J105:DE105) -> 0 | J105: =IFERROR(IF(J93="","",J93*J94),"") | K105: =IFERROR(IF(K93="","",K93*K94),"") | L105: =IFERROR(IF(L93="","",L93*L94),"") | M105: =IFERROR(IF(M93="","",M93*M94),"") | N105: =IFERROR(IF(N93="","",N93*N94),"") | O105: =IFERROR(IF(O93="","",O93*O94),"") | P105: =IFERROR(IF(P93="","",P93*P94),"") | Q105: =IFERROR(IF(Q93="","",Q93*Q94),"") | ... DE105: =IFERROR(IF(DE93="","",DE93*DE94),"")
C106: Total revenues | H106: =+SUMPRODUCT(J$18:DE$18,J106:DE106) -> 0 | J106: =SUM(J96:J105)*J$18 -> 0 | K106: =SUM(K96:K105)*K$18 -> 0 | L106: =SUM(L96:L105)*L$18 -> 0 | M106: =SUM(M96:M105)*M$18 -> 0 | N106: =SUM(N96:N105)*N$18 -> 0 | O106: =SUM(O96:O105)*O$18 -> 0 | P106: =SUM(P96:P105)*P$18 -> 0 | Q106: =SUM(Q96:Q105)*Q$18 -> 0 | ... DE106: =SUM(DE96:DE105)*DE$18 -> 0
B109: APPLICANT COMMENTS
C111: Comments

Sheet Input Sheet 5
D3: JTM - PUBLIC SECTOR LOAN FACILITY
D5: =CONCATENATE("Project Number: ","") -> Project Number: | G5: =+Project_Number -> 0
B8: =+COUNTIF(B10:B108,"Ok") -> 4
B9: MAIN ASSUMPTIONS OF THE ANALYSIS
B10: =IF(COUNTIF(I11:I13,"Warning")>0,"Please Correct","Ok") -> Ok
D11: Reference period (n of years) | G11: 5 | I11: =IF(OR(G11<0,ISTEXT(G11)),"Warning","")
D12: First year (Start of Project) | G12: ='Budget Table Calculator'!$M$5 -> 2026 | I12: =IF(OR(G12<'Budget Table Calculator'!$M$5,ISTEXT(G12)),"Warning","")
D13: Last year in the reference | G13: =+G12+G11-1 -> 2030
B15: INVESTMENT COSTS
B16: =IF(COUNTIF(B20:G40,"Warning")>0,"Please Correct","Ok") -> Ok
C17: Initial investment
J18: =IF($G$13>=J19,1,0) -> 1 | K18: =IF($G$13>=K19,1,0) -> 1 | L18: =IF($G$13>=L19,1,0) -> 1 | M18: =IF($G$13>=M19,1,0) -> 1 | N18: =IF($G$13>=N19,1,0) -> 1 | O18: =IF($G$13>=O19,1,0) -> 0 | P18: =IF($G$13>=P19,1,0) -> 0 | Q18: =IF($G$13>=Q19,1,0) -> 0 | ... DE18: =IF($G$13>=DE19,1,0) -> 0
C19: Capital expenditure item/category (see Notice tab - cell L71) | H19: Total | J19: ='Budget Table Calculator'!$M$5 -> 2026 | K19: =+J19+1 -> 2027 | L19: =+K19+1 -> 2028 | M19: =+L19+1 -> 2029 | N19: =+M19+1 -> 2030 | O19: =+N19+1 -> 2031 | P19: =+O19+1 -> 2032 | Q19: =+P19+1 -> 2033 | R19: =+Q19+1 -> 2034 | ... DE19: =+DD19+1 -> 2125
G20: =IF(COUNTIFS(J$18:DE$18,1,J20:DE20,"*")>0,"Warning","") | H20: =+SUMPRODUCT(J$18:DE$18,J20:DE20) -> 0
G21: =IF(COUNTIFS(J$18:DE$18,1,J21:DE21,"*")>0,"Warning","") | H21: =+SUMPRODUCT(J$18:DE$18,J21:DE21) -> 0
G22: =IF(COUNTIFS(J$18:DE$18,1,J22:DE22,"*")>0,"Warning","") | H22: =+SUMPRODUCT(J$18:DE$18,J22:DE22) -> 0
G23: =IF(COUNTIFS(J$18:DE$18,1,J23:DE23,"*")>0,"Warning","") | H23: =+SUMPRODUCT(J$18:DE$18,J23:DE23) -> 0
G24: =IF(COUNTIFS(J$18:DE$18,1,J24:DE24,"*")>0,"Warning","") | H24: =+SUMPRODUCT(J$18:DE$18,J24:DE24) -> 0
G25: =IF(COUNTIFS(J$18:DE$18,1,J25:DE25,"*")>0,"Warning","") | H25: =+SUMPRODUCT(J$18:DE$18,J25:DE25) -> 0
G26: =IF(COUNTIFS(J$18:DE$18,1,J26:DE26,"*")>0,"Warning","") | H26: =+SUMPRODUCT(J$18:DE$18,J26:DE26) -> 0
G27: =IF(COUNTIFS(J$18:DE$18,1,J27:DE27,"*")>0,"Warning","") | H27: =+SUMPRODUCT(J$18:DE$18,J27:DE27) -> 0
G28: =IF(COUNTIFS(J$18:DE$18,1,J28:DE28,"*")>0,"Warning","") | H28: =+SUMPRODUCT(J$18:DE$18,J28:DE28) -> 0
G29: =IF(COUNTIFS(J$18:DE$18,1,J29:DE29,"*")>0,"Warning","") | H29: =+SUMPRODUCT(J$18:DE$18,J29:DE29) -> 0
H30: Total
G31: =IF(COUNTIFS(J$18:DE$18,1,J31:DE31,"*")>0,"Warning","") | H31: =+SUMPRODUCT(J$18:DE$18,J31:DE31) -> 0 | J31: =SUM(J20:J29) * J$18 -> 0 | K31: =SUM(K20:K29) * K$18 -> 0 | L31: =SUM(L20:L29) * L$18 -> 0 | M31: =SUM(M20:M29) * M$18 -> 0 | N31: =SUM(N20:N29) * N$18 -> 0 | O31: =SUM(O20:O29) * O$18 -> 0 | P31: =SUM(P20:P29) * P$18 -> 0 | Q31: =SUM(Q20:Q29) * Q$18 -> 0 | ... DE31: =SUM(DE20:DE29) * DE$18 -> 0
C33: Replacement costs
H34: Total | J34: ='Budget Table Calculator'!$M$5 -> 2026 | K34: =+J34+1 -> 2027 | L34: =+K34+1 -> 2028 | M34: =+L34+1 -> 2029 | N34: =+M34+1 -> 2030 | O34: =+N34+1 -> 2031 | P34: =+O34+1 -> 2032 | Q34: =+P34+1 -> 2033 | R34: =+Q34+1 -> 2034 | ... DE34: =+DD34+1 -> 2125
C35: Replacement costs | G35: =IF(OR(COUNTIFS(J$18:DE$18,1,J35:DE35,"<0")>0,COUNTIFS(J$18:DE$18,1,J35:DE35,"*")>0),"Warning","") | H35: =+SUMPRODUCT(J$18:DE$18,J35:DE35) -> 0
C38: Residual value
D39: Year | E39: =+G13 -> 2030
D40: Amount | G40: =IF(OR(ISTEXT(E40),E40<0),"Warning","")
B43: OPERATING EXPENSES
B44: =IF(COUNTIF(B47:H56,"Warning")>0,"Please Correct","Ok") -> Ok
C46: Service name | G46: Unit cost | I46: Unit of measure | J46: ='Budget Table Calculator'!$M$5 -> 2026 | K46: =J46+1 -> 2027 | L46: =K46+1 -> 2028 | M46: =L46+1 -> 2029 | N46: =M46+1 -> 2030 | O46: =N46+1 -> 2031 | P46: =O46+1 -> 2032 | Q46: =P46+1 -> 2033 | R46: =Q46+1 -> 2034 | ... DE46: =DD46+1 -> 2125
H47: =IF(OR(COUNTIFS(J$18:DE$18,1,J47:DE47,"<0")>0,COUNTIFS(J$18:DE$18,1,J47:DE47,"*")>0,ISNUMBER(I47),COUNTIF(G47,"*")>0,COUNTIF(G47,"*")>0,AND(COUNTIFS(J$18:DE$18,1,J47:DE47,">0"),ISBLANK(G47))),"Warning","")
H48: =IF(OR(COUNTIFS(J$18:DE$18,1,J48:DE48,"<0")>0,COUNTIFS(J$18:DE$18,1,J48:DE48,"*")>0,ISNUMBER(I48),COUNTIF(G48,"*")>0,COUNTIF(G48,"*")>0,AND(COUNTIFS(J$18:DE$18,1,J48:DE48,">0"),ISBLANK(G48))),"Warning","")
H49: =IF(OR(COUNTIFS(J$18:DE$18,1,J49:DE49,"<0")>0,COUNTIFS(J$18:DE$18,1,J49:DE49,"*")>0,ISNUMBER(I49),COUNTIF(G49,"*")>0,COUNTIF(G49,"*")>0,AND(COUNTIFS(J$18:DE$18,1,J49:DE49,">0"),ISBLANK(G49))),"Warning","")
H50: =IF(OR(COUNTIFS(J$18:DE$18,1,J50:DE50,"<0")>0,COUNTIFS(J$18:DE$18,1,J50:DE50,"*")>0,ISNUMBER(I50),COUNTIF(G50,"*")>0,COUNTIF(G50,"*")>0,AND(COUNTIFS(J$18:DE$18,1,J50:DE50,">0"),ISBLANK(G50))),"Warning","")
H51: =IF(OR(COUNTIFS(J$18:DE$18,1,J51:DE51,"<0")>0,COUNTIFS(J$18:DE$18,1,J51:DE51,"*")>0,ISNUMBER(I51),COUNTIF(G51,"*")>0,COUNTIF(G51,"*")>0,AND(COUNTIFS(J$18:DE$18,1,J51:DE51,">0"),ISBLANK(G51))),"Warning","")
H52: =IF(OR(COUNTIFS(J$18:DE$18,1,J52:DE52,"<0")>0,COUNTIFS(J$18:DE$18,1,J52:DE52,"*")>0,ISNUMBER(I52),COUNTIF(G52,"*")>0,COUNTIF(G52,"*")>0,AND(COUNTIFS(J$18:DE$18,1,J52:DE52,">0"),ISBLANK(G52))),"Warning","")
H53: =IF(OR(COUNTIFS(J$18:DE$18,1,J53:DE53,"<0")>0,COUNTIFS(J$18:DE$18,1,J53:DE53,"*")>0,ISNUMBER(I53),COUNTIF(G53,"*")>0,COUNTIF(G53,"*")>0,AND(COUNTIFS(J$18:DE$18,1,J53:DE53,">0"),ISBLANK(G53))),"Warning","")
H54: =IF(OR(COUNTIFS(J$18:DE$18,1,J54:DE54,"<0")>0,COUNTIFS(J$18:DE$18,1,J54:DE54,"*")>0,ISNUMBER(I54),COUNTIF(G54,"*")>0,COUNTIF(G54,"*")>0,AND(COUNTIFS(J$18:DE$18,1,J54:DE54,">0"),ISBLANK(G54))),"Warning","")
H55: =IF(OR(COUNTIFS(J$18:DE$18,1,J55:DE55,"<0")>0,COUNTIFS(J$18:DE$18,1,J55:DE55,"*")>0,ISNUMBER(I55),COUNTIF(G55,"*")>0,COUNTIF(G55,"*")>0,AND(COUNTIFS(J$18:DE$18,1,J55:DE55,">0"),ISBLANK(G55))),"Warning","")
H56: =IF(OR(COUNTIFS(J$18:DE$18,1,J56:DE56,"<0")>0,COUNTIFS(J$18:DE$18,1,J56:DE56,"*")>0,ISNUMBER(I56),COUNTIF(G56,"*")>0,COUNTIF(G56,"*")>0,AND(COUNTIFS(J$18:DE$18,1,J56:DE56,">0"),ISBLANK(G56))),"Warning","")
H57: Total
C58: =IF(ISBLANK(C47),"",C47) | H58: =+SUMPRODUCT(J$18:DE$18,J58:DE58) -> 0 | J58: =IFERROR(IF(J47="","",$G47*J47),"") | K58: =IFERROR(IF(K47="","",$G47*K47),"") | L58: =IFERROR(IF(L47="","",$G47*L47),"") | M58: =IFERROR(IF(M47="","",$G47*M47),"") | N58: =IFERROR(IF(N47="","",$G47*N47),"") | O58: =IFERROR(IF(O47="","",$G47*O47),"") | P58: =IFERROR(IF(P47="","",$G47*P47),"") | Q58: =IFERROR(IF(Q47="","",$G47*Q47),"") | ... DE58: =IFERROR(IF(DE47="","",$G47*DE47),"")
C59: =IF(ISBLANK(C48),"",C48) | H59: =+SUMPRODUCT(J$18:DE$18,J59:DE59) -> 0 | J59: =IFERROR(IF(J48="","",$G48*J48),"") | K59: =IFERROR(IF(K48="","",$G48*K48),"") | L59: =IFERROR(IF(L48="","",$G48*L48),"") | M59: =IFERROR(IF(M48="","",$G48*M48),"") | N59: =IFERROR(IF(N48="","",$G48*N48),"") | O59: =IFERROR(IF(O48="","",$G48*O48),"") | P59: =IFERROR(IF(P48="","",$G48*P48),"") | Q59: =IFERROR(IF(Q48="","",$G48*Q48),"") | ... DE59: =IFERROR(IF(DE48="","",$G48*DE48),"")
C60: =IF(ISBLANK(C49),"",C49) | H60: =+SUMPRODUCT(J$18:DE$18,J60:DE60) -> 0 | J60: =IFERROR(IF(J49="","",$G49*J49),"") | K60: =IFERROR(IF(K49="","",$G49*K49),"") | L60: =IFERROR(IF(L49="","",$G49*L49),"") | M60: =IFERROR(IF(M49="","",$G49*M49),"") | N60: =IFERROR(IF(N49="","",$G49*N49),"") | O60: =IFERROR(IF(O49="","",$G49*O49),"") | P60: =IFERROR(IF(P49="","",$G49*P49),"") | Q60: =IFERROR(IF(Q49="","",$G49*Q49),"") | ... DE60: =IFERROR(IF(DE49="","",$G49*DE49),"")
C61: =IF(ISBLANK(C50),"",C50) | H61: =+SUMPRODUCT(J$18:DE$18,J61:DE61) -> 0 | J61: =IFERROR(IF(J50="","",$G50*J50),"") | K61: =IFERROR(IF(K50="","",$G50*K50),"") | L61: =IFERROR(IF(L50="","",$G50*L50),"") | M61: =IFERROR(IF(M50="","",$G50*M50),"") | N61: =IFERROR(IF(N50="","",$G50*N50),"") | O61: =IFERROR(IF(O50="","",$G50*O50),"") | P61: =IFERROR(IF(P50="","",$G50*P50),"") | Q61: =IFERROR(IF(Q50="","",$G50*Q50),"") | ... DE61: =IFERROR(IF(DE50="","",$G50*DE50),"")
C62: =IF(ISBLANK(C51),"",C51) | H62: =+SUMPRODUCT(J$18:DE$18,J62:DE62) -> 0 | J62: =IFERROR(IF(J51="","",$G51*J51),"") | K62: =IFERROR(IF(K51="","",$G51*K51),"") | L62: =IFERROR(IF(L51="","",$G51*L51),"") | M62: =IFERROR(IF(M51="","",$G51*M51),"") | N62: =IFERROR(IF(N51="","",$G51*N51),"") | O62: =IFERROR(IF(O51="","",$G51*O51),"") | P62: =IFERROR(IF(P51="","",$G51*P51),"") | Q62: =IFERROR(IF(Q51="","",$G51*Q51),"") | ... DE62: =IFERROR(IF(DE51="","",$G51*DE51),"")
C63: =IF(ISBLANK(C52),"",C52) | H63: =+SUMPRODUCT(J$18:DE$18,J63:DE63) -> 0 | J63: =IFERROR(IF(J52="","",$G52*J52),"") | K63: =IFERROR(IF(K52="","",$G52*K52),"") | L63: =IFERROR(IF(L52="","",$G52*L52),"") | M63: =IFERROR(IF(M52="","",$G52*M52),"") | N63: =IFERROR(IF(N52="","",$G52*N52),"") | O63: =IFERROR(IF(O52="","",$G52*O52),"") | P63: =IFERROR(IF(P52="","",$G52*P52),"") | Q63: =IFERROR(IF(Q52="","",$G52*Q52),"") | ... DE63: =IFERROR(IF(DE52="","",$G52*DE52),"")
C64: =IF(ISBLANK(C53),"",C53) | H64: =+SUMPRODUCT(J$18:DE$18,J64:DE64) -> 0 | J64: =IFERROR(IF(J53="","",$G53*J53),"") | K64: =IFERROR(IF(K53="","",$G53*K53),"") | L64: =IFERROR(IF(L53="","",$G53*L53),"") | M64: =IFERROR(IF(M53="","",$G53*M53),"") | N64: =IFERROR(IF(N53="","",$G53*N53),"") | O64: =IFERROR(IF(O53="","",$G53*O53),"") | P64: =IFERROR(IF(P53="","",$G53*P53),"") | Q64: =IFERROR(IF(Q53="","",$G53*Q53),"") | ... DE64: =IFERROR(IF(DE53="","",$G53*DE53),"")
C65: =IF(ISBLANK(C54),"",C54) | H65: =+SUMPRODUCT(J$18:DE$18,J65:DE65) -> 0 | J65: =IFERROR(IF(J54="","",$G54*J54),"") | K65: =IFERROR(IF(K54="","",$G54*K54),"") | L65: =IFERROR(IF(L54="","",$G54*L54),"") | M65: =IFERROR(IF(M54="","",$G54*M54),"") | N65: =IFERROR(IF(N54="","",$G54*N54),"") | O65: =IFERROR(IF(O54="","",$G54*O54),"") | P65: =IFERROR(IF(P54="","",$G54*P54),"") | Q65: =IFERROR(IF(Q54="","",$G54*Q54),"") | ... DE65: =IFERROR(IF(DE54="","",$G54*DE54),"")
C66: =IF(ISBLANK(C55),"",C55) | H66: =+SUMPRODUCT(J$18:DE$18,J66:DE66) -> 0 | J66: =IFERROR(IF(J55="","",$G55*J55),"") | K66: =IFERROR(IF(K55="","",$G55*K55),"") | L66: =IFERROR(IF(L55="","",$G55*L55),"") | M66: =IFERROR(IF(M55="","",$G55*M55),"") | N66: =IFERROR(IF(N55="","",$G55*N55),"") | O66: =IFERROR(IF(O55="","",$G55*O55),"") | P66: =IFERROR(IF(P55="","",$G55*P55),"") | Q66: =IFERROR(IF(Q55="","",$G55*Q55),"") | ... DE66: =IFERROR(IF(DE55="","",$G55*DE55),"")
C67: =IF(ISBLANK(C56),"",C56) | H67: =+SUMPRODUCT(J$18:DE$18,J67:DE67) -> 0 | J67: =IFERROR(IF(J56="","",$G56*J56),"") | K67: =IFERROR(IF(K56="","",$G56*K56),"") | L67: =IFERROR(IF(L56="","",$G56*L56),"") | M67: =IFERROR(IF(M56="","",$G56*M56),"") | N67: =IFERROR(IF(N56="","",$G56*N56),"") | O67: =IFERROR(IF(O56="","",$G56*O56),"") | P67: =IFERROR(IF(P56="","",$G56*P56),"") | Q67: =IFERROR(IF(Q56="","",$G56*Q56),"") | ... DE67: =IFERROR(IF(DE56="","",$G56*DE56),"")
C68: Total operating expenses | H68: =+SUMPRODUCT(J$18:DE$18,J68:DE68) -> 0 | J68: =SUM(J58:J67)*J$18 -> 0 | K68: =SUM(K58:K67)*K$18 -> 0 | L68: =SUM(L58:L67)*L$18 -> 0 | M68: =SUM(M58:M67)*M$18 -> 0 | N68: =SUM(N58:N67)*N$18 -> 0 | O68: =SUM(O58:O67)*O$18 -> 0 | P68: =SUM(P58:P67)*P$18 -> 0 | Q68: =SUM(Q58:Q67)*Q$18 -> 0 | ... DE68: =SUM(DE58:DE67)*DE$18 -> 0
J70: =IF(OR(COUNTIF(G47,"*")>0,AND(COUNT(J47:BG47)>0,ISBLANK(G47))),"Warning","")
B71: REVENUES
B72: =IF(COUNTIF(B75:I94,"Warning")>0,"Please Correct","Ok") -> Ok
C74: Revenue name | G74: Unit of measure | J74: ='Budget Table Calculator'!$M$5 -> 2026 | K74: =J74+1 -> 2027 | L74: =K74+1 -> 2028 | M74: =L74+1 -> 2029 | N74: =M74+1 -> 2030 | O74: =N74+1 -> 2031 | P74: =O74+1 -> 2032 | Q74: =P74+1 -> 2033 | R74: =Q74+1 -> 2034 | ... DE74: =DD74+1 -> 2125
I75: =IF(OR(COUNTIFS(J$18:DE$18,1,J75:DE75,"<0")>0,COUNTIFS(J$18:DE$18,1,J75:DE75,"*")>0),"Warning","Quantity") -> Quantity
I76: {=IF(OR(IF(J$18:DE$18=1,ISNUMBER(J76:DE76)<>ISNUMBER(J75:DE75),0),COUNTIFS(J$18:DE$18,1,J76:DE76,"*")>0),"Warning","Unit price")} -> Unit price
I77: =IF(OR(COUNTIFS(J$18:DE$18,1,J77:DE77,"<0")>0,COUNTIFS(J$18:DE$18,1,J77:DE77,"*")>0),"Warning","Quantity") -> Quantity
I78: {=IF(OR(IF(J$18:DE$18=1,ISNUMBER(J78:DE78)<>ISNUMBER(J77:DE77),0),COUNTIFS(J$18:DE$18,1,J78:DE78,"*")>0),"Warning","Unit price")} -> Unit price
I79: =IF(OR(COUNTIFS(J$18:DE$18,1,J79:DE79,"<0")>0,COUNTIFS(J$18:DE$18,1,J79:DE79,"*")>0),"Warning","Quantity") -> Quantity
I80: {=IF(OR(IF(J$18:DE$18=1,ISNUMBER(J80:DE80)<>ISNUMBER(J79:DE79),0),COUNTIFS(J$18:DE$18,1,J80:DE80,"*")>0),"Warning","Unit price")} -> Unit price
I81: =IF(OR(COUNTIFS(J$18:DE$18,1,J81:DE81,"<0")>0,COUNTIFS(J$18:DE$18,1,J81:DE81,"*")>0),"Warning","Quantity") -> Quantity
I82: {=IF(OR(IF(J$18:DE$18=1,ISNUMBER(J82:DE82)<>ISNUMBER(J81:DE81),0),COUNTIFS(J$18:DE$18,1,J82:DE82,"*")>0),"Warning","Unit price")} -> Unit price
I83: =IF(OR(COUNTIFS(J$18:DE$18,1,J83:DE83,"<0")>0,COUNTIFS(J$18:DE$18,1,J83:DE83,"*")>0),"Warning","Quantity") -> Quantity
I84: {=IF(OR(IF(J$18:DE$18=1,ISNUMBER(J84:DE84)<>ISNUMBER(J83:DE83),0),COUNTIFS(J$18:DE$18,1,J84:DE84,"*")>0),"Warning","Unit price")} -> Unit price
I85: =IF(OR(COUNTIFS(J$18:DE$18,1,J85:DE85,"<0")>0,COUNTIFS(J$18:DE$18,1,J85:DE85,"*")>0),"Warning","Quantity") -> Quantity
I86: {=IF(OR(IF(J$18:DE$18=1,ISNUMBER(J86:DE86)<>ISNUMBER(J85:DE85),0),COUNTIFS(J$18:DE$18,1,J86:DE86,"*")>0),"Warning","Unit price")} -> Unit price
I87: =IF(OR(COUNTIFS(J$18:DE$18,1,J87:DE87,"<0")>0,COUNTIFS(J$18:DE$18,1,J87:DE87,"*")>0),"Warning","Quantity") -> Quantity
I88: {=IF(OR(IF(J$18:DE$18=1,ISNUMBER(J88:DE88)<>ISNUMBER(J87:DE87),0),COUNTIFS(J$18:DE$18,1,J88:DE88,"*")>0),"Warning","Unit price")} -> Unit price
I89: =IF(OR(COUNTIFS(J$18:DE$18,1,J89:DE89,"<0")>0,COUNTIFS(J$18:DE$18,1,J89:DE89,"*")>0),"Warning","Quantity") -> Quantity
I90: {=IF(OR(IF(J$18:DE$18=1,ISNUMBER(J90:DE90)<>ISNUMBER(J89:DE89),0),COUNTIFS(J$18:DE$18,1,J90:DE90,"*")>0),"Warning","Unit price")} -> Unit price
I91: =IF(OR(COUNTIFS(J$18:DE$18,1,J91:DE91,"<0")>0,COUNTIFS(J$18:DE$18,1,J91:DE91,"*")>0),"Warning","Quantity") -> Quantity
I92: {=IF(OR(IF(J$18:DE$18=1,ISNUMBER(J92:DE92)<>ISNUMBER(J91:DE91),0),COUNTIFS(J$18:DE$18,1,J92:DE92,"*")>0),"Warning","Unit price")} -> Unit price
I93: =IF(OR(COUNTIFS(J$18:DE$18,1,J93:DE93,"<0")>0,COUNTIFS(J$18:DE$18,1,J93:DE93,"*")>0),"Warning","Quantity") -> Quantity
I94: {=IF(OR(IF(J$18:DE$18=1,ISNUMBER(J94:DE94)<>ISNUMBER(J93:DE93),0),COUNTIFS(J$18:DE$18,1,J94:DE94,"*")>0),"Warning","Unit price")} -> Unit price
H95: Total
C96: =IF(ISBLANK(C75),"",C75) | H96: =+SUMPRODUCT(J$18:DE$18,J96:DE96) -> 0 | J96: =IFERROR(IF(J75="","",J75*J76),"") | K96: =IFERROR(IF(K75="","",K75*K76),"") | L96: =IFERROR(IF(L75="","",L75*L76),"") | M96: =IFERROR(IF(M75="","",M75*M76),"") | N96: =IFERROR(IF(N75="","",N75*N76),"") | O96: =IFERROR(IF(O75="","",O75*O76),"") | P96: =IFERROR(IF(P75="","",P75*P76),"") | Q96: =IFERROR(IF(Q75="","",Q75*Q76),"") | ... DE96: =IFERROR(IF(DE75="","",DE75*DE76),"")
C97: =IF(ISBLANK(C77),"",C77) | H97: =+SUMPRODUCT(J$18:DE$18,J97:DE97) -> 0 | J97: =IFERROR(IF(J77="","",J77*J78),"") | K97: =IFERROR(IF(K77="","",K77*K78),"") | L97: =IFERROR(IF(L77="","",L77*L78),"") | M97: =IFERROR(IF(M77="","",M77*M78),"") | N97: =IFERROR(IF(N77="","",N77*N78),"") | O97: =IFERROR(IF(O77="","",O77*O78),"") | P97: =IFERROR(IF(P77="","",P77*P78),"") | Q97: =IFERROR(IF(Q77="","",Q77*Q78),"") | ... DE97: =IFERROR(IF(DE77="","",DE77*DE78),"")
C98: =IF(ISBLANK(C79),"",C79) | H98: =+SUMPRODUCT(J$18:DE$18,J98:DE98) -> 0 | J98: =IFERROR(IF(J79="","",J79*J80),"") | K98: =IFERROR(IF(K79="","",K79*K80),"") | L98: =IFERROR(IF(L79="","",L79*L80),"") | M98: =IFERROR(IF(M79="","",M79*M80),"") | N98: =IFERROR(IF(N79="","",N79*N80),"") | O98: =IFERROR(IF(O79="","",O79*O80),"") | P98: =IFERROR(IF(P79="","",P79*P80),"") | Q98: =IFERROR(IF(Q79="","",Q79*Q80),"") | ... DE98: =IFERROR(IF(DE79="","",DE79*DE80),"")
C99: =IF(ISBLANK(C81),"",C81) | H99: =+SUMPRODUCT(J$18:DE$18,J99:DE99) -> 0 | J99: =IFERROR(IF(J81="","",J81*J82),"") | K99: =IFERROR(IF(K81="","",K81*K82),"") | L99: =IFERROR(IF(L81="","",L81*L82),"") | M99: =IFERROR(IF(M81="","",M81*M82),"") | N99: =IFERROR(IF(N81="","",N81*N82),"") | O99: =IFERROR(IF(O81="","",O81*O82),"") | P99: =IFERROR(IF(P81="","",P81*P82),"") | Q99: =IFERROR(IF(Q81="","",Q81*Q82),"") | ... DE99: =IFERROR(IF(DE81="","",DE81*DE82),"")
C100: =IF(ISBLANK(C83),"",C83) | H100: =+SUMPRODUCT(J$18:DE$18,J100:DE100) -> 0 | J100: =IFERROR(IF(J83="","",J83*J84),"") | K100: =IFERROR(IF(K83="","",K83*K84),"") | L100: =IFERROR(IF(L83="","",L83*L84),"") | M100: =IFERROR(IF(M83="","",M83*M84),"") | N100: =IFERROR(IF(N83="","",N83*N84),"") | O100: =IFERROR(IF(O83="","",O83*O84),"") | P100: =IFERROR(IF(P83="","",P83*P84),"") | Q100: =IFERROR(IF(Q83="","",Q83*Q84),"") | ... DE100: =IFERROR(IF(DE83="","",DE83*DE84),"")
C101: =IF(ISBLANK(C85),"",C85) | H101: =+SUMPRODUCT(J$18:DE$18,J101:DE101) -> 0 | J101: =IFERROR(IF(J85="","",J85*J86),"") | K101: =IFERROR(IF(K85="","",K85*K86),"") | L101: =IFERROR(IF(L85="","",L85*L86),"") | M101: =IFERROR(IF(M85="","",M85*M86),"") | N101: =IFERROR(IF(N85="","",N85*N86),"") | O101: =IFERROR(IF(O85="","",O85*O86),"") | P101: =IFERROR(IF(P85="","",P85*P86),"") | Q101: =IFERROR(IF(Q85="","",Q85*Q86),"") | ... DE101: =IFERROR(IF(DE85="","",DE85*DE86),"")
C102: =IF(ISBLANK(C87),"",C87) | H102: =+SUMPRODUCT(J$18:DE$18,J102:DE102) -> 0 | J102: =IFERROR(IF(J87="","",J87*J88),"") | K102: =IFERROR(IF(K87="","",K87*K88),"") | L102: =IFERROR(IF(L87="","",L87*L88),"") | M102: =IFERROR(IF(M87="","",M87*M88),"") | N102: =IFERROR(IF(N87="","",N87*N88),"") | O102: =IFERROR(IF(O87="","",O87*O88),"") | P102: =IFERROR(IF(P87="","",P87*P88),"") | Q102: =IFERROR(IF(Q87="","",Q87*Q88),"") | ... DE102: =IFERROR(IF(DE87="","",DE87*DE88),"")
C103: =IF(ISBLANK(C89),"",C89) | H103: =+SUMPRODUCT(J$18:DE$18,J103:DE103) -> 0 | J103: =IFERROR(IF(J89="","",J89*J90),"") | K103: =IFERROR(IF(K89="","",K89*K90),"") | L103: =IFERROR(IF(L89="","",L89*L90),"") | M103: =IFERROR(IF(M89="","",M89*M90),"") | N103: =IFERROR(IF(N89="","",N89*N90),"") | O103: =IFERROR(IF(O89="","",O89*O90),"") | P103: =IFERROR(IF(P89="","",P89*P90),"") | Q103: =IFERROR(IF(Q89="","",Q89*Q90),"") | ... DE103: =IFERROR(IF(DE89="","",DE89*DE90),"")
C104: =IF(ISBLANK(C91),"",C91) | H104: =+SUMPRODUCT(J$18:DE$18,J104:DE104) -> 0 | J104: =IFERROR(IF(J91="","",J91*J92),"") | K104: =IFERROR(IF(K91="","",K91*K92),"") | L104: =IFERROR(IF(L91="","",L91*L92),"") | M104: =IFERROR(IF(M91="","",M91*M92),"") | N104: =IFERROR(IF(N91="","",N91*N92),"") | O104: =IFERROR(IF(O91="","",O91*O92),"") | P104: =IFERROR(IF(P91="","",P91*P92),"") | Q104: =IFERROR(IF(Q91="","",Q91*Q92),"") | ... DE104: =IFERROR(IF(DE91="","",DE91*DE92),"")
C105: =IF(ISBLANK(C93),"",C93) | H105: =+SUMPRODUCT(J$18:DE$18,J105:DE105) -> 0 | J105: =IFERROR(IF(J93="","",J93*J94),"") | K105: =IFERROR(IF(K93="","",K93*K94),"") | L105: =IFERROR(IF(L93="","",L93*L94),"") | M105: =IFERROR(IF(M93="","",M93*M94),"") | N105: =IFERROR(IF(N93="","",N93*N94),"") | O105: =IFERROR(IF(O93="","",O93*O94),"") | P105: =IFERROR(IF(P93="","",P93*P94),"") | Q105: =IFERROR(IF(Q93="","",Q93*Q94),"") | ... DE105: =IFERROR(IF(DE93="","",DE93*DE94),"")
C106: Total revenues | H106: =+SUMPRODUCT(J$18:DE$18,J106:DE106) -> 0 | J106: =SUM(J96:J105)*J$18 -> 0 | K106: =SUM(K96:K105)*K$18 -> 0 | L106: =SUM(L96:L105)*L$18 -> 0 | M106: =SUM(M96:M105)*M$18 -> 0 | N106: =SUM(N96:N105)*N$18 -> 0 | O106: =SUM(O96:O105)*O$18 -> 0 | P106: =SUM(P96:P105)*P$18 -> 0 | Q106: =SUM(Q96:Q105)*Q$18 -> 0 | ... DE106: =SUM(DE96:DE105)*DE$18 -> 0
B109: APPLICANT COMMENTS
C111: Comments

Sheet Input Sheet 6
D3: JTM - PUBLIC SECTOR LOAN FACILITY
D5: =CONCATENATE("Project Number: ","") -> Project Number: | G5: =+Project_Number -> 0
B8: =+COUNTIF(B10:B108,"Ok") -> 4
B9: MAIN ASSUMPTIONS OF THE ANALYSIS
B10: =IF(COUNTIF(I11:I13,"Warning")>0,"Please Correct","Ok") -> Ok
D11: Reference period (n of years) | G11: 5 | I11: =IF(OR(G11<0,ISTEXT(G11)),"Warning","")
D12: First year (Start of Project) | G12: ='Budget Table Calculator'!$M$5 -> 2026 | I12: =IF(OR(G12<'Budget Table Calculator'!$M$5,ISTEXT(G12)),"Warning","")
D13: Last year in the reference | G13: =+G12+G11-1 -> 2030
B15: INVESTMENT COSTS
B16: =IF(COUNTIF(B20:G40,"Warning")>0,"Please Correct","Ok") -> Ok
C17: Initial investment
J18: =IF($G$13>=J19,1,0) -> 1 | K18: =IF($G$13>=K19,1,0) -> 1 | L18: =IF($G$13>=L19,1,0) -> 1 | M18: =IF($G$13>=M19,1,0) -> 1 | N18: =IF($G$13>=N19,1,0) -> 1 | O18: =IF($G$13>=O19,1,0) -> 0 | P18: =IF($G$13>=P19,1,0) -> 0 | Q18: =IF($G$13>=Q19,1,0) -> 0 | ... DE18: =IF($G$13>=DE19,1,0) -> 0
C19: Capital expenditure item/category (see Notice tab -cell L71) | H19: Total | J19: ='Budget Table Calculator'!$M$5 -> 2026 | K19: =+J19+1 -> 2027 | L19: =+K19+1 -> 2028 | M19: =+L19+1 -> 2029 | N19: =+M19+1 -> 2030 | O19: =+N19+1 -> 2031 | P19: =+O19+1 -> 2032 | Q19: =+P19+1 -> 2033 | R19: =+Q19+1 -> 2034 | ... DE19: =+DD19+1 -> 2125
G20: =IF(COUNTIFS(J$18:DE$18,1,J20:DE20,"*")>0,"Warning","") | H20: =+SUMPRODUCT(J$18:DE$18,J20:DE20) -> 0
G21: =IF(COUNTIFS(J$18:DE$18,1,J21:DE21,"*")>0,"Warning","") | H21: =+SUMPRODUCT(J$18:DE$18,J21:DE21) -> 0
G22: =IF(COUNTIFS(J$18:DE$18,1,J22:DE22,"*")>0,"Warning","") | H22: =+SUMPRODUCT(J$18:DE$18,J22:DE22) -> 0
G23: =IF(COUNTIFS(J$18:DE$18,1,J23:DE23,"*")>0,"Warning","") | H23: =+SUMPRODUCT(J$18:DE$18,J23:DE23) -> 0
G24: =IF(COUNTIFS(J$18:DE$18,1,J24:DE24,"*")>0,"Warning","") | H24: =+SUMPRODUCT(J$18:DE$18,J24:DE24) -> 0
G25: =IF(COUNTIFS(J$18:DE$18,1,J25:DE25,"*")>0,"Warning","") | H25: =+SUMPRODUCT(J$18:DE$18,J25:DE25) -> 0
G26: =IF(COUNTIFS(J$18:DE$18,1,J26:DE26,"*")>0,"Warning","") | H26: =+SUMPRODUCT(J$18:DE$18,J26:DE26) -> 0
G27: =IF(COUNTIFS(J$18:DE$18,1,J27:DE27,"*")>0,"Warning","") | H27: =+SUMPRODUCT(J$18:DE$18,J27:DE27) -> 0
G28: =IF(COUNTIFS(J$18:DE$18,1,J28:DE28,"*")>0,"Warning","") | H28: =+SUMPRODUCT(J$18:DE$18,J28:DE28) -> 0
G29: =IF(COUNTIFS(J$18:DE$18,1,J29:DE29,"*")>0,"Warning","") | H29: =+SUMPRODUCT(J$18:DE$18,J29:DE29) -> 0
H30: Total
G31: =IF(COUNTIFS(J$18:DE$18,1,J31:DE31,"*")>0,"Warning","") | H31: =+SUMPRODUCT(J$18:DE$18,J31:DE31) -> 0 | J31: =SUM(J20:J29) * J$18 -> 0 | K31: =SUM(K20:K29) * K$18 -> 0 | L31: =SUM(L20:L29) * L$18 -> 0 | M31: =SUM(M20:M29) * M$18 -> 0 | N31: =SUM(N20:N29) * N$18 -> 0 | O31: =SUM(O20:O29) * O$18 -> 0 | P31: =SUM(P20:P29) * P$18 -> 0 | Q31: =SUM(Q20:Q29) * Q$18 -> 0 | ... DE31: =SUM(DE20:DE29) * DE$18 -> 0
C33: Replacement costs
H34: Total | J34: ='Budget Table Calculator'!$M$5 -> 2026 | K34: =+J34+1 -> 2027 | L34: =+K34+1 -> 2028 | M34: =+L34+1 -> 2029 | N34: =+M34+1 -> 2030 | O34: =+N34+1 -> 2031 | P34: =+O34+1 -> 2032 | Q34: =+P34+1 -> 2033 | R34: =+Q34+1 -> 2034 | ... DE34: =+DD34+1 -> 2125
C35: Replacement costs | G35: =IF(OR(COUNTIFS(J$18:DE$18,1,J35:DE35,"<0")>0,COUNTIFS(J$18:DE$18,1,J35:DE35,"*")>0),"Warning","") | H35: =+SUMPRODUCT(J$18:DE$18,J35:DE35) -> 0
C38: Residual value
D39: Year | E39: =+G13 -> 2030
D40: Amount | G40: =IF(OR(ISTEXT(E40),E40<0),"Warning","")
B43: OPERATING EXPENSES
B44: =IF(COUNTIF(B47:H56,"Warning")>0,"Please Correct","Ok") -> Ok
C46: Service name | G46: Unit cost | I46: Unit of measure | J46: ='Budget Table Calculator'!$M$5 -> 2026 | K46: =J46+1 -> 2027 | L46: =K46+1 -> 2028 | M46: =L46+1 -> 2029 | N46: =M46+1 -> 2030 | O46: =N46+1 -> 2031 | P46: =O46+1 -> 2032 | Q46: =P46+1 -> 2033 | R46: =Q46+1 -> 2034 | ... DE46: =DD46+1 -> 2125
H47: =IF(OR(COUNTIFS(J$18:DE$18,1,J47:DE47,"<0")>0,COUNTIFS(J$18:DE$18,1,J47:DE47,"*")>0,ISNUMBER(I47),COUNTIF(G47,"*")>0,COUNTIF(G47,"*")>0,AND(COUNTIFS(J$18:DE$18,1,J47:DE47,">0"),ISBLANK(G47))),"Warning","")
H48: =IF(OR(COUNTIFS(J$18:DE$18,1,J48:DE48,"<0")>0,COUNTIFS(J$18:DE$18,1,J48:DE48,"*")>0,ISNUMBER(I48),COUNTIF(G48,"*")>0,COUNTIF(G48,"*")>0,AND(COUNTIFS(J$18:DE$18,1,J48:DE48,">0"),ISBLANK(G48))),"Warning","")
H49: =IF(OR(COUNTIFS(J$18:DE$18,1,J49:DE49,"<0")>0,COUNTIFS(J$18:DE$18,1,J49:DE49,"*")>0,ISNUMBER(I49),COUNTIF(G49,"*")>0,COUNTIF(G49,"*")>0,AND(COUNTIFS(J$18:DE$18,1,J49:DE49,">0"),ISBLANK(G49))),"Warning","")
H50: =IF(OR(COUNTIFS(J$18:DE$18,1,J50:DE50,"<0")>0,COUNTIFS(J$18:DE$18,1,J50:DE50,"*")>0,ISNUMBER(I50),COUNTIF(G50,"*")>0,COUNTIF(G50,"*")>0,AND(COUNTIFS(J$18:DE$18,1,J50:DE50,">0"),ISBLANK(G50))),"Warning","")
H51: =IF(OR(COUNTIFS(J$18:DE$18,1,J51:DE51,"<0")>0,COUNTIFS(J$18:DE$18,1,J51:DE51,"*")>0,ISNUMBER(I51),COUNTIF(G51,"*")>0,COUNTIF(G51,"*")>0,AND(COUNTIFS(J$18:DE$18,1,J51:DE51,">0"),ISBLANK(G51))),"Warning","")
H52: =IF(OR(COUNTIFS(J$18:DE$18,1,J52:DE52,"<0")>0,COUNTIFS(J$18:DE$18,1,J52:DE52,"*")>0,ISNUMBER(I52),COUNTIF(G52,"*")>0,COUNTIF(G52,"*")>0,AND(COUNTIFS(J$18:DE$18,1,J52:DE52,">0"),ISBLANK(G52))),"Warning","")
H53: =IF(OR(COUNTIFS(J$18:DE$18,1,J53:DE53,"<0")>0,COUNTIFS(J$18:DE$18,1,J53:DE53,"*")>0,ISNUMBER(I53),COUNTIF(G53,"*")>0,COUNTIF(G53,"*")>0,AND(COUNTIFS(J$18:DE$18,1,J53:DE53,">0"),ISBLANK(G53))),"Warning","")
H54: =IF(OR(COUNTIFS(J$18:DE$18,1,J54:DE54,"<0")>0,COUNTIFS(J$18:DE$18,1,J54:DE54,"*")>0,ISNUMBER(I54),COUNTIF(G54,"*")>0,COUNTIF(G54,"*")>0,AND(COUNTIFS(J$18:DE$18,1,J54:DE54,">0"),ISBLANK(G54))),"Warning","")
H55: =IF(OR(COUNTIFS(J$18:DE$18,1,J55:DE55,"<0")>0,COUNTIFS(J$18:DE$18,1,J55:DE55,"*")>0,ISNUMBER(I55),COUNTIF(G55,"*")>0,COUNTIF(G55,"*")>0,AND(COUNTIFS(J$18:DE$18,1,J55:DE55,">0"),ISBLANK(G55))),"Warning","")
H56: =IF(OR(COUNTIFS(J$18:DE$18,1,J56:DE56,"<0")>0,COUNTIFS(J$18:DE$18,1,J56:DE56,"*")>0,ISNUMBER(I56),COUNTIF(G56,"*")>0,COUNTIF(G56,"*")>0,AND(COUNTIFS(J$18:DE$18,1,J56:DE56,">0"),ISBLANK(G56))),"Warning","")
H57: Total
C58: =IF(ISBLANK(C47),"",C47) | H58: =+SUMPRODUCT(J$18:DE$18,J58:DE58) -> 0 | J58: =IFERROR(IF(J47="","",$G47*J47),"") | K58: =IFERROR(IF(K47="","",$G47*K47),"") | L58: =IFERROR(IF(L47="","",$G47*L47),"") | M58: =IFERROR(IF(M47="","",$G47*M47),"") | N58: =IFERROR(IF(N47="","",$G47*N47),"") | O58: =IFERROR(IF(O47="","",$G47*O47),"") | P58: =IFERROR(IF(P47="","",$G47*P47),"") | Q58: =IFERROR(IF(Q47="","",$G47*Q47),"") | ... DE58: =IFERROR(IF(DE47="","",$G47*DE47),"")
C59: =IF(ISBLANK(C48),"",C48) | H59: =+SUMPRODUCT(J$18:DE$18,J59:DE59) -> 0 | J59: =IFERROR(IF(J48="","",$G48*J48),"") | K59: =IFERROR(IF(K48="","",$G48*K48),"") | L59: =IFERROR(IF(L48="","",$G48*L48),"") | M59: =IFERROR(IF(M48="","",$G48*M48),"") | N59: =IFERROR(IF(N48="","",$G48*N48),"") | O59: =IFERROR(IF(O48="","",$G48*O48),"") | P59: =IFERROR(IF(P48="","",$G48*P48),"") | Q59: =IFERROR(IF(Q48="","",$G48*Q48),"") | ... DE59: =IFERROR(IF(DE48="","",$G48*DE48),"")
C60: =IF(ISBLANK(C49),"",C49) | H60: =+SUMPRODUCT(J$18:DE$18,J60:DE60) -> 0 | J60: =IFERROR(IF(J49="","",$G49*J49),"") | K60: =IFERROR(IF(K49="","",$G49*K49),"") | L60: =IFERROR(IF(L49="","",$G49*L49),"") | M60: =IFERROR(IF(M49="","",$G49*M49),"") | N60: =IFERROR(IF(N49="","",$G49*N49),"") | O60: =IFERROR(IF(O49="","",$G49*O49),"") | P60: =IFERROR(IF(P49="","",$G49*P49),"") | Q60: =IFERROR(IF(Q49="","",$G49*Q49),"") | ... DE60: =IFERROR(IF(DE49="","",$G49*DE49),"")
C61: =IF(ISBLANK(C50),"",C50) | H61: =+SUMPRODUCT(J$18:DE$18,J61:DE61) -> 0 | J61: =IFERROR(IF(J50="","",$G50*J50),"") | K61: =IFERROR(IF(K50="","",$G50*K50),"") | L61: =IFERROR(IF(L50="","",$G50*L50),"") | M61: =IFERROR(IF(M50="","",$G50*M50),"") | N61: =IFERROR(IF(N50="","",$G50*N50),"") | O61: =IFERROR(IF(O50="","",$G50*O50),"") | P61: =IFERROR(IF(P50="","",$G50*P50),"") | Q61: =IFERROR(IF(Q50="","",$G50*Q50),"") | ... DE61: =IFERROR(IF(DE50="","",$G50*DE50),"")
C62: =IF(ISBLANK(C51),"",C51) | H62: =+SUMPRODUCT(J$18:DE$18,J62:DE62) -> 0 | J62: =IFERROR(IF(J51="","",$G51*J51),"") | K62: =IFERROR(IF(K51="","",$G51*K51),"") | L62: =IFERROR(IF(L51="","",$G51*L51),"") | M62: =IFERROR(IF(M51="","",$G51*M51),"") | N62: =IFERROR(IF(N51="","",$G51*N51),"") | O62: =IFERROR(IF(O51="","",$G51*O51),"") | P62: =IFERROR(IF(P51="","",$G51*P51),"") | Q62: =IFERROR(IF(Q51="","",$G51*Q51),"") | ... DE62: =IFERROR(IF(DE51="","",$G51*DE51),"")
C63: =IF(ISBLANK(C52),"",C52) | H63: =+SUMPRODUCT(J$18:DE$18,J63:DE63) -> 0 | J63: =IFERROR(IF(J52="","",$G52*J52),"") | K63: =IFERROR(IF(K52="","",$G52*K52),"") | L63: =IFERROR(IF(L52="","",$G52*L52),"") | M63: =IFERROR(IF(M52="","",$G52*M52),"") | N63: =IFERROR(IF(N52="","",$G52*N52),"") | O63: =IFERROR(IF(O52="","",$G52*O52),"") | P63: =IFERROR(IF(P52="","",$G52*P52),"") | Q63: =IFERROR(IF(Q52="","",$G52*Q52),"") | ... DE63: =IFERROR(IF(DE52="","",$G52*DE52),"")
C64: =IF(ISBLANK(C53),"",C53) | H64: =+SUMPRODUCT(J$18:DE$18,J64:DE64) -> 0 | J64: =IFERROR(IF(J53="","",$G53*J53),"") | K64: =IFERROR(IF(K53="","",$G53*K53),"") | L64: =IFERROR(IF(L53="","",$G53*L53),"") | M64: =IFERROR(IF(M53="","",$G53*M53),"") | N64: =IFERROR(IF(N53="","",$G53*N53),"") | O64: =IFERROR(IF(O53="","",$G53*O53),"") | P64: =IFERROR(IF(P53="","",$G53*P53),"") | Q64: =IFERROR(IF(Q53="","",$G53*Q53),"") | ... DE64: =IFERROR(IF(DE53="","",$G53*DE53),"")
C65: =IF(ISBLANK(C54),"",C54) | H65: =+SUMPRODUCT(J$18:DE$18,J65:DE65) -> 0 | J65: =IFERROR(IF(J54="","",$G54*J54),"") | K65: =IFERROR(IF(K54="","",$G54*K54),"") | L65: =IFERROR(IF(L54="","",$G54*L54),"") | M65: =IFERROR(IF(M54="","",$G54*M54),"") | N65: =IFERROR(IF(N54="","",$G54*N54),"") | O65: =IFERROR(IF(O54="","",$G54*O54),"") | P65: =IFERROR(IF(P54="","",$G54*P54),"") | Q65: =IFERROR(IF(Q54="","",$G54*Q54),"") | ... DE65: =IFERROR(IF(DE54="","",$G54*DE54),"")
C66: =IF(ISBLANK(C55),"",C55) | H66: =+SUMPRODUCT(J$18:DE$18,J66:DE66) -> 0 | J66: =IFERROR(IF(J55="","",$G55*J55),"") | K66: =IFERROR(IF(K55="","",$G55*K55),"") | L66: =IFERROR(IF(L55="","",$G55*L55),"") | M66: =IFERROR(IF(M55="","",$G55*M55),"") | N66: =IFERROR(IF(N55="","",$G55*N55),"") | O66: =IFERROR(IF(O55="","",$G55*O55),"") | P66: =IFERROR(IF(P55="","",$G55*P55),"") | Q66: =IFERROR(IF(Q55="","",$G55*Q55),"") | ... DE66: =IFERROR(IF(DE55="","",$G55*DE55),"")
C67: =IF(ISBLANK(C56),"",C56) | H67: =+SUMPRODUCT(J$18:DE$18,J67:DE67) -> 0 | J67: =IFERROR(IF(J56="","",$G56*J56),"") | K67: =IFERROR(IF(K56="","",$G56*K56),"") | L67: =IFERROR(IF(L56="","",$G56*L56),"") | M67: =IFERROR(IF(M56="","",$G56*M56),"") | N67: =IFERROR(IF(N56="","",$G56*N56),"") | O67: =IFERROR(IF(O56="","",$G56*O56),"") | P67: =IFERROR(IF(P56="","",$G56*P56),"") | Q67: =IFERROR(IF(Q56="","",$G56*Q56),"") | ... DE67: =IFERROR(IF(DE56="","",$G56*DE56),"")
C68: Total operating expenses | H68: =+SUMPRODUCT(J$18:DE$18,J68:DE68) -> 0 | J68: =SUM(J58:J67)*J$18 -> 0 | K68: =SUM(K58:K67)*K$18 -> 0 | L68: =SUM(L58:L67)*L$18 -> 0 | M68: =SUM(M58:M67)*M$18 -> 0 | N68: =SUM(N58:N67)*N$18 -> 0 | O68: =SUM(O58:O67)*O$18 -> 0 | P68: =SUM(P58:P67)*P$18 -> 0 | Q68: =SUM(Q58:Q67)*Q$18 -> 0 | ... DE68: =SUM(DE58:DE67)*DE$18 -> 0
J70: =IF(OR(COUNTIF(G47,"*")>0,AND(COUNT(J47:BG47)>0,ISBLANK(G47))),"Warning","")
B71: REVENUES
B72: =IF(COUNTIF(B75:I94,"Warning")>0,"Please Correct","Ok") -> Ok
C74: Revenue name | G74: Unit of measure | J74: ='Budget Table Calculator'!$M$5 -> 2026 | K74: =J74+1 -> 2027 | L74: =K74+1 -> 2028 | M74: =L74+1 -> 2029 | N74: =M74+1 -> 2030 | O74: =N74+1 -> 2031 | P74: =O74+1 -> 2032 | Q74: =P74+1 -> 2033 | R74: =Q74+1 -> 2034 | ... DE74: =DD74+1 -> 2125
I75: =IF(OR(COUNTIFS(J$18:DE$18,1,J75:DE75,"<0")>0,COUNTIFS(J$18:DE$18,1,J75:DE75,"*")>0),"Warning","Quantity") -> Quantity
I76: {=IF(OR(IF(J$18:DE$18=1,ISNUMBER(J76:DE76)<>ISNUMBER(J75:DE75),0),COUNTIFS(J$18:DE$18,1,J76:DE76,"*")>0),"Warning","Unit price")} -> Unit price
I77: =IF(OR(COUNTIFS(J$18:DE$18,1,J77:DE77,"<0")>0,COUNTIFS(J$18:DE$18,1,J77:DE77,"*")>0),"Warning","Quantity") -> Quantity
I78: {=IF(OR(IF(J$18:DE$18=1,ISNUMBER(J78:DE78)<>ISNUMBER(J77:DE77),0),COUNTIFS(J$18:DE$18,1,J78:DE78,"*")>0),"Warning","Unit price")} -> Unit price
I79: =IF(OR(COUNTIFS(J$18:DE$18,1,J79:DE79,"<0")>0,COUNTIFS(J$18:DE$18,1,J79:DE79,"*")>0),"Warning","Quantity") -> Quantity
I80: {=IF(OR(IF(J$18:DE$18=1,ISNUMBER(J80:DE80)<>ISNUMBER(J79:DE79),0),COUNTIFS(J$18:DE$18,1,J80:DE80,"*")>0),"Warning","Unit price")} -> Unit price
I81: =IF(OR(COUNTIFS(J$18:DE$18,1,J81:DE81,"<0")>0,COUNTIFS(J$18:DE$18,1,J81:DE81,"*")>0),"Warning","Quantity") -> Quantity
I82: {=IF(OR(IF(J$18:DE$18=1,ISNUMBER(J82:DE82)<>ISNUMBER(J81:DE81),0),COUNTIFS(J$18:DE$18,1,J82:DE82,"*")>0),"Warning","Unit price")} -> Unit price
I83: =IF(OR(COUNTIFS(J$18:DE$18,1,J83:DE83,"<0")>0,COUNTIFS(J$18:DE$18,1,J83:DE83,"*")>0),"Warning","Quantity") -> Quantity
I84: {=IF(OR(IF(J$18:DE$18=1,ISNUMBER(J84:DE84)<>ISNUMBER(J83:DE83),0),COUNTIFS(J$18:DE$18,1,J84:DE84,"*")>0),"Warning","Unit price")} -> Unit price
I85: =IF(OR(COUNTIFS(J$18:DE$18,1,J85:DE85,"<0")>0,COUNTIFS(J$18:DE$18,1,J85:DE85,"*")>0),"Warning","Quantity") -> Quantity
I86: {=IF(OR(IF(J$18:DE$18=1,ISNUMBER(J86:DE86)<>ISNUMBER(J85:DE85),0),COUNTIFS(J$18:DE$18,1,J86:DE86,"*")>0),"Warning","Unit price")} -> Unit price
I87: =IF(OR(COUNTIFS(J$18:DE$18,1,J87:DE87,"<0")>0,COUNTIFS(J$18:DE$18,1,J87:DE87,"*")>0),"Warning","Quantity") -> Quantity
I88: {=IF(OR(IF(J$18:DE$18=1,ISNUMBER(J88:DE88)<>ISNUMBER(J87:DE87),0),COUNTIFS(J$18:DE$18,1,J88:DE88,"*")>0),"Warning","Unit price")} -> Unit price
I89: =IF(OR(COUNTIFS(J$18:DE$18,1,J89:DE89,"<0")>0,COUNTIFS(J$18:DE$18,1,J89:DE89,"*")>0),"Warning","Quantity") -> Quantity
I90: {=IF(OR(IF(J$18:DE$18=1,ISNUMBER(J90:DE90)<>ISNUMBER(J89:DE89),0),COUNTIFS(J$18:DE$18,1,J90:DE90,"*")>0),"Warning","Unit price")} -> Unit price
I91: =IF(OR(COUNTIFS(J$18:DE$18,1,J91:DE91,"<0")>0,COUNTIFS(J$18:DE$18,1,J91:DE91,"*")>0),"Warning","Quantity") -> Quantity
I92: {=IF(OR(IF(J$18:DE$18=1,ISNUMBER(J92:DE92)<>ISNUMBER(J91:DE91),0),COUNTIFS(J$18:DE$18,1,J92:DE92,"*")>0),"Warning","Unit price")} -> Unit price
I93: =IF(OR(COUNTIFS(J$18:DE$18,1,J93:DE93,"<0")>0,COUNTIFS(J$18:DE$18,1,J93:DE93,"*")>0),"Warning","Quantity") -> Quantity
I94: {=IF(OR(IF(J$18:DE$18=1,ISNUMBER(J94:DE94)<>ISNUMBER(J93:DE93),0),COUNTIFS(J$18:DE$18,1,J94:DE94,"*")>0),"Warning","Unit price")} -> Unit price
H95: Total
C96: =IF(ISBLANK(C75),"",C75) | H96: =+SUMPRODUCT(J$18:DE$18,J96:DE96) -> 0 | J96: =IFERROR(IF(J75="","",J75*J76),"") | K96: =IFERROR(IF(K75="","",K75*K76),"") | L96: =IFERROR(IF(L75="","",L75*L76),"") | M96: =IFERROR(IF(M75="","",M75*M76),"") | N96: =IFERROR(IF(N75="","",N75*N76),"") | O96: =IFERROR(IF(O75="","",O75*O76),"") | P96: =IFERROR(IF(P75="","",P75*P76),"") | Q96: =IFERROR(IF(Q75="","",Q75*Q76),"") | ... DE96: =IFERROR(IF(DE75="","",DE75*DE76),"")
C97: =IF(ISBLANK(C77),"",C77) | H97: =+SUMPRODUCT(J$18:DE$18,J97:DE97) -> 0 | J97: =IFERROR(IF(J77="","",J77*J78),"") | K97: =IFERROR(IF(K77="","",K77*K78),"") | L97: =IFERROR(IF(L77="","",L77*L78),"") | M97: =IFERROR(IF(M77="","",M77*M78),"") | N97: =IFERROR(IF(N77="","",N77*N78),"") | O97: =IFERROR(IF(O77="","",O77*O78),"") | P97: =IFERROR(IF(P77="","",P77*P78),"") | Q97: =IFERROR(IF(Q77="","",Q77*Q78),"") | ... DE97: =IFERROR(IF(DE77="","",DE77*DE78),"")
C98: =IF(ISBLANK(C79),"",C79) | H98: =+SUMPRODUCT(J$18:DE$18,J98:DE98) -> 0 | J98: =IFERROR(IF(J79="","",J79*J80),"") | K98: =IFERROR(IF(K79="","",K79*K80),"") | L98: =IFERROR(IF(L79="","",L79*L80),"") | M98: =IFERROR(IF(M79="","",M79*M80),"") | N98: =IFERROR(IF(N79="","",N79*N80),"") | O98: =IFERROR(IF(O79="","",O79*O80),"") | P98: =IFERROR(IF(P79="","",P79*P80),"") | Q98: =IFERROR(IF(Q79="","",Q79*Q80),"") | ... DE98: =IFERROR(IF(DE79="","",DE79*DE80),"")
C99: =IF(ISBLANK(C81),"",C81) | H99: =+SUMPRODUCT(J$18:DE$18,J99:DE99) -> 0 | J99: =IFERROR(IF(J81="","",J81*J82),"") | K99: =IFERROR(IF(K81="","",K81*K82),"") | L99: =IFERROR(IF(L81="","",L81*L82),"") | M99: =IFERROR(IF(M81="","",M81*M82),"") | N99: =IFERROR(IF(N81="","",N81*N82),"") | O99: =IFERROR(IF(O81="","",O81*O82),"") | P99: =IFERROR(IF(P81="","",P81*P82),"") | Q99: =IFERROR(IF(Q81="","",Q81*Q82),"") | ... DE99: =IFERROR(IF(DE81="","",DE81*DE82),"")
C100: =IF(ISBLANK(C83),"",C83) | H100: =+SUMPRODUCT(J$18:DE$18,J100:DE100) -> 0 | J100: =IFERROR(IF(J83="","",J83*J84),"") | K100: =IFERROR(IF(K83="","",K83*K84),"") | L100: =IFERROR(IF(L83="","",L83*L84),"") | M100: =IFERROR(IF(M83="","",M83*M84),"") | N100: =IFERROR(IF(N83="","",N83*N84),"") | O100: =IFERROR(IF(O83="","",O83*O84),"") | P100: =IFERROR(IF(P83="","",P83*P84),"") | Q100: =IFERROR(IF(Q83="","",Q83*Q84),"") | ... DE100: =IFERROR(IF(DE83="","",DE83*DE84),"")
C101: =IF(ISBLANK(C85),"",C85) | H101: =+SUMPRODUCT(J$18:DE$18,J101:DE101) -> 0 | J101: =IFERROR(IF(J85="","",J85*J86),"") | K101: =IFERROR(IF(K85="","",K85*K86),"") | L101: =IFERROR(IF(L85="","",L85*L86),"") | M101: =IFERROR(IF(M85="","",M85*M86),"") | N101: =IFERROR(IF(N85="","",N85*N86),"") | O101: =IFERROR(IF(O85="","",O85*O86),"") | P101: =IFERROR(IF(P85="","",P85*P86),"") | Q101: =IFERROR(IF(Q85="","",Q85*Q86),"") | ... DE101: =IFERROR(IF(DE85="","",DE85*DE86),"")
C102: =IF(ISBLANK(C87),"",C87) | H102: =+SUMPRODUCT(J$18:DE$18,J102:DE102) -> 0 | J102: =IFERROR(IF(J87="","",J87*J88),"") | K102: =IFERROR(IF(K87="","",K87*K88),"") | L102: =IFERROR(IF(L87="","",L87*L88),"") | M102: =IFERROR(IF(M87="","",M87*M88),"") | N102: =IFERROR(IF(N87="","",N87*N88),"") | O102: =IFERROR(IF(O87="","",O87*O88),"") | P102: =IFERROR(IF(P87="","",P87*P88),"") | Q102: =IFERROR(IF(Q87="","",Q87*Q88),"") | ... DE102: =IFERROR(IF(DE87="","",DE87*DE88),"")
C103: =IF(ISBLANK(C89),"",C89) | H103: =+SUMPRODUCT(J$18:DE$18,J103:DE103) -> 0 | J103: =IFERROR(IF(J89="","",J89*J90),"") | K103: =IFERROR(IF(K89="","",K89*K90),"") | L103: =IFERROR(IF(L89="","",L89*L90),"") | M103: =IFERROR(IF(M89="","",M89*M90),"") | N103: =IFERROR(IF(N89="","",N89*N90),"") | O103: =IFERROR(IF(O89="","",O89*O90),"") | P103: =IFERROR(IF(P89="","",P89*P90),"") | Q103: =IFERROR(IF(Q89="","",Q89*Q90),"") | ... DE103: =IFERROR(IF(DE89="","",DE89*DE90),"")
C104: =IF(ISBLANK(C91),"",C91) | H104: =+SUMPRODUCT(J$18:DE$18,J104:DE104) -> 0 | J104: =IFERROR(IF(J91="","",J91*J92),"") | K104: =IFERROR(IF(K91="","",K91*K92),"") | L104: =IFERROR(IF(L91="","",L91*L92),"") | M104: =IFERROR(IF(M91="","",M91*M92),"") | N104: =IFERROR(IF(N91="","",N91*N92),"") | O104: =IFERROR(IF(O91="","",O91*O92),"") | P104: =IFERROR(IF(P91="","",P91*P92),"") | Q104: =IFERROR(IF(Q91="","",Q91*Q92),"") | ... DE104: =IFERROR(IF(DE91="","",DE91*DE92),"")
C105: =IF(ISBLANK(C93),"",C93) | H105: =+SUMPRODUCT(J$18:DE$18,J105:DE105) -> 0 | J105: =IFERROR(IF(J93="","",J93*J94),"") | K105: =IFERROR(IF(K93="","",K93*K94),"") | L105: =IFERROR(IF(L93="","",L93*L94),"") | M105: =IFERROR(IF(M93="","",M93*M94),"") | N105: =IFERROR(IF(N93="","",N93*N94),"") | O105: =IFERROR(IF(O93="","",O93*O94),"") | P105: =IFERROR(IF(P93="","",P93*P94),"") | Q105: =IFERROR(IF(Q93="","",Q93*Q94),"") | ... DE105: =IFERROR(IF(DE93="","",DE93*DE94),"")
C106: Total revenues | H106: =+SUMPRODUCT(J$18:DE$18,J106:DE106) -> 0 | J106: =SUM(J96:J105)*J$18 -> 0 | K106: =SUM(K96:K105)*K$18 -> 0 | L106: =SUM(L96:L105)*L$18 -> 0 | M106: =SUM(M96:M105)*M$18 -> 0 | N106: =SUM(N96:N105)*N$18 -> 0 | O106: =SUM(O96:O105)*O$18 -> 0 | P106: =SUM(P96:P105)*P$18 -> 0 | Q106: =SUM(Q96:Q105)*Q$18 -> 0 | ... DE106: =SUM(DE96:DE105)*DE$18 -> 0
B109: APPLICANT COMMENTS
C111: Comments

Sheet Input Sheet 7
D3: JTM - PUBLIC SECTOR LOAN FACILITY
D5: =CONCATENATE("Project Number: ","") -> Project Number: | G5: =+Project_Number -> 0
B8: =+COUNTIF(B10:B108,"Ok") -> 4
B9: MAIN ASSUMPTIONS OF THE ANALYSIS
B10: =IF(COUNTIF(I11:I13,"Warning")>0,"Please Correct","Ok") -> Ok
D11: Reference period (n of years) | G11: 5 | I11: =IF(OR(G11<0,ISTEXT(G11)),"Warning","")
D12: First year (Start of Project) | G12: ='Budget Table Calculator'!$M$5 -> 2026 | I12: =IF(OR(G12<'Budget Table Calculator'!$M$5,ISTEXT(G12)),"Warning","")
D13: Last year in the reference | G13: =+G12+G11-1 -> 2030
B15: INVESTMENT COSTS
B16: =IF(COUNTIF(B20:G40,"Warning")>0,"Please Correct","Ok") -> Ok
C17: Initial investment
J18: =IF($G$13>=J19,1,0) -> 1 | K18: =IF($G$13>=K19,1,0) -> 1 | L18: =IF($G$13>=L19,1,0) -> 1 | M18: =IF($G$13>=M19,1,0) -> 1 | N18: =IF($G$13>=N19,1,0) -> 1 | O18: =IF($G$13>=O19,1,0) -> 0 | P18: =IF($G$13>=P19,1,0) -> 0 | Q18: =IF($G$13>=Q19,1,0) -> 0 | ... DE18: =IF($G$13>=DE19,1,0) -> 0
C19: Capital expenditure item/category (see Notice Tab -cell L71) | H19: Total | J19: ='Budget Table Calculator'!$M$5 -> 2026 | K19: =+J19+1 -> 2027 | L19: =+K19+1 -> 2028 | M19: =+L19+1 -> 2029 | N19: =+M19+1 -> 2030 | O19: =+N19+1 -> 2031 | P19: =+O19+1 -> 2032 | Q19: =+P19+1 -> 2033 | R19: =+Q19+1 -> 2034 | ... DE19: =+DD19+1 -> 2125
G20: =IF(COUNTIFS(J$18:DE$18,1,J20:DE20,"*")>0,"Warning","") | H20: =+SUMPRODUCT(J$18:DE$18,J20:DE20) -> 0
G21: =IF(COUNTIFS(J$18:DE$18,1,J21:DE21,"*")>0,"Warning","") | H21: =+SUMPRODUCT(J$18:DE$18,J21:DE21) -> 0
G22: =IF(COUNTIFS(J$18:DE$18,1,J22:DE22,"*")>0,"Warning","") | H22: =+SUMPRODUCT(J$18:DE$18,J22:DE22) -> 0
G23: =IF(COUNTIFS(J$18:DE$18,1,J23:DE23,"*")>0,"Warning","") | H23: =+SUMPRODUCT(J$18:DE$18,J23:DE23) -> 0
G24: =IF(COUNTIFS(J$18:DE$18,1,J24:DE24,"*")>0,"Warning","") | H24: =+SUMPRODUCT(J$18:DE$18,J24:DE24) -> 0
G25: =IF(COUNTIFS(J$18:DE$18,1,J25:DE25,"*")>0,"Warning","") | H25: =+SUMPRODUCT(J$18:DE$18,J25:DE25) -> 0
G26: =IF(COUNTIFS(J$18:DE$18,1,J26:DE26,"*")>0,"Warning","") | H26: =+SUMPRODUCT(J$18:DE$18,J26:DE26) -> 0
G27: =IF(COUNTIFS(J$18:DE$18,1,J27:DE27,"*")>0,"Warning","") | H27: =+SUMPRODUCT(J$18:DE$18,J27:DE27) -> 0
G28: =IF(COUNTIFS(J$18:DE$18,1,J28:DE28,"*")>0,"Warning","") | H28: =+SUMPRODUCT(J$18:DE$18,J28:DE28) -> 0
G29: =IF(COUNTIFS(J$18:DE$18,1,J29:DE29,"*")>0,"Warning","") | H29: =+SUMPRODUCT(J$18:DE$18,J29:DE29) -> 0
H30: Total
G31: =IF(COUNTIFS(J$18:DE$18,1,J31:DE31,"*")>0,"Warning","") | H31: =+SUMPRODUCT(J$18:DE$18,J31:DE31) -> 0 | J31: =SUM(J20:J29) * J$18 -> 0 | K31: =SUM(K20:K29) * K$18 -> 0 | L31: =SUM(L20:L29) * L$18 -> 0 | M31: =SUM(M20:M29) * M$18 -> 0 | N31: =SUM(N20:N29) * N$18 -> 0 | O31: =SUM(O20:O29) * O$18 -> 0 | P31: =SUM(P20:P29) * P$18 -> 0 | Q31: =SUM(Q20:Q29) * Q$18 -> 0 | ... DE31: =SUM(DE20:DE29) * DE$18 -> 0
C33: Replacement costs
H34: Total | J34: ='Budget Table Calculator'!$M$5 -> 2026 | K34: =+J34+1 -> 2027 | L34: =+K34+1 -> 2028 | M34: =+L34+1 -> 2029 | N34: =+M34+1 -> 2030 | O34: =+N34+1 -> 2031 | P34: =+O34+1 -> 2032 | Q34: =+P34+1 -> 2033 | R34: =+Q34+1 -> 2034 | ... DE34: =+DD34+1 -> 2125
C35: Replacement costs | G35: =IF(OR(COUNTIFS(J$18:DE$18,1,J35:DE35,"<0")>0,COUNTIFS(J$18:DE$18,1,J35:DE35,"*")>0),"Warning","") | H35: =+SUMPRODUCT(J$18:DE$18,J35:DE35) -> 0
C38: Residual value
D39: Year | E39: =+G13 -> 2030
D40: Amount | G40: =IF(OR(ISTEXT(E40),E40<0),"Warning","")
B43: OPERATING EXPENSES
B44: =IF(COUNTIF(B47:H56,"Warning")>0,"Please Correct","Ok") -> Ok
C46: Service name | G46: Unit cost | I46: Unit of measure | J46: ='Budget Table Calculator'!$M$5 -> 2026 | K46: =J46+1 -> 2027 | L46: =K46+1 -> 2028 | M46: =L46+1 -> 2029 | N46: =M46+1 -> 2030 | O46: =N46+1 -> 2031 | P46: =O46+1 -> 2032 | Q46: =P46+1 -> 2033 | R46: =Q46+1 -> 2034 | ... DE46: =DD46+1 -> 2125
H47: =IF(OR(COUNTIFS(J$18:DE$18,1,J47:DE47,"<0")>0,COUNTIFS(J$18:DE$18,1,J47:DE47,"*")>0,ISNUMBER(I47),COUNTIF(G47,"*")>0,COUNTIF(G47,"*")>0,AND(COUNTIFS(J$18:DE$18,1,J47:DE47,">0"),ISBLANK(G47))),"Warning","")
H48: =IF(OR(COUNTIFS(J$18:DE$18,1,J48:DE48,"<0")>0,COUNTIFS(J$18:DE$18,1,J48:DE48,"*")>0,ISNUMBER(I48),COUNTIF(G48,"*")>0,COUNTIF(G48,"*")>0,AND(COUNTIFS(J$18:DE$18,1,J48:DE48,">0"),ISBLANK(G48))),"Warning","")
H49: =IF(OR(COUNTIFS(J$18:DE$18,1,J49:DE49,"<0")>0,COUNTIFS(J$18:DE$18,1,J49:DE49,"*")>0,ISNUMBER(I49),COUNTIF(G49,"*")>0,COUNTIF(G49,"*")>0,AND(COUNTIFS(J$18:DE$18,1,J49:DE49,">0"),ISBLANK(G49))),"Warning","")
H50: =IF(OR(COUNTIFS(J$18:DE$18,1,J50:DE50,"<0")>0,COUNTIFS(J$18:DE$18,1,J50:DE50,"*")>0,ISNUMBER(I50),COUNTIF(G50,"*")>0,COUNTIF(G50,"*")>0,AND(COUNTIFS(J$18:DE$18,1,J50:DE50,">0"),ISBLANK(G50))),"Warning","")
H51: =IF(OR(COUNTIFS(J$18:DE$18,1,J51:DE51,"<0")>0,COUNTIFS(J$18:DE$18,1,J51:DE51,"*")>0,ISNUMBER(I51),COUNTIF(G51,"*")>0,COUNTIF(G51,"*")>0,AND(COUNTIFS(J$18:DE$18,1,J51:DE51,">0"),ISBLANK(G51))),"Warning","")
H52: =IF(OR(COUNTIFS(J$18:DE$18,1,J52:DE52,"<0")>0,COUNTIFS(J$18:DE$18,1,J52:DE52,"*")>0,ISNUMBER(I52),COUNTIF(G52,"*")>0,COUNTIF(G52,"*")>0,AND(COUNTIFS(J$18:DE$18,1,J52:DE52,">0"),ISBLANK(G52))),"Warning","")
H53: =IF(OR(COUNTIFS(J$18:DE$18,1,J53:DE53,"<0")>0,COUNTIFS(J$18:DE$18,1,J53:DE53,"*")>0,ISNUMBER(I53),COUNTIF(G53,"*")>0,COUNTIF(G53,"*")>0,AND(COUNTIFS(J$18:DE$18,1,J53:DE53,">0"),ISBLANK(G53))),"Warning","")
H54: =IF(OR(COUNTIFS(J$18:DE$18,1,J54:DE54,"<0")>0,COUNTIFS(J$18:DE$18,1,J54:DE54,"*")>0,ISNUMBER(I54),COUNTIF(G54,"*")>0,COUNTIF(G54,"*")>0,AND(COUNTIFS(J$18:DE$18,1,J54:DE54,">0"),ISBLANK(G54))),"Warning","")
H55: =IF(OR(COUNTIFS(J$18:DE$18,1,J55:DE55,"<0")>0,COUNTIFS(J$18:DE$18,1,J55:DE55,"*")>0,ISNUMBER(I55),COUNTIF(G55,"*")>0,COUNTIF(G55,"*")>0,AND(COUNTIFS(J$18:DE$18,1,J55:DE55,">0"),ISBLANK(G55))),"Warning","")
H56: =IF(OR(COUNTIFS(J$18:DE$18,1,J56:DE56,"<0")>0,COUNTIFS(J$18:DE$18,1,J56:DE56,"*")>0,ISNUMBER(I56),COUNTIF(G56,"*")>0,COUNTIF(G56,"*")>0,AND(COUNTIFS(J$18:DE$18,1,J56:DE56,">0"),ISBLANK(G56))),"Warning","")
H57: Total
C58: =IF(ISBLANK(C47),"",C47) | H58: =+SUMPRODUCT(J$18:DE$18,J58:DE58) -> 0 | J58: =IFERROR(IF(J47="","",$G47*J47),"") | K58: =IFERROR(IF(K47="","",$G47*K47),"") | L58: =IFERROR(IF(L47="","",$G47*L47),"") | M58: =IFERROR(IF(M47="","",$G47*M47),"") | N58: =IFERROR(IF(N47="","",$G47*N47),"") | O58: =IFERROR(IF(O47="","",$G47*O47),"") | P58: =IFERROR(IF(P47="","",$G47*P47),"") | Q58: =IFERROR(IF(Q47="","",$G47*Q47),"") | ... DE58: =IFERROR(IF(DE47="","",$G47*DE47),"")
C59: =IF(ISBLANK(C48),"",C48) | H59: =+SUMPRODUCT(J$18:DE$18,J59:DE59) -> 0 | J59: =IFERROR(IF(J48="","",$G48*J48),"") | K59: =IFERROR(IF(K48="","",$G48*K48),"") | L59: =IFERROR(IF(L48="","",$G48*L48),"") | M59: =IFERROR(IF(M48="","",$G48*M48),"") | N59: =IFERROR(IF(N48="","",$G48*N48),"") | O59: =IFERROR(IF(O48="","",$G48*O48),"") | P59: =IFERROR(IF(P48="","",$G48*P48),"") | Q59: =IFERROR(IF(Q48="","",$G48*Q48),"") | ... DE59: =IFERROR(IF(DE48="","",$G48*DE48),"")
C60: =IF(ISBLANK(C49),"",C49) | H60: =+SUMPRODUCT(J$18:DE$18,J60:DE60) -> 0 | J60: =IFERROR(IF(J49="","",$G49*J49),"") | K60: =IFERROR(IF(K49="","",$G49*K49),"") | L60: =IFERROR(IF(L49="","",$G49*L49),"") | M60: =IFERROR(IF(M49="","",$G49*M49),"") | N60: =IFERROR(IF(N49="","",$G49*N49),"") | O60: =IFERROR(IF(O49="","",$G49*O49),"") | P60: =IFERROR(IF(P49="","",$G49*P49),"") | Q60: =IFERROR(IF(Q49="","",$G49*Q49),"") | ... DE60: =IFERROR(IF(DE49="","",$G49*DE49),"")
C61: =IF(ISBLANK(C50),"",C50) | H61: =+SUMPRODUCT(J$18:DE$18,J61:DE61) -> 0 | J61: =IFERROR(IF(J50="","",$G50*J50),"") | K61: =IFERROR(IF(K50="","",$G50*K50),"") | L61: =IFERROR(IF(L50="","",$G50*L50),"") | M61: =IFERROR(IF(M50="","",$G50*M50),"") | N61: =IFERROR(IF(N50="","",$G50*N50),"") | O61: =IFERROR(IF(O50="","",$G50*O50),"") | P61: =IFERROR(IF(P50="","",$G50*P50),"") | Q61: =IFERROR(IF(Q50="","",$G50*Q50),"") | ... DE61: =IFERROR(IF(DE50="","",$G50*DE50),"")
C62: =IF(ISBLANK(C51),"",C51) | H62: =+SUMPRODUCT(J$18:DE$18,J62:DE62) -> 0 | J62: =IFERROR(IF(J51="","",$G51*J51),"") | K62: =IFERROR(IF(K51="","",$G51*K51),"") | L62: =IFERROR(IF(L51="","",$G51*L51),"") | M62: =IFERROR(IF(M51="","",$G51*M51),"") | N62: =IFERROR(IF(N51="","",$G51*N51),"") | O62: =IFERROR(IF(O51="","",$G51*O51),"") | P62: =IFERROR(IF(P51="","",$G51*P51),"") | Q62: =IFERROR(IF(Q51="","",$G51*Q51),"") | ... DE62: =IFERROR(IF(DE51="","",$G51*DE51),"")
C63: =IF(ISBLANK(C52),"",C52) | H63: =+SUMPRODUCT(J$18:DE$18,J63:DE63) -> 0 | J63: =IFERROR(IF(J52="","",$G52*J52),"") | K63: =IFERROR(IF(K52="","",$G52*K52),"") | L63: =IFERROR(IF(L52="","",$G52*L52),"") | M63: =IFERROR(IF(M52="","",$G52*M52),"") | N63: =IFERROR(IF(N52="","",$G52*N52),"") | O63: =IFERROR(IF(O52="","",$G52*O52),"") | P63: =IFERROR(IF(P52="","",$G52*P52),"") | Q63: =IFERROR(IF(Q52="","",$G52*Q52),"") | ... DE63: =IFERROR(IF(DE52="","",$G52*DE52),"")
C64: =IF(ISBLANK(C53),"",C53) | H64: =+SUMPRODUCT(J$18:DE$18,J64:DE64) -> 0 | J64: =IFERROR(IF(J53="","",$G53*J53),"") | K64: =IFERROR(IF(K53="","",$G53*K53),"") | L64: =IFERROR(IF(L53="","",$G53*L53),"") | M64: =IFERROR(IF(M53="","",$G53*M53),"") | N64: =IFERROR(IF(N53="","",$G53*N53),"") | O64: =IFERROR(IF(O53="","",$G53*O53),"") | P64: =IFERROR(IF(P53="","",$G53*P53),"") | Q64: =IFERROR(IF(Q53="","",$G53*Q53),"") | ... DE64: =IFERROR(IF(DE53="","",$G53*DE53),"")
C65: =IF(ISBLANK(C54),"",C54) | H65: =+SUMPRODUCT(J$18:DE$18,J65:DE65) -> 0 | J65: =IFERROR(IF(J54="","",$G54*J54),"") | K65: =IFERROR(IF(K54="","",$G54*K54),"") | L65: =IFERROR(IF(L54="","",$G54*L54),"") | M65: =IFERROR(IF(M54="","",$G54*M54),"") | N65: =IFERROR(IF(N54="","",$G54*N54),"") | O65: =IFERROR(IF(O54="","",$G54*O54),"") | P65: =IFERROR(IF(P54="","",$G54*P54),"") | Q65: =IFERROR(IF(Q54="","",$G54*Q54),"") | ... DE65: =IFERROR(IF(DE54="","",$G54*DE54),"")
C66: =IF(ISBLANK(C55),"",C55) | H66: =+SUMPRODUCT(J$18:DE$18,J66:DE66) -> 0 | J66: =IFERROR(IF(J55="","",$G55*J55),"") | K66: =IFERROR(IF(K55="","",$G55*K55),"") | L66: =IFERROR(IF(L55="","",$G55*L55),"") | M66: =IFERROR(IF(M55="","",$G55*M55),"") | N66: =IFERROR(IF(N55="","",$G55*N55),"") | O66: =IFERROR(IF(O55="","",$G55*O55),"") | P66: =IFERROR(IF(P55="","",$G55*P55),"") | Q66: =IFERROR(IF(Q55="","",$G55*Q55),"") | ... DE66: =IFERROR(IF(DE55="","",$G55*DE55),"")
C67: =IF(ISBLANK(C56),"",C56) | H67: =+SUMPRODUCT(J$18:DE$18,J67:DE67) -> 0 | J67: =IFERROR(IF(J56="","",$G56*J56),"") | K67: =IFERROR(IF(K56="","",$G56*K56),"") | L67: =IFERROR(IF(L56="","",$G56*L56),"") | M67: =IFERROR(IF(M56="","",$G56*M56),"") | N67: =IFERROR(IF(N56="","",$G56*N56),"") | O67: =IFERROR(IF(O56="","",$G56*O56),"") | P67: =IFERROR(IF(P56="","",$G56*P56),"") | Q67: =IFERROR(IF(Q56="","",$G56*Q56),"") | ... DE67: =IFERROR(IF(DE56="","",$G56*DE56),"")
C68: Total operating expenses | H68: =+SUMPRODUCT(J$18:DE$18,J68:DE68) -> 0 | J68: =SUM(J58:J67)*J$18 -> 0 | K68: =SUM(K58:K67)*K$18 -> 0 | L68: =SUM(L58:L67)*L$18 -> 0 | M68: =SUM(M58:M67)*M$18 -> 0 | N68: =SUM(N58:N67)*N$18 -> 0 | O68: =SUM(O58:O67)*O$18 -> 0 | P68: =SUM(P58:P67)*P$18 -> 0 | Q68: =SUM(Q58:Q67)*Q$18 -> 0 | ... DE68: =SUM(DE58:DE67)*DE$18 -> 0
J70: =IF(OR(COUNTIF(G47,"*")>0,AND(COUNT(J47:BG47)>0,ISBLANK(G47))),"Warning","")
B71: REVENUES
B72: =IF(COUNTIF(B75:I94,"Warning")>0,"Please Correct","Ok") -> Ok
C74: Revenue name | G74: Unit of measure | J74: ='Budget Table Calculator'!$M$5 -> 2026 | K74: =J74+1 -> 2027 | L74: =K74+1 -> 2028 | M74: =L74+1 -> 2029 | N74: =M74+1 -> 2030 | O74: =N74+1 -> 2031 | P74: =O74+1 -> 2032 | Q74: =P74+1 -> 2033 | R74: =Q74+1 -> 2034 | ... DE74: =DD74+1 -> 2125
I75: =IF(OR(COUNTIFS(J$18:DE$18,1,J75:DE75,"<0")>0,COUNTIFS(J$18:DE$18,1,J75:DE75,"*")>0),"Warning","Quantity") -> Quantity
I76: {=IF(OR(IF(J$18:DE$18=1,ISNUMBER(J76:DE76)<>ISNUMBER(J75:DE75),0),COUNTIFS(J$18:DE$18,1,J76:DE76,"*")>0),"Warning","Unit price")} -> Unit price
I77: =IF(OR(COUNTIFS(J$18:DE$18,1,J77:DE77,"<0")>0,COUNTIFS(J$18:DE$18,1,J77:DE77,"*")>0),"Warning","Quantity") -> Quantity
I78: {=IF(OR(IF(J$18:DE$18=1,ISNUMBER(J78:DE78)<>ISNUMBER(J77:DE77),0),COUNTIFS(J$18:DE$18,1,J78:DE78,"*")>0),"Warning","Unit price")} -> Unit price
I79: =IF(OR(COUNTIFS(J$18:DE$18,1,J79:DE79,"<0")>0,COUNTIFS(J$18:DE$18,1,J79:DE79,"*")>0),"Warning","Quantity") -> Quantity
I80: {=IF(OR(IF(J$18:DE$18=1,ISNUMBER(J80:DE80)<>ISNUMBER(J79:DE79),0),COUNTIFS(J$18:DE$18,1,J80:DE80,"*")>0),"Warning","Unit price")} -> Unit price
I81: =IF(OR(COUNTIFS(J$18:DE$18,1,J81:DE81,"<0")>0,COUNTIFS(J$18:DE$18,1,J81:DE81,"*")>0),"Warning","Quantity") -> Quantity
I82: {=IF(OR(IF(J$18:DE$18=1,ISNUMBER(J82:DE82)<>ISNUMBER(J81:DE81),0),COUNTIFS(J$18:DE$18,1,J82:DE82,"*")>0),"Warning","Unit price")} -> Unit price
I83: =IF(OR(COUNTIFS(J$18:DE$18,1,J83:DE83,"<0")>0,COUNTIFS(J$18:DE$18,1,J83:DE83,"*")>0),"Warning","Quantity") -> Quantity
I84: {=IF(OR(IF(J$18:DE$18=1,ISNUMBER(J84:DE84)<>ISNUMBER(J83:DE83),0),COUNTIFS(J$18:DE$18,1,J84:DE84,"*")>0),"Warning","Unit price")} -> Unit price
I85: =IF(OR(COUNTIFS(J$18:DE$18,1,J85:DE85,"<0")>0,COUNTIFS(J$18:DE$18,1,J85:DE85,"*")>0),"Warning","Quantity") -> Quantity
I86: {=IF(OR(IF(J$18:DE$18=1,ISNUMBER(J86:DE86)<>ISNUMBER(J85:DE85),0),COUNTIFS(J$18:DE$18,1,J86:DE86,"*")>0),"Warning","Unit price")} -> Unit price
I87: =IF(OR(COUNTIFS(J$18:DE$18,1,J87:DE87,"<0")>0,COUNTIFS(J$18:DE$18,1,J87:DE87,"*")>0),"Warning","Quantity") -> Quantity
I88: {=IF(OR(IF(J$18:DE$18=1,ISNUMBER(J88:DE88)<>ISNUMBER(J87:DE87),0),COUNTIFS(J$18:DE$18,1,J88:DE88,"*")>0),"Warning","Unit price")} -> Unit price
I89: =IF(OR(COUNTIFS(J$18:DE$18,1,J89:DE89,"<0")>0,COUNTIFS(J$18:DE$18,1,J89:DE89,"*")>0),"Warning","Quantity") -> Quantity
I90: {=IF(OR(IF(J$18:DE$18=1,ISNUMBER(J90:DE90)<>ISNUMBER(J89:DE89),0),COUNTIFS(J$18:DE$18,1,J90:DE90,"*")>0),"Warning","Unit price")} -> Unit price
I91: =IF(OR(COUNTIFS(J$18:DE$18,1,J91:DE91,"<0")>0,COUNTIFS(J$18:DE$18,1,J91:DE91,"*")>0),"Warning","Quantity") -> Quantity
I92: {=IF(OR(IF(J$18:DE$18=1,ISNUMBER(J92:DE92)<>ISNUMBER(J91:DE91),0),COUNTIFS(J$18:DE$18,1,J92:DE92,"*")>0),"Warning","Unit price")} -> Unit price
I93: =IF(OR(COUNTIFS(J$18:DE$18,1,J93:DE93,"<0")>0,COUNTIFS(J$18:DE$18,1,J93:DE93,"*")>0),"Warning","Quantity") -> Quantity
I94: {=IF(OR(IF(J$18:DE$18=1,ISNUMBER(J94:DE94)<>ISNUMBER(J93:DE93),0),COUNTIFS(J$18:DE$18,1,J94:DE94,"*")>0),"Warning","Unit price")} -> Unit price
H95: Total
C96: =IF(ISBLANK(C75),"",C75) | H96: =+SUMPRODUCT(J$18:DE$18,J96:DE96) -> 0 | J96: =IFERROR(IF(J75="","",J75*J76),"") | K96: =IFERROR(IF(K75="","",K75*K76),"") | L96: =IFERROR(IF(L75="","",L75*L76),"") | M96: =IFERROR(IF(M75="","",M75*M76),"") | N96: =IFERROR(IF(N75="","",N75*N76),"") | O96: =IFERROR(IF(O75="","",O75*O76),"") | P96: =IFERROR(IF(P75="","",P75*P76),"") | Q96: =IFERROR(IF(Q75="","",Q75*Q76),"") | ... DE96: =IFERROR(IF(DE75="","",DE75*DE76),"")
C97: =IF(ISBLANK(C77),"",C77) | H97: =+SUMPRODUCT(J$18:DE$18,J97:DE97) -> 0 | J97: =IFERROR(IF(J77="","",J77*J78),"") | K97: =IFERROR(IF(K77="","",K77*K78),"") | L97: =IFERROR(IF(L77="","",L77*L78),"") | M97: =IFERROR(IF(M77="","",M77*M78),"") | N97: =IFERROR(IF(N77="","",N77*N78),"") | O97: =IFERROR(IF(O77="","",O77*O78),"") | P97: =IFERROR(IF(P77="","",P77*P78),"") | Q97: =IFERROR(IF(Q77="","",Q77*Q78),"") | ... DE97: =IFERROR(IF(DE77="","",DE77*DE78),"")
C98: =IF(ISBLANK(C79),"",C79) | H98: =+SUMPRODUCT(J$18:DE$18,J98:DE98) -> 0 | J98: =IFERROR(IF(J79="","",J79*J80),"") | K98: =IFERROR(IF(K79="","",K79*K80),"") | L98: =IFERROR(IF(L79="","",L79*L80),"") | M98: =IFERROR(IF(M79="","",M79*M80),"") | N98: =IFERROR(IF(N79="","",N79*N80),"") | O98: =IFERROR(IF(O79="","",O79*O80),"") | P98: =IFERROR(IF(P79="","",P79*P80),"") | Q98: =IFERROR(IF(Q79="","",Q79*Q80),"") | ... DE98: =IFERROR(IF(DE79="","",DE79*DE80),"")
C99: =IF(ISBLANK(C81),"",C81) | H99: =+SUMPRODUCT(J$18:DE$18,J99:DE99) -> 0 | J99: =IFERROR(IF(J81="","",J81*J82),"") | K99: =IFERROR(IF(K81="","",K81*K82),"") | L99: =IFERROR(IF(L81="","",L81*L82),"") | M99: =IFERROR(IF(M81="","",M81*M82),"") | N99: =IFERROR(IF(N81="","",N81*N82),"") | O99: =IFERROR(IF(O81="","",O81*O82),"") | P99: =IFERROR(IF(P81="","",P81*P82),"") | Q99: =IFERROR(IF(Q81="","",Q81*Q82),"") | ... DE99: =IFERROR(IF(DE81="","",DE81*DE82),"")
C100: =IF(ISBLANK(C83),"",C83) | H100: =+SUMPRODUCT(J$18:DE$18,J100:DE100) -> 0 | J100: =IFERROR(IF(J83="","",J83*J84),"") | K100: =IFERROR(IF(K83="","",K83*K84),"") | L100: =IFERROR(IF(L83="","",L83*L84),"") | M100: =IFERROR(IF(M83="","",M83*M84),"") | N100: =IFERROR(IF(N83="","",N83*N84),"") | O100: =IFERROR(IF(O83="","",O83*O84),"") | P100: =IFERROR(IF(P83="","",P83*P84),"") | Q100: =IFERROR(IF(Q83="","",Q83*Q84),"") | ... DE100: =IFERROR(IF(DE83="","",DE83*DE84),"")
C101: =IF(ISBLANK(C85),"",C85) | H101: =+SUMPRODUCT(J$18:DE$18,J101:DE101) -> 0 | J101: =IFERROR(IF(J85="","",J85*J86),"") | K101: =IFERROR(IF(K85="","",K85*K86),"") | L101: =IFERROR(IF(L85="","",L85*L86),"") | M101: =IFERROR(IF(M85="","",M85*M86),"") | N101: =IFERROR(IF(N85="","",N85*N86),"") | O101: =IFERROR(IF(O85="","",O85*O86),"") | P101: =IFERROR(IF(P85="","",P85*P86),"") | Q101: =IFERROR(IF(Q85="","",Q85*Q86),"") | ... DE101: =IFERROR(IF(DE85="","",DE85*DE86),"")
C102: =IF(ISBLANK(C87),"",C87) | H102: =+SUMPRODUCT(J$18:DE$18,J102:DE102) -> 0 | J102: =IFERROR(IF(J87="","",J87*J88),"") | K102: =IFERROR(IF(K87="","",K87*K88),"") | L102: =IFERROR(IF(L87="","",L87*L88),"") | M102: =IFERROR(IF(M87="","",M87*M88),"") | N102: =IFERROR(IF(N87="","",N87*N88),"") | O102: =IFERROR(IF(O87="","",O87*O88),"") | P102: =IFERROR(IF(P87="","",P87*P88),"") | Q102: =IFERROR(IF(Q87="","",Q87*Q88),"") | ... DE102: =IFERROR(IF(DE87="","",DE87*DE88),"")
C103: =IF(ISBLANK(C89),"",C89) | H103: =+SUMPRODUCT(J$18:DE$18,J103:DE103) -> 0 | J103: =IFERROR(IF(J89="","",J89*J90),"") | K103: =IFERROR(IF(K89="","",K89*K90),"") | L103: =IFERROR(IF(L89="","",L89*L90),"") | M103: =IFERROR(IF(M89="","",M89*M90),"") | N103: =IFERROR(IF(N89="","",N89*N90),"") | O103: =IFERROR(IF(O89="","",O89*O90),"") | P103: =IFERROR(IF(P89="","",P89*P90),"") | Q103: =IFERROR(IF(Q89="","",Q89*Q90),"") | ... DE103: =IFERROR(IF(DE89="","",DE89*DE90),"")
C104: =IF(ISBLANK(C91),"",C91) | H104: =+SUMPRODUCT(J$18:DE$18,J104:DE104) -> 0 | J104: =IFERROR(IF(J91="","",J91*J92),"") | K104: =IFERROR(IF(K91="","",K91*K92),"") | L104: =IFERROR(IF(L91="","",L91*L92),"") | M104: =IFERROR(IF(M91="","",M91*M92),"") | N104: =IFERROR(IF(N91="","",N91*N92),"") | O104: =IFERROR(IF(O91="","",O91*O92),"") | P104: =IFERROR(IF(P91="","",P91*P92),"") | Q104: =IFERROR(IF(Q91="","",Q91*Q92),"") | ... DE104: =IFERROR(IF(DE91="","",DE91*DE92),"")
C105: =IF(ISBLANK(C93),"",C93) | H105: =+SUMPRODUCT(J$18:DE$18,J105:DE105) -> 0 | J105: =IFERROR(IF(J93="","",J93*J94),"") | K105: =IFERROR(IF(K93="","",K93*K94),"") | L105: =IFERROR(IF(L93="","",L93*L94),"") | M105: =IFERROR(IF(M93="","",M93*M94),"") | N105: =IFERROR(IF(N93="","",N93*N94),"") | O105: =IFERROR(IF(O93="","",O93*O94),"") | P105: =IFERROR(IF(P93="","",P93*P94),"") | Q105: =IFERROR(IF(Q93="","",Q93*Q94),"") | ... DE105: =IFERROR(IF(DE93="","",DE93*DE94),"")
C106: Total revenues | H106: =+SUMPRODUCT(J$18:DE$18,J106:DE106) -> 0 | J106: =SUM(J96:J105)*J$18 -> 0 | K106: =SUM(K96:K105)*K$18 -> 0 | L106: =SUM(L96:L105)*L$18 -> 0 | M106: =SUM(M96:M105)*M$18 -> 0 | N106: =SUM(N96:N105)*N$18 -> 0 | O106: =SUM(O96:O105)*O$18 -> 0 | P106: =SUM(P96:P105)*P$18 -> 0 | Q106: =SUM(Q96:Q105)*Q$18 -> 0 | ... DE106: =SUM(DE96:DE105)*DE$18 -> 0
B109: APPLICANT COMMENTS
C111: Comments

Sheet Input Sheet 8
D3: JTM - PUBLIC SECTOR LOAN FACILITY
D5: =CONCATENATE("Project Number: ","") -> Project Number: | G5: =+Project_Number -> 0
B8: =+COUNTIF(B10:B108,"Ok") -> 4
B9: MAIN ASSUMPTIONS OF THE ANALYSIS
B10: =IF(COUNTIF(I11:I13,"Warning")>0,"Please Correct","Ok") -> Ok
D11: Reference period (n of years) | G11: 5 | I11: =IF(OR(G11<0,ISTEXT(G11)),"Warning","")
D12: First year (Start of Project) | G12: ='Budget Table Calculator'!$M$5 -> 2026 | I12: =IF(OR(G12<'Budget Table Calculator'!$M$5,ISTEXT(G12)),"Warning","")
D13: Last year in the reference | G13: =+G12+G11-1 -> 2030
B15: INVESTMENT COSTS
B16: =IF(COUNTIF(B20:G40,"Warning")>0,"Please Correct","Ok") -> Ok
C17: Initial investment
J18: =IF($G$13>=J19,1,0) -> 1 | K18: =IF($G$13>=K19,1,0) -> 1 | L18: =IF($G$13>=L19,1,0) -> 1 | M18: =IF($G$13>=M19,1,0) -> 1 | N18: =IF($G$13>=N19,1,0) -> 1 | O18: =IF($G$13>=O19,1,0) -> 0 | P18: =IF($G$13>=P19,1,0) -> 0 | Q18: =IF($G$13>=Q19,1,0) -> 0 | ... DE18: =IF($G$13>=DE19,1,0) -> 0
C19: Capital expenditure item/category (see Notice tab - cell L71) | H19: Total | J19: ='Budget Table Calculator'!$M$5 -> 2026 | K19: =+J19+1 -> 2027 | L19: =+K19+1 -> 2028 | M19: =+L19+1 -> 2029 | N19: =+M19+1 -> 2030 | O19: =+N19+1 -> 2031 | P19: =+O19+1 -> 2032 | Q19: =+P19+1 -> 2033 | R19: =+Q19+1 -> 2034 | ... DE19: =+DD19+1 -> 2125
G20: =IF(COUNTIFS(J$18:DE$18,1,J20:DE20,"*")>0,"Warning","") | H20: =+SUMPRODUCT(J$18:DE$18,J20:DE20) -> 0
G21: =IF(COUNTIFS(J$18:DE$18,1,J21:DE21,"*")>0,"Warning","") | H21: =+SUMPRODUCT(J$18:DE$18,J21:DE21) -> 0
G22: =IF(COUNTIFS(J$18:DE$18,1,J22:DE22,"*")>0,"Warning","") | H22: =+SUMPRODUCT(J$18:DE$18,J22:DE22) -> 0
G23: =IF(COUNTIFS(J$18:DE$18,1,J23:DE23,"*")>0,"Warning","") | H23: =+SUMPRODUCT(J$18:DE$18,J23:DE23) -> 0
G24: =IF(COUNTIFS(J$18:DE$18,1,J24:DE24,"*")>0,"Warning","") | H24: =+SUMPRODUCT(J$18:DE$18,J24:DE24) -> 0
G25: =IF(COUNTIFS(J$18:DE$18,1,J25:DE25,"*")>0,"Warning","") | H25: =+SUMPRODUCT(J$18:DE$18,J25:DE25) -> 0
G26: =IF(COUNTIFS(J$18:DE$18,1,J26:DE26,"*")>0,"Warning","") | H26: =+SUMPRODUCT(J$18:DE$18,J26:DE26) -> 0
G27: =IF(COUNTIFS(J$18:DE$18,1,J27:DE27,"*")>0,"Warning","") | H27: =+SUMPRODUCT(J$18:DE$18,J27:DE27) -> 0
G28: =IF(COUNTIFS(J$18:DE$18,1,J28:DE28,"*")>0,"Warning","") | H28: =+SUMPRODUCT(J$18:DE$18,J28:DE28) -> 0
G29: =IF(COUNTIFS(J$18:DE$18,1,J29:DE29,"*")>0,"Warning","") | H29: =+SUMPRODUCT(J$18:DE$18,J29:DE29) -> 0
H30: Total
G31: =IF(COUNTIFS(J$18:DE$18,1,J31:DE31,"*")>0,"Warning","") | H31: =+SUMPRODUCT(J$18:DE$18,J31:DE31) -> 0 | J31: =SUM(J20:J29) * J$18 -> 0 | K31: =SUM(K20:K29) * K$18 -> 0 | L31: =SUM(L20:L29) * L$18 -> 0 | M31: =SUM(M20:M29) * M$18 -> 0 | N31: =SUM(N20:N29) * N$18 -> 0 | O31: =SUM(O20:O29) * O$18 -> 0 | P31: =SUM(P20:P29) * P$18 -> 0 | Q31: =SUM(Q20:Q29) * Q$18 -> 0 | ... DE31: =SUM(DE20:DE29) * DE$18 -> 0
C33: Replacement costs
H34: Total | J34: ='Budget Table Calculator'!$M$5 -> 2026 | K34: =+J34+1 -> 2027 | L34: =+K34+1 -> 2028 | M34: =+L34+1 -> 2029 | N34: =+M34+1 -> 2030 | O34: =+N34+1 -> 2031 | P34: =+O34+1 -> 2032 | Q34: =+P34+1 -> 2033 | R34: =+Q34+1 -> 2034 | ... DE34: =+DD34+1 -> 2125
C35: Replacement costs | G35: =IF(OR(COUNTIFS(J$18:DE$18,1,J35:DE35,"<0")>0,COUNTIFS(J$18:DE$18,1,J35:DE35,"*")>0),"Warning","") | H35: =+SUMPRODUCT(J$18:DE$18,J35:DE35) -> 0
C38: Residual value
D39: Year | E39: =+G13 -> 2030
D40: Amount | G40: =IF(OR(ISTEXT(E40),E40<0),"Warning","")
B43: OPERATING EXPENSES
B44: =IF(COUNTIF(B47:H56,"Warning")>0,"Please Correct","Ok") -> Ok
C46: Service name | G46: Unit cost | I46: Unit of measure | J46: ='Budget Table Calculator'!$M$5 -> 2026 | K46: =J46+1 -> 2027 | L46: =K46+1 -> 2028 | M46: =L46+1 -> 2029 | N46: =M46+1 -> 2030 | O46: =N46+1 -> 2031 | P46: =O46+1 -> 2032 | Q46: =P46+1 -> 2033 | R46: =Q46+1 -> 2034 | ... DE46: =DD46+1 -> 2125
H47: =IF(OR(COUNTIFS(J$18:DE$18,1,J47:DE47,"<0")>0,COUNTIFS(J$18:DE$18,1,J47:DE47,"*")>0,ISNUMBER(I47),COUNTIF(G47,"*")>0,COUNTIF(G47,"*")>0,AND(COUNTIFS(J$18:DE$18,1,J47:DE47,">0"),ISBLANK(G47))),"Warning","")
H48: =IF(OR(COUNTIFS(J$18:DE$18,1,J48:DE48,"<0")>0,COUNTIFS(J$18:DE$18,1,J48:DE48,"*")>0,ISNUMBER(I48),COUNTIF(G48,"*")>0,COUNTIF(G48,"*")>0,AND(COUNTIFS(J$18:DE$18,1,J48:DE48,">0"),ISBLANK(G48))),"Warning","")
H49: =IF(OR(COUNTIFS(J$18:DE$18,1,J49:DE49,"<0")>0,COUNTIFS(J$18:DE$18,1,J49:DE49,"*")>0,ISNUMBER(I49),COUNTIF(G49,"*")>0,COUNTIF(G49,"*")>0,AND(COUNTIFS(J$18:DE$18,1,J49:DE49,">0"),ISBLANK(G49))),"Warning","")
H50: =IF(OR(COUNTIFS(J$18:DE$18,1,J50:DE50,"<0")>0,COUNTIFS(J$18:DE$18,1,J50:DE50,"*")>0,ISNUMBER(I50),COUNTIF(G50,"*")>0,COUNTIF(G50,"*")>0,AND(COUNTIFS(J$18:DE$18,1,J50:DE50,">0"),ISBLANK(G50))),"Warning","")
H51: =IF(OR(COUNTIFS(J$18:DE$18,1,J51:DE51,"<0")>0,COUNTIFS(J$18:DE$18,1,J51:DE51,"*")>0,ISNUMBER(I51),COUNTIF(G51,"*")>0,COUNTIF(G51,"*")>0,AND(COUNTIFS(J$18:DE$18,1,J51:DE51,">0"),ISBLANK(G51))),"Warning","")
H52: =IF(OR(COUNTIFS(J$18:DE$18,1,J52:DE52,"<0")>0,COUNTIFS(J$18:DE$18,1,J52:DE52,"*")>0,ISNUMBER(I52),COUNTIF(G52,"*")>0,COUNTIF(G52,"*")>0,AND(COUNTIFS(J$18:DE$18,1,J52:DE52,">0"),ISBLANK(G52))),"Warning","")
H53: =IF(OR(COUNTIFS(J$18:DE$18,1,J53:DE53,"<0")>0,COUNTIFS(J$18:DE$18,1,J53:DE53,"*")>0,ISNUMBER(I53),COUNTIF(G53,"*")>0,COUNTIF(G53,"*")>0,AND(COUNTIFS(J$18:DE$18,1,J53:DE53,">0"),ISBLANK(G53))),"Warning","")
H54: =IF(OR(COUNTIFS(J$18:DE$18,1,J54:DE54,"<0")>0,COUNTIFS(J$18:DE$18,1,J54:DE54,"*")>0,ISNUMBER(I54),COUNTIF(G54,"*")>0,COUNTIF(G54,"*")>0,AND(COUNTIFS(J$18:DE$18,1,J54:DE54,">0"),ISBLANK(G54))),"Warning","")
H55: =IF(OR(COUNTIFS(J$18:DE$18,1,J55:DE55,"<0")>0,COUNTIFS(J$18:DE$18,1,J55:DE55,"*")>0,ISNUMBER(I55),COUNTIF(G55,"*")>0,COUNTIF(G55,"*")>0,AND(COUNTIFS(J$18:DE$18,1,J55:DE55,">0"),ISBLANK(G55))),"Warning","")
H56: =IF(OR(COUNTIFS(J$18:DE$18,1,J56:DE56,"<0")>0,COUNTIFS(J$18:DE$18,1,J56:DE56,"*")>0,ISNUMBER(I56),COUNTIF(G56,"*")>0,COUNTIF(G56,"*")>0,AND(COUNTIFS(J$18:DE$18,1,J56:DE56,">0"),ISBLANK(G56))),"Warning","")
H57: Total
C58: =IF(ISBLANK(C47),"",C47) | H58: =+SUMPRODUCT(J$18:DE$18,J58:DE58) -> 0 | J58: =IFERROR(IF(J47="","",$G47*J47),"") | K58: =IFERROR(IF(K47="","",$G47*K47),"") | L58: =IFERROR(IF(L47="","",$G47*L47),"") | M58: =IFERROR(IF(M47="","",$G47*M47),"") | N58: =IFERROR(IF(N47="","",$G47*N47),"") | O58: =IFERROR(IF(O47="","",$G47*O47),"") | P58: =IFERROR(IF(P47="","",$G47*P47),"") | Q58: =IFERROR(IF(Q47="","",$G47*Q47),"") | ... DE58: =IFERROR(IF(DE47="","",$G47*DE47),"")
C59: =IF(ISBLANK(C48),"",C48) | H59: =+SUMPRODUCT(J$18:DE$18,J59:DE59) -> 0 | J59: =IFERROR(IF(J48="","",$G48*J48),"") | K59: =IFERROR(IF(K48="","",$G48*K48),"") | L59: =IFERROR(IF(L48="","",$G48*L48),"") | M59: =IFERROR(IF(M48="","",$G48*M48),"") | N59: =IFERROR(IF(N48="","",$G48*N48),"") | O59: =IFERROR(IF(O48="","",$G48*O48),"") | P59: =IFERROR(IF(P48="","",$G48*P48),"") | Q59: =IFERROR(IF(Q48="","",$G48*Q48),"") | ... DE59: =IFERROR(IF(DE48="","",$G48*DE48),"")
C60: =IF(ISBLANK(C49),"",C49) | H60: =+SUMPRODUCT(J$18:DE$18,J60:DE60) -> 0 | J60: =IFERROR(IF(J49="","",$G49*J49),"") | K60: =IFERROR(IF(K49="","",$G49*K49),"") | L60: =IFERROR(IF(L49="","",$G49*L49),"") | M60: =IFERROR(IF(M49="","",$G49*M49),"") | N60: =IFERROR(IF(N49="","",$G49*N49),"") | O60: =IFERROR(IF(O49="","",$G49*O49),"") | P60: =IFERROR(IF(P49="","",$G49*P49),"") | Q60: =IFERROR(IF(Q49="","",$G49*Q49),"") | ... DE60: =IFERROR(IF(DE49="","",$G49*DE49),"")
C61: =IF(ISBLANK(C50),"",C50) | H61: =+SUMPRODUCT(J$18:DE$18,J61:DE61) -> 0 | J61: =IFERROR(IF(J50="","",$G50*J50),"") | K61: =IFERROR(IF(K50="","",$G50*K50),"") | L61: =IFERROR(IF(L50="","",$G50*L50),"") | M61: =IFERROR(IF(M50="","",$G50*M50),"") | N61: =IFERROR(IF(N50="","",$G50*N50),"") | O61: =IFERROR(IF(O50="","",$G50*O50),"") | P61: =IFERROR(IF(P50="","",$G50*P50),"") | Q61: =IFERROR(IF(Q50="","",$G50*Q50),"") | ... DE61: =IFERROR(IF(DE50="","",$G50*DE50),"")
C62: =IF(ISBLANK(C51),"",C51) | H62: =+SUMPRODUCT(J$18:DE$18,J62:DE62) -> 0 | J62: =IFERROR(IF(J51="","",$G51*J51),"") | K62: =IFERROR(IF(K51="","",$G51*K51),"") | L62: =IFERROR(IF(L51="","",$G51*L51),"") | M62: =IFERROR(IF(M51="","",$G51*M51),"") | N62: =IFERROR(IF(N51="","",$G51*N51),"") | O62: =IFERROR(IF(O51="","",$G51*O51),"") | P62: =IFERROR(IF(P51="","",$G51*P51),"") | Q62: =IFERROR(IF(Q51="","",$G51*Q51),"") | ... DE62: =IFERROR(IF(DE51="","",$G51*DE51),"")
C63: =IF(ISBLANK(C52),"",C52) | H63: =+SUMPRODUCT(J$18:DE$18,J63:DE63) -> 0 | J63: =IFERROR(IF(J52="","",$G52*J52),"") | K63: =IFERROR(IF(K52="","",$G52*K52),"") | L63: =IFERROR(IF(L52="","",$G52*L52),"") | M63: =IFERROR(IF(M52="","",$G52*M52),"") | N63: =IFERROR(IF(N52="","",$G52*N52),"") | O63: =IFERROR(IF(O52="","",$G52*O52),"") | P63: =IFERROR(IF(P52="","",$G52*P52),"") | Q63: =IFERROR(IF(Q52="","",$G52*Q52),"") | ... DE63: =IFERROR(IF(DE52="","",$G52*DE52),"")
C64: =IF(ISBLANK(C53),"",C53) | H64: =+SUMPRODUCT(J$18:DE$18,J64:DE64) -> 0 | J64: =IFERROR(IF(J53="","",$G53*J53),"") | K64: =IFERROR(IF(K53="","",$G53*K53),"") | L64: =IFERROR(IF(L53="","",$G53*L53),"") | M64: =IFERROR(IF(M53="","",$G53*M53),"") | N64: =IFERROR(IF(N53="","",$G53*N53),"") | O64: =IFERROR(IF(O53="","",$G53*O53),"") | P64: =IFERROR(IF(P53="","",$G53*P53),"") | Q64: =IFERROR(IF(Q53="","",$G53*Q53),"") | ... DE64: =IFERROR(IF(DE53="","",$G53*DE53),"")
C65: =IF(ISBLANK(C54),"",C54) | H65: =+SUMPRODUCT(J$18:DE$18,J65:DE65) -> 0 | J65: =IFERROR(IF(J54="","",$G54*J54),"") | K65: =IFERROR(IF(K54="","",$G54*K54),"") | L65: =IFERROR(IF(L54="","",$G54*L54),"") | M65: =IFERROR(IF(M54="","",$G54*M54),"") | N65: =IFERROR(IF(N54="","",$G54*N54),"") | O65: =IFERROR(IF(O54="","",$G54*O54),"") | P65: =IFERROR(IF(P54="","",$G54*P54),"") | Q65: =IFERROR(IF(Q54="","",$G54*Q54),"") | ... DE65: =IFERROR(IF(DE54="","",$G54*DE54),"")
C66: =IF(ISBLANK(C55),"",C55) | H66: =+SUMPRODUCT(J$18:DE$18,J66:DE66) -> 0 | J66: =IFERROR(IF(J55="","",$G55*J55),"") | K66: =IFERROR(IF(K55="","",$G55*K55),"") | L66: =IFERROR(IF(L55="","",$G55*L55),"") | M66: =IFERROR(IF(M55="","",$G55*M55),"") | N66: =IFERROR(IF(N55="","",$G55*N55),"") | O66: =IFERROR(IF(O55="","",$G55*O55),"") | P66: =IFERROR(IF(P55="","",$G55*P55),"") | Q66: =IFERROR(IF(Q55="","",$G55*Q55),"") | ... DE66: =IFERROR(IF(DE55="","",$G55*DE55),"")
C67: =IF(ISBLANK(C56),"",C56) | H67: =+SUMPRODUCT(J$18:DE$18,J67:DE67) -> 0 | J67: =IFERROR(IF(J56="","",$G56*J56),"") | K67: =IFERROR(IF(K56="","",$G56*K56),"") | L67: =IFERROR(IF(L56="","",$G56*L56),"") | M67: =IFERROR(IF(M56="","",$G56*M56),"") | N67: =IFERROR(IF(N56="","",$G56*N56),"") | O67: =IFERROR(IF(O56="","",$G56*O56),"") | P67: =IFERROR(IF(P56="","",$G56*P56),"") | Q67: =IFERROR(IF(Q56="","",$G56*Q56),"") | ... DE67: =IFERROR(IF(DE56="","",$G56*DE56),"")
C68: Total operating expenses | H68: =+SUMPRODUCT(J$18:DE$18,J68:DE68) -> 0 | J68: =SUM(J58:J67)*J$18 -> 0 | K68: =SUM(K58:K67)*K$18 -> 0 | L68: =SUM(L58:L67)*L$18 -> 0 | M68: =SUM(M58:M67)*M$18 -> 0 | N68: =SUM(N58:N67)*N$18 -> 0 | O68: =SUM(O58:O67)*O$18 -> 0 | P68: =SUM(P58:P67)*P$18 -> 0 | Q68: =SUM(Q58:Q67)*Q$18 -> 0 | ... DE68: =SUM(DE58:DE67)*DE$18 -> 0
J70: =IF(OR(COUNTIF(G47,"*")>0,AND(COUNT(J47:BG47)>0,ISBLANK(G47))),"Warning","")
B71: REVENUES
B72: =IF(COUNTIF(B75:I94,"Warning")>0,"Please Correct","Ok") -> Ok
C74: Revenue name | G74: Unit of measure | J74: ='Budget Table Calculator'!$M$5 -> 2026 | K74: =J74+1 -> 2027 | L74: =K74+1 -> 2028 | M74: =L74+1 -> 2029 | N74: =M74+1 -> 2030 | O74: =N74+1 -> 2031 | P74: =O74+1 -> 2032 | Q74: =P74+1 -> 2033 | R74: =Q74+1 -> 2034 | ... DE74: =DD74+1 -> 2125
I75: =IF(OR(COUNTIFS(J$18:DE$18,1,J75:DE75,"<0")>0,COUNTIFS(J$18:DE$18,1,J75:DE75,"*")>0),"Warning","Quantity") -> Quantity
I76: {=IF(OR(IF(J$18:DE$18=1,ISNUMBER(J76:DE76)<>ISNUMBER(J75:DE75),0),COUNTIFS(J$18:DE$18,1,J76:DE76,"*")>0),"Warning","Unit price")} -> Unit price
I77: =IF(OR(COUNTIFS(J$18:DE$18,1,J77:DE77,"<0")>0,COUNTIFS(J$18:DE$18,1,J77:DE77,"*")>0),"Warning","Quantity") -> Quantity
I78: {=IF(OR(IF(J$18:DE$18=1,ISNUMBER(J78:DE78)<>ISNUMBER(J77:DE77),0),COUNTIFS(J$18:DE$18,1,J78:DE78,"*")>0),"Warning","Unit price")} -> Unit price
I79: =IF(OR(COUNTIFS(J$18:DE$18,1,J79:DE79,"<0")>0,COUNTIFS(J$18:DE$18,1,J79:DE79,"*")>0),"Warning","Quantity") -> Quantity
I80: {=IF(OR(IF(J$18:DE$18=1,ISNUMBER(J80:DE80)<>ISNUMBER(J79:DE79),0),COUNTIFS(J$18:DE$18,1,J80:DE80,"*")>0),"Warning","Unit price")} -> Unit price
I81: =IF(OR(COUNTIFS(J$18:DE$18,1,J81:DE81,"<0")>0,COUNTIFS(J$18:DE$18,1,J81:DE81,"*")>0),"Warning","Quantity") -> Quantity
I82: {=IF(OR(IF(J$18:DE$18=1,ISNUMBER(J82:DE82)<>ISNUMBER(J81:DE81),0),COUNTIFS(J$18:DE$18,1,J82:DE82,"*")>0),"Warning","Unit price")} -> Unit price
I83: =IF(OR(COUNTIFS(J$18:DE$18,1,J83:DE83,"<0")>0,COUNTIFS(J$18:DE$18,1,J83:DE83,"*")>0),"Warning","Quantity") -> Quantity
I84: {=IF(OR(IF(J$18:DE$18=1,ISNUMBER(J84:DE84)<>ISNUMBER(J83:DE83),0),COUNTIFS(J$18:DE$18,1,J84:DE84,"*")>0),"Warning","Unit price")} -> Unit price
I85: =IF(OR(COUNTIFS(J$18:DE$18,1,J85:DE85,"<0")>0,COUNTIFS(J$18:DE$18,1,J85:DE85,"*")>0),"Warning","Quantity") -> Quantity
I86: {=IF(OR(IF(J$18:DE$18=1,ISNUMBER(J86:DE86)<>ISNUMBER(J85:DE85),0),COUNTIFS(J$18:DE$18,1,J86:DE86,"*")>0),"Warning","Unit price")} -> Unit price
I87: =IF(OR(COUNTIFS(J$18:DE$18,1,J87:DE87,"<0")>0,COUNTIFS(J$18:DE$18,1,J87:DE87,"*")>0),"Warning","Quantity") -> Quantity
I88: {=IF(OR(IF(J$18:DE$18=1,ISNUMBER(J88:DE88)<>ISNUMBER(J87:DE87),0),COUNTIFS(J$18:DE$18,1,J88:DE88,"*")>0),"Warning","Unit price")} -> Unit price
I89: =IF(OR(COUNTIFS(J$18:DE$18,1,J89:DE89,"<0")>0,COUNTIFS(J$18:DE$18,1,J89:DE89,"*")>0),"Warning","Quantity") -> Quantity
I90: {=IF(OR(IF(J$18:DE$18=1,ISNUMBER(J90:DE90)<>ISNUMBER(J89:DE89),0),COUNTIFS(J$18:DE$18,1,J90:DE90,"*")>0),"Warning","Unit price")} -> Unit price
I91: =IF(OR(COUNTIFS(J$18:DE$18,1,J91:DE91,"<0")>0,COUNTIFS(J$18:DE$18,1,J91:DE91,"*")>0),"Warning","Quantity") -> Quantity
I92: {=IF(OR(IF(J$18:DE$18=1,ISNUMBER(J92:DE92)<>ISNUMBER(J91:DE91),0),COUNTIFS(J$18:DE$18,1,J92:DE92,"*")>0),"Warning","Unit price")} -> Unit price
I93: =IF(OR(COUNTIFS(J$18:DE$18,1,J93:DE93,"<0")>0,COUNTIFS(J$18:DE$18,1,J93:DE93,"*")>0),"Warning","Quantity") -> Quantity
I94: {=IF(OR(IF(J$18:DE$18=1,ISNUMBER(J94:DE94)<>ISNUMBER(J93:DE93),0),COUNTIFS(J$18:DE$18,1,J94:DE94,"*")>0),"Warning","Unit price")} -> Unit price
H95: Total
C96: =IF(ISBLANK(C75),"",C75) | H96: =+SUMPRODUCT(J$18:DE$18,J96:DE96) -> 0 | J96: =IFERROR(IF(J75="","",J75*J76),"") | K96: =IFERROR(IF(K75="","",K75*K76),"") | L96: =IFERROR(IF(L75="","",L75*L76),"") | M96: =IFERROR(IF(M75="","",M75*M76),"") | N96: =IFERROR(IF(N75="","",N75*N76),"") | O96: =IFERROR(IF(O75="","",O75*O76),"") | P96: =IFERROR(IF(P75="","",P75*P76),"") | Q96: =IFERROR(IF(Q75="","",Q75*Q76),"") | ... DE96: =IFERROR(IF(DE75="","",DE75*DE76),"")
C97: =IF(ISBLANK(C77),"",C77) | H97: =+SUMPRODUCT(J$18:DE$18,J97:DE97) -> 0 | J97: =IFERROR(IF(J77="","",J77*J78),"") | K97: =IFERROR(IF(K77="","",K77*K78),"") | L97: =IFERROR(IF(L77="","",L77*L78),"") | M97: =IFERROR(IF(M77="","",M77*M78),"") | N97: =IFERROR(IF(N77="","",N77*N78),"") | O97: =IFERROR(IF(O77="","",O77*O78),"") | P97: =IFERROR(IF(P77="","",P77*P78),"") | Q97: =IFERROR(IF(Q77="","",Q77*Q78),"") | ... DE97: =IFERROR(IF(DE77="","",DE77*DE78),"")
C98: =IF(ISBLANK(C79),"",C79) | H98: =+SUMPRODUCT(J$18:DE$18,J98:DE98) -> 0 | J98: =IFERROR(IF(J79="","",J79*J80),"") | K98: =IFERROR(IF(K79="","",K79*K80),"") | L98: =IFERROR(IF(L79="","",L79*L80),"") | M98: =IFERROR(IF(M79="","",M79*M80),"") | N98: =IFERROR(IF(N79="","",N79*N80),"") | O98: =IFERROR(IF(O79="","",O79*O80),"") | P98: =IFERROR(IF(P79="","",P79*P80),"") | Q98: =IFERROR(IF(Q79="","",Q79*Q80),"") | ... DE98: =IFERROR(IF(DE79="","",DE79*DE80),"")
C99: =IF(ISBLANK(C81),"",C81) | H99: =+SUMPRODUCT(J$18:DE$18,J99:DE99) -> 0 | J99: =IFERROR(IF(J81="","",J81*J82),"") | K99: =IFERROR(IF(K81="","",K81*K82),"") | L99: =IFERROR(IF(L81="","",L81*L82),"") | M99: =IFERROR(IF(M81="","",M81*M82),"") | N99: =IFERROR(IF(N81="","",N81*N82),"") | O99: =IFERROR(IF(O81="","",O81*O82),"") | P99: =IFERROR(IF(P81="","",P81*P82),"") | Q99: =IFERROR(IF(Q81="","",Q81*Q82),"") | ... DE99: =IFERROR(IF(DE81="","",DE81*DE82),"")
C100: =IF(ISBLANK(C83),"",C83) | H100: =+SUMPRODUCT(J$18:DE$18,J100:DE100) -> 0 | J100: =IFERROR(IF(J83="","",J83*J84),"") | K100: =IFERROR(IF(K83="","",K83*K84),"") | L100: =IFERROR(IF(L83="","",L83*L84),"") | M100: =IFERROR(IF(M83="","",M83*M84),"") | N100: =IFERROR(IF(N83="","",N83*N84),"") | O100: =IFERROR(IF(O83="","",O83*O84),"") | P100: =IFERROR(IF(P83="","",P83*P84),"") | Q100: =IFERROR(IF(Q83="","",Q83*Q84),"") | ... DE100: =IFERROR(IF(DE83="","",DE83*DE84),"")
C101: =IF(ISBLANK(C85),"",C85) | H101: =+SUMPRODUCT(J$18:DE$18,J101:DE101) -> 0 | J101: =IFERROR(IF(J85="","",J85*J86),"") | K101: =IFERROR(IF(K85="","",K85*K86),"") | L101: =IFERROR(IF(L85="","",L85*L86),"") | M101: =IFERROR(IF(M85="","",M85*M86),"") | N101: =IFERROR(IF(N85="","",N85*N86),"") | O101: =IFERROR(IF(O85="","",O85*O86),"") | P101: =IFERROR(IF(P85="","",P85*P86),"") | Q101: =IFERROR(IF(Q85="","",Q85*Q86),"") | ... DE101: =IFERROR(IF(DE85="","",DE85*DE86),"")
C102: =IF(ISBLANK(C87),"",C87) | H102: =+SUMPRODUCT(J$18:DE$18,J102:DE102) -> 0 | J102: =IFERROR(IF(J87="","",J87*J88),"") | K102: =IFERROR(IF(K87="","",K87*K88),"") | L102: =IFERROR(IF(L87="","",L87*L88),"") | M102: =IFERROR(IF(M87="","",M87*M88),"") | N102: =IFERROR(IF(N87="","",N87*N88),"") | O102: =IFERROR(IF(O87="","",O87*O88),"") | P102: =IFERROR(IF(P87="","",P87*P88),"") | Q102: =IFERROR(IF(Q87="","",Q87*Q88),"") | ... DE102: =IFERROR(IF(DE87="","",DE87*DE88),"")
C103: =IF(ISBLANK(C89),"",C89) | H103: =+SUMPRODUCT(J$18:DE$18,J103:DE103) -> 0 | J103: =IFERROR(IF(J89="","",J89*J90),"") | K103: =IFERROR(IF(K89="","",K89*K90),"") | L103: =IFERROR(IF(L89="","",L89*L90),"") | M103: =IFERROR(IF(M89="","",M89*M90),"") | N103: =IFERROR(IF(N89="","",N89*N90),"") | O103: =IFERROR(IF(O89="","",O89*O90),"") | P103: =IFERROR(IF(P89="","",P89*P90),"") | Q103: =IFERROR(IF(Q89="","",Q89*Q90),"") | ... DE103: =IFERROR(IF(DE89="","",DE89*DE90),"")
C104: =IF(ISBLANK(C91),"",C91) | H104: =+SUMPRODUCT(J$18:DE$18,J104:DE104) -> 0 | J104: =IFERROR(IF(J91="","",J91*J92),"") | K104: =IFERROR(IF(K91="","",K91*K92),"") | L104: =IFERROR(IF(L91="","",L91*L92),"") | M104: =IFERROR(IF(M91="","",M91*M92),"") | N104: =IFERROR(IF(N91="","",N91*N92),"") | O104: =IFERROR(IF(O91="","",O91*O92),"") | P104: =IFERROR(IF(P91="","",P91*P92),"") | Q104: =IFERROR(IF(Q91="","",Q91*Q92),"") | ... DE104: =IFERROR(IF(DE91="","",DE91*DE92),"")
C105: =IF(ISBLANK(C93),"",C93) | H105: =+SUMPRODUCT(J$18:DE$18,J105:DE105) -> 0 | J105: =IFERROR(IF(J93="","",J93*J94),"") | K105: =IFERROR(IF(K93="","",K93*K94),"") | L105: =IFERROR(IF(L93="","",L93*L94),"") | M105: =IFERROR(IF(M93="","",M93*M94),"") | N105: =IFERROR(IF(N93="","",N93*N94),"") | O105: =IFERROR(IF(O93="","",O93*O94),"") | P105: =IFERROR(IF(P93="","",P93*P94),"") | Q105: =IFERROR(IF(Q93="","",Q93*Q94),"") | ... DE105: =IFERROR(IF(DE93="","",DE93*DE94),"")
C106: Total revenues | H106: =+SUMPRODUCT(J$18:DE$18,J106:DE106) -> 0 | J106: =SUM(J96:J105)*J$18 -> 0 | K106: =SUM(K96:K105)*K$18 -> 0 | L106: =SUM(L96:L105)*L$18 -> 0 | M106: =SUM(M96:M105)*M$18 -> 0 | N106: =SUM(N96:N105)*N$18 -> 0 | O106: =SUM(O96:O105)*O$18 -> 0 | P106: =SUM(P96:P105)*P$18 -> 0 | Q106: =SUM(Q96:Q105)*Q$18 -> 0 | ... DE106: =SUM(DE96:DE105)*DE$18 -> 0
B109: APPLICANT COMMENTS
C111: Comments

Sheet Input Sheet 9
D3: JTM - PUBLIC SECTOR LOAN FACILITY
D5: =CONCATENATE("Project Number: ","") -> Project Number: | G5: =+Project_Number -> 0
B8: =+COUNTIF(B10:B108,"Ok") -> 4
B9: MAIN ASSUMPTIONS OF THE ANALYSIS
B10: =IF(COUNTIF(I11:I13,"Warning")>0,"Please Correct","Ok") -> Ok
D11: Reference period (n of years) | G11: 5 | I11: =IF(OR(G11<0,ISTEXT(G11)),"Warning","")
D12: First year (Start of Project) | G12: ='Budget Table Calculator'!$M$5 -> 2026 | I12: =IF(OR(G12<'Budget Table Calculator'!$M$5,ISTEXT(G12)),"Warning","")
D13: Last year in the reference | G13: =+G12+G11-1 -> 2030
B15: INVESTMENT COSTS
B16: =IF(COUNTIF(B20:G40,"Warning")>0,"Please Correct","Ok") -> Ok
C17: Initial investment
J18: =IF($G$13>=J19,1,0) -> 1 | K18: =IF($G$13>=K19,1,0) -> 1 | L18: =IF($G$13>=L19,1,0) -> 1 | M18: =IF($G$13>=M19,1,0) -> 1 | N18: =IF($G$13>=N19,1,0) -> 1 | O18: =IF($G$13>=O19,1,0) -> 0 | P18: =IF($G$13>=P19,1,0) -> 0 | Q18: =IF($G$13>=Q19,1,0) -> 0 | ... DE18: =IF($G$13>=DE19,1,0) -> 0
C19: Capital expenditure item/category (see Notice tab -cell L71) | H19: Total | J19: ='Budget Table Calculator'!$M$5 -> 2026 | K19: =+J19+1 -> 2027 | L19: =+K19+1 -> 2028 | M19: =+L19+1 -> 2029 | N19: =+M19+1 -> 2030 | O19: =+N19+1 -> 2031 | P19: =+O19+1 -> 2032 | Q19: =+P19+1 -> 2033 | R19: =+Q19+1 -> 2034 | ... DE19: =+DD19+1 -> 2125
G20: =IF(COUNTIFS(J$18:DE$18,1,J20:DE20,"*")>0,"Warning","") | H20: =+SUMPRODUCT(J$18:DE$18,J20:DE20) -> 0
G21: =IF(COUNTIFS(J$18:DE$18,1,J21:DE21,"*")>0,"Warning","") | H21: =+SUMPRODUCT(J$18:DE$18,J21:DE21) -> 0
G22: =IF(COUNTIFS(J$18:DE$18,1,J22:DE22,"*")>0,"Warning","") | H22: =+SUMPRODUCT(J$18:DE$18,J22:DE22) -> 0
G23: =IF(COUNTIFS(J$18:DE$18,1,J23:DE23,"*")>0,"Warning","") | H23: =+SUMPRODUCT(J$18:DE$18,J23:DE23) -> 0
G24: =IF(COUNTIFS(J$18:DE$18,1,J24:DE24,"*")>0,"Warning","") | H24: =+SUMPRODUCT(J$18:DE$18,J24:DE24) -> 0
G25: =IF(COUNTIFS(J$18:DE$18,1,J25:DE25,"*")>0,"Warning","") | H25: =+SUMPRODUCT(J$18:DE$18,J25:DE25) -> 0
G26: =IF(COUNTIFS(J$18:DE$18,1,J26:DE26,"*")>0,"Warning","") | H26: =+SUMPRODUCT(J$18:DE$18,J26:DE26) -> 0
G27: =IF(COUNTIFS(J$18:DE$18,1,J27:DE27,"*")>0,"Warning","") | H27: =+SUMPRODUCT(J$18:DE$18,J27:DE27) -> 0
G28: =IF(COUNTIFS(J$18:DE$18,1,J28:DE28,"*")>0,"Warning","") | H28: =+SUMPRODUCT(J$18:DE$18,J28:DE28) -> 0
G29: =IF(COUNTIFS(J$18:DE$18,1,J29:DE29,"*")>0,"Warning","") | H29: =+SUMPRODUCT(J$18:DE$18,J29:DE29) -> 0
H30: Total
G31: =IF(COUNTIFS(J$18:DE$18,1,J31:DE31,"*")>0,"Warning","") | H31: =+SUMPRODUCT(J$18:DE$18,J31:DE31) -> 0 | J31: =SUM(J20:J29) * J$18 -> 0 | K31: =SUM(K20:K29) * K$18 -> 0 | L31: =SUM(L20:L29) * L$18 -> 0 | M31: =SUM(M20:M29) * M$18 -> 0 | N31: =SUM(N20:N29) * N$18 -> 0 | O31: =SUM(O20:O29) * O$18 -> 0 | P31: =SUM(P20:P29) * P$18 -> 0 | Q31: =SUM(Q20:Q29) * Q$18 -> 0 | ... DE31: =SUM(DE20:DE29) * DE$18 -> 0
C33: Replacement costs
H34: Total | J34: ='Budget Table Calculator'!$M$5 -> 2026 | K34: =+J34+1 -> 2027 | L34: =+K34+1 -> 2028 | M34: =+L34+1 -> 2029 | N34: =+M34+1 -> 2030 | O34: =+N34+1 -> 2031 | P34: =+O34+1 -> 2032 | Q34: =+P34+1 -> 2033 | R34: =+Q34+1 -> 2034 | ... DE34: =+DD34+1 -> 2125
C35: Replacement costs | G35: =IF(OR(COUNTIFS(J$18:DE$18,1,J35:DE35,"<0")>0,COUNTIFS(J$18:DE$18,1,J35:DE35,"*")>0),"Warning","") | H35: =+SUMPRODUCT(J$18:DE$18,J35:DE35) -> 0
C38: Residual value
D39: Year | E39: =+G13 -> 2030
D40: Amount | G40: =IF(OR(ISTEXT(E40),E40<0),"Warning","")
B43: OPERATING EXPENSES
B44: =IF(COUNTIF(B47:H56,"Warning")>0,"Please Correct","Ok") -> Ok
C46: Service name | G46: Unit cost | I46: Unit of measure | J46: ='Budget Table Calculator'!$M$5 -> 2026 | K46: =J46+1 -> 2027 | L46: =K46+1 -> 2028 | M46: =L46+1 -> 2029 | N46: =M46+1 -> 2030 | O46: =N46+1 -> 2031 | P46: =O46+1 -> 2032 | Q46: =P46+1 -> 2033 | R46: =Q46+1 -> 2034 | ... DE46: =DD46+1 -> 2125
H47: =IF(OR(COUNTIFS(J$18:DE$18,1,J47:DE47,"<0")>0,COUNTIFS(J$18:DE$18,1,J47:DE47,"*")>0,ISNUMBER(I47),COUNTIF(G47,"*")>0,COUNTIF(G47,"*")>0,AND(COUNTIFS(J$18:DE$18,1,J47:DE47,">0"),ISBLANK(G47))),"Warning","")
H48: =IF(OR(COUNTIFS(J$18:DE$18,1,J48:DE48,"<0")>0,COUNTIFS(J$18:DE$18,1,J48:DE48,"*")>0,ISNUMBER(I48),COUNTIF(G48,"*")>0,COUNTIF(G48,"*")>0,AND(COUNTIFS(J$18:DE$18,1,J48:DE48,">0"),ISBLANK(G48))),"Warning","")
H49: =IF(OR(COUNTIFS(J$18:DE$18,1,J49:DE49,"<0")>0,COUNTIFS(J$18:DE$18,1,J49:DE49,"*")>0,ISNUMBER(I49),COUNTIF(G49,"*")>0,COUNTIF(G49,"*")>0,AND(COUNTIFS(J$18:DE$18,1,J49:DE49,">0"),ISBLANK(G49))),"Warning","")
H50: =IF(OR(COUNTIFS(J$18:DE$18,1,J50:DE50,"<0")>0,COUNTIFS(J$18:DE$18,1,J50:DE50,"*")>0,ISNUMBER(I50),COUNTIF(G50,"*")>0,COUNTIF(G50,"*")>0,AND(COUNTIFS(J$18:DE$18,1,J50:DE50,">0"),ISBLANK(G50))),"Warning","")
H51: =IF(OR(COUNTIFS(J$18:DE$18,1,J51:DE51,"<0")>0,COUNTIFS(J$18:DE$18,1,J51:DE51,"*")>0,ISNUMBER(I51),COUNTIF(G51,"*")>0,COUNTIF(G51,"*")>0,AND(COUNTIFS(J$18:DE$18,1,J51:DE51,">0"),ISBLANK(G51))),"Warning","")
H52: =IF(OR(COUNTIFS(J$18:DE$18,1,J52:DE52,"<0")>0,COUNTIFS(J$18:DE$18,1,J52:DE52,"*")>0,ISNUMBER(I52),COUNTIF(G52,"*")>0,COUNTIF(G52,"*")>0,AND(COUNTIFS(J$18:DE$18,1,J52:DE52,">0"),ISBLANK(G52))),"Warning","")
H53: =IF(OR(COUNTIFS(J$18:DE$18,1,J53:DE53,"<0")>0,COUNTIFS(J$18:DE$18,1,J53:DE53,"*")>0,ISNUMBER(I53),COUNTIF(G53,"*")>0,COUNTIF(G53,"*")>0,AND(COUNTIFS(J$18:DE$18,1,J53:DE53,">0"),ISBLANK(G53))),"Warning","")
H54: =IF(OR(COUNTIFS(J$18:DE$18,1,J54:DE54,"<0")>0,COUNTIFS(J$18:DE$18,1,J54:DE54,"*")>0,ISNUMBER(I54),COUNTIF(G54,"*")>0,COUNTIF(G54,"*")>0,AND(COUNTIFS(J$18:DE$18,1,J54:DE54,">0"),ISBLANK(G54))),"Warning","")
H55: =IF(OR(COUNTIFS(J$18:DE$18,1,J55:DE55,"<0")>0,COUNTIFS(J$18:DE$18,1,J55:DE55,"*")>0,ISNUMBER(I55),COUNTIF(G55,"*")>0,COUNTIF(G55,"*")>0,AND(COUNTIFS(J$18:DE$18,1,J55:DE55,">0"),ISBLANK(G55))),"Warning","")
H56: =IF(OR(COUNTIFS(J$18:DE$18,1,J56:DE56,"<0")>0,COUNTIFS(J$18:DE$18,1,J56:DE56,"*")>0,ISNUMBER(I56),COUNTIF(G56,"*")>0,COUNTIF(G56,"*")>0,AND(COUNTIFS(J$18:DE$18,1,J56:DE56,">0"),ISBLANK(G56))),"Warning","")
H57: Total
C58: =IF(ISBLANK(C47),"",C47) | H58: =+SUMPRODUCT(J$18:DE$18,J58:DE58) -> 0 | J58: =IFERROR(IF(J47="","",$G47*J47),"") | K58: =IFERROR(IF(K47="","",$G47*K47),"") | L58: =IFERROR(IF(L47="","",$G47*L47),"") | M58: =IFERROR(IF(M47="","",$G47*M47),"") | N58: =IFERROR(IF(N47="","",$G47*N47),"") | O58: =IFERROR(IF(O47="","",$G47*O47),"") | P58: =IFERROR(IF(P47="","",$G47*P47),"") | Q58: =IFERROR(IF(Q47="","",$G47*Q47),"") | ... DE58: =IFERROR(IF(DE47="","",$G47*DE47),"")
C59: =IF(ISBLANK(C48),"",C48) | H59: =+SUMPRODUCT(J$18:DE$18,J59:DE59) -> 0 | J59: =IFERROR(IF(J48="","",$G48*J48),"") | K59: =IFERROR(IF(K48="","",$G48*K48),"") | L59: =IFERROR(IF(L48="","",$G48*L48),"") | M59: =IFERROR(IF(M48="","",$G48*M48),"") | N59: =IFERROR(IF(N48="","",$G48*N48),"") | O59: =IFERROR(IF(O48="","",$G48*O48),"") | P59: =IFERROR(IF(P48="","",$G48*P48),"") | Q59: =IFERROR(IF(Q48="","",$G48*Q48),"") | ... DE59: =IFERROR(IF(DE48="","",$G48*DE48),"")
C60: =IF(ISBLANK(C49),"",C49) | H60: =+SUMPRODUCT(J$18:DE$18,J60:DE60) -> 0 | J60: =IFERROR(IF(J49="","",$G49*J49),"") | K60: =IFERROR(IF(K49="","",$G49*K49),"") | L60: =IFERROR(IF(L49="","",$G49*L49),"") | M60: =IFERROR(IF(M49="","",$G49*M49),"") | N60: =IFERROR(IF(N49="","",$G49*N49),"") | O60: =IFERROR(IF(O49="","",$G49*O49),"") | P60: =IFERROR(IF(P49="","",$G49*P49),"") | Q60: =IFERROR(IF(Q49="","",$G49*Q49),"") | ... DE60: =IFERROR(IF(DE49="","",$G49*DE49),"")
C61: =IF(ISBLANK(C50),"",C50) | H61: =+SUMPRODUCT(J$18:DE$18,J61:DE61) -> 0 | J61: =IFERROR(IF(J50="","",$G50*J50),"") | K61: =IFERROR(IF(K50="","",$G50*K50),"") | L61: =IFERROR(IF(L50="","",$G50*L50),"") | M61: =IFERROR(IF(M50="","",$G50*M50),"") | N61: =IFERROR(IF(N50="","",$G50*N50),"") | O61: =IFERROR(IF(O50="","",$G50*O50),"") | P61: =IFERROR(IF(P50="","",$G50*P50),"") | Q61: =IFERROR(IF(Q50="","",$G50*Q50),"") | ... DE61: =IFERROR(IF(DE50="","",$G50*DE50),"")
C62: =IF(ISBLANK(C51),"",C51) | H62: =+SUMPRODUCT(J$18:DE$18,J62:DE62) -> 0 | J62: =IFERROR(IF(J51="","",$G51*J51),"") | K62: =IFERROR(IF(K51="","",$G51*K51),"") | L62: =IFERROR(IF(L51="","",$G51*L51),"") | M62: =IFERROR(IF(M51="","",$G51*M51),"") | N62: =IFERROR(IF(N51="","",$G51*N51),"") | O62: =IFERROR(IF(O51="","",$G51*O51),"") | P62: =IFERROR(IF(P51="","",$G51*P51),"") | Q62: =IFERROR(IF(Q51="","",$G51*Q51),"") | ... DE62: =IFERROR(IF(DE51="","",$G51*DE51),"")
C63: =IF(ISBLANK(C52),"",C52) | H63: =+SUMPRODUCT(J$18:DE$18,J63:DE63) -> 0 | J63: =IFERROR(IF(J52="","",$G52*J52),"") | K63: =IFERROR(IF(K52="","",$G52*K52),"") | L63: =IFERROR(IF(L52="","",$G52*L52),"") | M63: =IFERROR(IF(M52="","",$G52*M52),"") | N63: =IFERROR(IF(N52="","",$G52*N52),"") | O63: =IFERROR(IF(O52="","",$G52*O52),"") | P63: =IFERROR(IF(P52="","",$G52*P52),"") | Q63: =IFERROR(IF(Q52="","",$G52*Q52),"") | ... DE63: =IFERROR(IF(DE52="","",$G52*DE52),"")
C64: =IF(ISBLANK(C53),"",C53) | H64: =+SUMPRODUCT(J$18:DE$18,J64:DE64) -> 0 | J64: =IFERROR(IF(J53="","",$G53*J53),"") | K64: =IFERROR(IF(K53="","",$G53*K53),"") | L64: =IFERROR(IF(L53="","",$G53*L53),"") | M64: =IFERROR(IF(M53="","",$G53*M53),"") | N64: =IFERROR(IF(N53="","",$G53*N53),"") | O64: =IFERROR(IF(O53="","",$G53*O53),"") | P64: =IFERROR(IF(P53="","",$G53*P53),"") | Q64: =IFERROR(IF(Q53="","",$G53*Q53),"") | ... DE64: =IFERROR(IF(DE53="","",$G53*DE53),"")
C65: =IF(ISBLANK(C54),"",C54) | H65: =+SUMPRODUCT(J$18:DE$18,J65:DE65) -> 0 | J65: =IFERROR(IF(J54="","",$G54*J54),"") | K65: =IFERROR(IF(K54="","",$G54*K54),"") | L65: =IFERROR(IF(L54="","",$G54*L54),"") | M65: =IFERROR(IF(M54="","",$G54*M54),"") | N65: =IFERROR(IF(N54="","",$G54*N54),"") | O65: =IFERROR(IF(O54="","",$G54*O54),"") | P65: =IFERROR(IF(P54="","",$G54*P54),"") | Q65: =IFERROR(IF(Q54="","",$G54*Q54),"") | ... DE65: =IFERROR(IF(DE54="","",$G54*DE54),"")
C66: =IF(ISBLANK(C55),"",C55) | H66: =+SUMPRODUCT(J$18:DE$18,J66:DE66) -> 0 | J66: =IFERROR(IF(J55="","",$G55*J55),"") | K66: =IFERROR(IF(K55="","",$G55*K55),"") | L66: =IFERROR(IF(L55="","",$G55*L55),"") | M66: =IFERROR(IF(M55="","",$G55*M55),"") | N66: =IFERROR(IF(N55="","",$G55*N55),"") | O66: =IFERROR(IF(O55="","",$G55*O55),"") | P66: =IFERROR(IF(P55="","",$G55*P55),"") | Q66: =IFERROR(IF(Q55="","",$G55*Q55),"") | ... DE66: =IFERROR(IF(DE55="","",$G55*DE55),"")
C67: =IF(ISBLANK(C56),"",C56) | H67: =+SUMPRODUCT(J$18:DE$18,J67:DE67) -> 0 | J67: =IFERROR(IF(J56="","",$G56*J56),"") | K67: =IFERROR(IF(K56="","",$G56*K56),"") | L67: =IFERROR(IF(L56="","",$G56*L56),"") | M67: =IFERROR(IF(M56="","",$G56*M56),"") | N67: =IFERROR(IF(N56="","",$G56*N56),"") | O67: =IFERROR(IF(O56="","",$G56*O56),"") | P67: =IFERROR(IF(P56="","",$G56*P56),"") | Q67: =IFERROR(IF(Q56="","",$G56*Q56),"") | ... DE67: =IFERROR(IF(DE56="","",$G56*DE56),"")
C68: Total operating expenses | H68: =+SUMPRODUCT(J$18:DE$18,J68:DE68) -> 0 | J68: =SUM(J58:J67)*J$18 -> 0 | K68: =SUM(K58:K67)*K$18 -> 0 | L68: =SUM(L58:L67)*L$18 -> 0 | M68: =SUM(M58:M67)*M$18 -> 0 | N68: =SUM(N58:N67)*N$18 -> 0 | O68: =SUM(O58:O67)*O$18 -> 0 | P68: =SUM(P58:P67)*P$18 -> 0 | Q68: =SUM(Q58:Q67)*Q$18 -> 0 | ... DE68: =SUM(DE58:DE67)*DE$18 -> 0
J70: =IF(OR(COUNTIF(G47,"*")>0,AND(COUNT(J47:BG47)>0,ISBLANK(G47))),"Warning","")
B71: REVENUES
B72: =IF(COUNTIF(B75:I94,"Warning")>0,"Please Correct","Ok") -> Ok
C74: Revenue name | G74: Unit of measure | J74: ='Budget Table Calculator'!$M$5 -> 2026 | K74: =J74+1 -> 2027 | L74: =K74+1 -> 2028 | M74: =L74+1 -> 2029 | N74: =M74+1 -> 2030 | O74: =N74+1 -> 2031 | P74: =O74+1 -> 2032 | Q74: =P74+1 -> 2033 | R74: =Q74+1 -> 2034 | ... DE74: =DD74+1 -> 2125
I75: =IF(OR(COUNTIFS(J$18:DE$18,1,J75:DE75,"<0")>0,COUNTIFS(J$18:DE$18,1,J75:DE75,"*")>0),"Warning","Quantity") -> Quantity
I76: {=IF(OR(IF(J$18:DE$18=1,ISNUMBER(J76:DE76)<>ISNUMBER(J75:DE75),0),COUNTIFS(J$18:DE$18,1,J76:DE76,"*")>0),"Warning","Unit price")} -> Unit price
I77: =IF(OR(COUNTIFS(J$18:DE$18,1,J77:DE77,"<0")>0,COUNTIFS(J$18:DE$18,1,J77:DE77,"*")>0),"Warning","Quantity") -> Quantity
I78: {=IF(OR(IF(J$18:DE$18=1,ISNUMBER(J78:DE78)<>ISNUMBER(J77:DE77),0),COUNTIFS(J$18:DE$18,1,J78:DE78,"*")>0),"Warning","Unit price")} -> Unit price
I79: =IF(OR(COUNTIFS(J$18:DE$18,1,J79:DE79,"<0")>0,COUNTIFS(J$18:DE$18,1,J79:DE79,"*")>0),"Warning","Quantity") -> Quantity
I80: {=IF(OR(IF(J$18:DE$18=1,ISNUMBER(J80:DE80)<>ISNUMBER(J79:DE79),0),COUNTIFS(J$18:DE$18,1,J80:DE80,"*")>0),"Warning","Unit price")} -> Unit price
I81: =IF(OR(COUNTIFS(J$18:DE$18,1,J81:DE81,"<0")>0,COUNTIFS(J$18:DE$18,1,J81:DE81,"*")>0),"Warning","Quantity") -> Quantity
I82: {=IF(OR(IF(J$18:DE$18=1,ISNUMBER(J82:DE82)<>ISNUMBER(J81:DE81),0),COUNTIFS(J$18:DE$18,1,J82:DE82,"*")>0),"Warning","Unit price")} -> Unit price
I83: =IF(OR(COUNTIFS(J$18:DE$18,1,J83:DE83,"<0")>0,COUNTIFS(J$18:DE$18,1,J83:DE83,"*")>0),"Warning","Quantity") -> Quantity
I84: {=IF(OR(IF(J$18:DE$18=1,ISNUMBER(J84:DE84)<>ISNUMBER(J83:DE83),0),COUNTIFS(J$18:DE$18,1,J84:DE84,"*")>0),"Warning","Unit price")} -> Unit price
I85: =IF(OR(COUNTIFS(J$18:DE$18,1,J85:DE85,"<0")>0,COUNTIFS(J$18:DE$18,1,J85:DE85,"*")>0),"Warning","Quantity") -> Quantity
I86: {=IF(OR(IF(J$18:DE$18=1,ISNUMBER(J86:DE86)<>ISNUMBER(J85:DE85),0),COUNTIFS(J$18:DE$18,1,J86:DE86,"*")>0),"Warning","Unit price")} -> Unit price
I87: =IF(OR(COUNTIFS(J$18:DE$18,1,J87:DE87,"<0")>0,COUNTIFS(J$18:DE$18,1,J87:DE87,"*")>0),"Warning","Quantity") -> Quantity
I88: {=IF(OR(IF(J$18:DE$18=1,ISNUMBER(J88:DE88)<>ISNUMBER(J87:DE87),0),COUNTIFS(J$18:DE$18,1,J88:DE88,"*")>0),"Warning","Unit price")} -> Unit price
I89: =IF(OR(COUNTIFS(J$18:DE$18,1,J89:DE89,"<0")>0,COUNTIFS(J$18:DE$18,1,J89:DE89,"*")>0),"Warning","Quantity") -> Quantity
I90: {=IF(OR(IF(J$18:DE$18=1,ISNUMBER(J90:DE90)<>ISNUMBER(J89:DE89),0),COUNTIFS(J$18:DE$18,1,J90:DE90,"*")>0),"Warning","Unit price")} -> Unit price
I91: =IF(OR(COUNTIFS(J$18:DE$18,1,J91:DE91,"<0")>0,COUNTIFS(J$18:DE$18,1,J91:DE91,"*")>0),"Warning","Quantity") -> Quantity
I92: {=IF(OR(IF(J$18:DE$18=1,ISNUMBER(J92:DE92)<>ISNUMBER(J91:DE91),0),COUNTIFS(J$18:DE$18,1,J92:DE92,"*")>0),"Warning","Unit price")} -> Unit price
I93: =IF(OR(COUNTIFS(J$18:DE$18,1,J93:DE93,"<0")>0,COUNTIFS(J$18:DE$18,1,J93:DE93,"*")>0),"Warning","Quantity") -> Quantity
I94: {=IF(OR(IF(J$18:DE$18=1,ISNUMBER(J94:DE94)<>ISNUMBER(J93:DE93),0),COUNTIFS(J$18:DE$18,1,J94:DE94,"*")>0),"Warning","Unit price")} -> Unit price
H95: Total
C96: =IF(ISBLANK(C75),"",C75) | H96: =+SUMPRODUCT(J$18:DE$18,J96:DE96) -> 0 | J96: =IFERROR(IF(J75="","",J75*J76),"") | K96: =IFERROR(IF(K75="","",K75*K76),"") | L96: =IFERROR(IF(L75="","",L75*L76),"") | M96: =IFERROR(IF(M75="","",M75*M76),"") | N96: =IFERROR(IF(N75="","",N75*N76),"") | O96: =IFERROR(IF(O75="","",O75*O76),"") | P96: =IFERROR(IF(P75="","",P75*P76),"") | Q96: =IFERROR(IF(Q75="","",Q75*Q76),"") | ... DE96: =IFERROR(IF(DE75="","",DE75*DE76),"")
C97: =IF(ISBLANK(C77),"",C77) | H97: =+SUMPRODUCT(J$18:DE$18,J97:DE97) -> 0 | J97: =IFERROR(IF(J77="","",J77*J78),"") | K97: =IFERROR(IF(K77="","",K77*K78),"") | L97: =IFERROR(IF(L77="","",L77*L78),"") | M97: =IFERROR(IF(M77="","",M77*M78),"") | N97: =IFERROR(IF(N77="","",N77*N78),"") | O97: =IFERROR(IF(O77="","",O77*O78),"") | P97: =IFERROR(IF(P77="","",P77*P78),"") | Q97: =IFERROR(IF(Q77="","",Q77*Q78),"") | ... DE97: =IFERROR(IF(DE77="","",DE77*DE78),"")
C98: =IF(ISBLANK(C79),"",C79) | H98: =+SUMPRODUCT(J$18:DE$18,J98:DE98) -> 0 | J98: =IFERROR(IF(J79="","",J79*J80),"") | K98: =IFERROR(IF(K79="","",K79*K80),"") | L98: =IFERROR(IF(L79="","",L79*L80),"") | M98: =IFERROR(IF(M79="","",M79*M80),"") | N98: =IFERROR(IF(N79="","",N79*N80),"") | O98: =IFERROR(IF(O79="","",O79*O80),"") | P98: =IFERROR(IF(P79="","",P79*P80),"") | Q98: =IFERROR(IF(Q79="","",Q79*Q80),"") | ... DE98: =IFERROR(IF(DE79="","",DE79*DE80),"")
C99: =IF(ISBLANK(C81),"",C81) | H99: =+SUMPRODUCT(J$18:DE$18,J99:DE99) -> 0 | J99: =IFERROR(IF(J81="","",J81*J82),"") | K99: =IFERROR(IF(K81="","",K81*K82),"") | L99: =IFERROR(IF(L81="","",L81*L82),"") | M99: =IFERROR(IF(M81="","",M81*M82),"") | N99: =IFERROR(IF(N81="","",N81*N82),"") | O99: =IFERROR(IF(O81="","",O81*O82),"") | P99: =IFERROR(IF(P81="","",P81*P82),"") | Q99: =IFERROR(IF(Q81="","",Q81*Q82),"") | ... DE99: =IFERROR(IF(DE81="","",DE81*DE82),"")
C100: =IF(ISBLANK(C83),"",C83) | H100: =+SUMPRODUCT(J$18:DE$18,J100:DE100) -> 0 | J100: =IFERROR(IF(J83="","",J83*J84),"") | K100: =IFERROR(IF(K83="","",K83*K84),"") | L100: =IFERROR(IF(L83="","",L83*L84),"") | M100: =IFERROR(IF(M83="","",M83*M84),"") | N100: =IFERROR(IF(N83="","",N83*N84),"") | O100: =IFERROR(IF(O83="","",O83*O84),"") | P100: =IFERROR(IF(P83="","",P83*P84),"") | Q100: =IFERROR(IF(Q83="","",Q83*Q84),"") | ... DE100: =IFERROR(IF(DE83="","",DE83*DE84),"")
C101: =IF(ISBLANK(C85),"",C85) | H101: =+SUMPRODUCT(J$18:DE$18,J101:DE101) -> 0 | J101: =IFERROR(IF(J85="","",J85*J86),"") | K101: =IFERROR(IF(K85="","",K85*K86),"") | L101: =IFERROR(IF(L85="","",L85*L86),"") | M101: =IFERROR(IF(M85="","",M85*M86),"") | N101: =IFERROR(IF(N85="","",N85*N86),"") | O101: =IFERROR(IF(O85="","",O85*O86),"") | P101: =IFERROR(IF(P85="","",P85*P86),"") | Q101: =IFERROR(IF(Q85="","",Q85*Q86),"") | ... DE101: =IFERROR(IF(DE85="","",DE85*DE86),"")
C102: =IF(ISBLANK(C87),"",C87) | H102: =+SUMPRODUCT(J$18:DE$18,J102:DE102) -> 0 | J102: =IFERROR(IF(J87="","",J87*J88),"") | K102: =IFERROR(IF(K87="","",K87*K88),"") | L102: =IFERROR(IF(L87="","",L87*L88),"") | M102: =IFERROR(IF(M87="","",M87*M88),"") | N102: =IFERROR(IF(N87="","",N87*N88),"") | O102: =IFERROR(IF(O87="","",O87*O88),"") | P102: =IFERROR(IF(P87="","",P87*P88),"") | Q102: =IFERROR(IF(Q87="","",Q87*Q88),"") | ... DE102: =IFERROR(IF(DE87="","",DE87*DE88),"")
C103: =IF(ISBLANK(C89),"",C89) | H103: =+SUMPRODUCT(J$18:DE$18,J103:DE103) -> 0 | J103: =IFERROR(IF(J89="","",J89*J90),"") | K103: =IFERROR(IF(K89="","",K89*K90),"") | L103: =IFERROR(IF(L89="","",L89*L90),"") | M103: =IFERROR(IF(M89="","",M89*M90),"") | N103: =IFERROR(IF(N89="","",N89*N90),"") | O103: =IFERROR(IF(O89="","",O89*O90),"") | P103: =IFERROR(IF(P89="","",P89*P90),"") | Q103: =IFERROR(IF(Q89="","",Q89*Q90),"") | ... DE103: =IFERROR(IF(DE89="","",DE89*DE90),"")
C104: =IF(ISBLANK(C91),"",C91) | H104: =+SUMPRODUCT(J$18:DE$18,J104:DE104) -> 0 | J104: =IFERROR(IF(J91="","",J91*J92),"") | K104: =IFERROR(IF(K91="","",K91*K92),"") | L104: =IFERROR(IF(L91="","",L91*L92),"") | M104: =IFERROR(IF(M91="","",M91*M92),"") | N104: =IFERROR(IF(N91="","",N91*N92),"") | O104: =IFERROR(IF(O91="","",O91*O92),"") | P104: =IFERROR(IF(P91="","",P91*P92),"") | Q104: =IFERROR(IF(Q91="","",Q91*Q92),"") | ... DE104: =IFERROR(IF(DE91="","",DE91*DE92),"")
C105: =IF(ISBLANK(C93),"",C93) | H105: =+SUMPRODUCT(J$18:DE$18,J105:DE105) -> 0 | J105: =IFERROR(IF(J93="","",J93*J94),"") | K105: =IFERROR(IF(K93="","",K93*K94),"") | L105: =IFERROR(IF(L93="","",L93*L94),"") | M105: =IFERROR(IF(M93="","",M93*M94),"") | N105: =IFERROR(IF(N93="","",N93*N94),"") | O105: =IFERROR(IF(O93="","",O93*O94),"") | P105: =IFERROR(IF(P93="","",P93*P94),"") | Q105: =IFERROR(IF(Q93="","",Q93*Q94),"") | ... DE105: =IFERROR(IF(DE93="","",DE93*DE94),"")
C106: Total revenues | H106: =+SUMPRODUCT(J$18:DE$18,J106:DE106) -> 0 | J106: =SUM(J96:J105)*J$18 -> 0 | K106: =SUM(K96:K105)*K$18 -> 0 | L106: =SUM(L96:L105)*L$18 -> 0 | M106: =SUM(M96:M105)*M$18 -> 0 | N106: =SUM(N96:N105)*N$18 -> 0 | O106: =SUM(O96:O105)*O$18 -> 0 | P106: =SUM(P96:P105)*P$18 -> 0 | Q106: =SUM(Q96:Q105)*Q$18 -> 0 | ... DE106: =SUM(DE96:DE105)*DE$18 -> 0
B109: APPLICANT COMMENTS
C111: Comments

Sheet Input Sheet 10
D3: JTM - PUBLIC SECTOR LOAN FACILITY
D5: =CONCATENATE("Project Number: ","") -> Project Number: | G5: =+Project_Number -> 0
B8: =+COUNTIF(B10:B108,"Ok") -> 4
B9: MAIN ASSUMPTIONS OF THE ANALYSIS
B10: =IF(COUNTIF(I11:I13,"Warning")>0,"Please Correct","Ok") -> Ok
D11: Reference period (n of years) | G11: 5 | I11: =IF(OR(G11<0,ISTEXT(G11)),"Warning","")
D12: First year (Start of Project) | G12: ='Budget Table Calculator'!$M$5 -> 2026 | I12: =IF(OR(G12<'Budget Table Calculator'!$M$5,ISTEXT(G12)),"Warning","")
D13: Last year in the reference | G13: =+G12+G11-1 -> 2030
B15: INVESTMENT COSTS
B16: =IF(COUNTIF(B20:G40,"Warning")>0,"Please Correct","Ok") -> Ok
C17: Initial investment
J18: =IF($G$13>=J19,1,0) -> 1 | K18: =IF($G$13>=K19,1,0) -> 1 | L18: =IF($G$13>=L19,1,0) -> 1 | M18: =IF($G$13>=M19,1,0) -> 1 | N18: =IF($G$13>=N19,1,0) -> 1 | O18: =IF($G$13>=O19,1,0) -> 0 | P18: =IF($G$13>=P19,1,0) -> 0 | Q18: =IF($G$13>=Q19,1,0) -> 0 | ... DE18: =IF($G$13>=DE19,1,0) -> 0
C19: Capital expenditure item/category (see Notice tab - cell L71) | H19: Total | J19: ='Budget Table Calculator'!$M$5 -> 2026 | K19: =+J19+1 -> 2027 | L19: =+K19+1 -> 2028 | M19: =+L19+1 -> 2029 | N19: =+M19+1 -> 2030 | O19: =+N19+1 -> 2031 | P19: =+O19+1 -> 2032 | Q19: =+P19+1 -> 2033 | R19: =+Q19+1 -> 2034 | ... DE19: =+DD19+1 -> 2125
G20: =IF(COUNTIFS(J$18:DE$18,1,J20:DE20,"*")>0,"Warning","") | H20: =+SUMPRODUCT(J$18:DE$18,J20:DE20) -> 0
G21: =IF(COUNTIFS(J$18:DE$18,1,J21:DE21,"*")>0,"Warning","") | H21: =+SUMPRODUCT(J$18:DE$18,J21:DE21) -> 0
G22: =IF(COUNTIFS(J$18:DE$18,1,J22:DE22,"*")>0,"Warning","") | H22: =+SUMPRODUCT(J$18:DE$18,J22:DE22) -> 0
G23: =IF(COUNTIFS(J$18:DE$18,1,J23:DE23,"*")>0,"Warning","") | H23: =+SUMPRODUCT(J$18:DE$18,J23:DE23) -> 0
G24: =IF(COUNTIFS(J$18:DE$18,1,J24:DE24,"*")>0,"Warning","") | H24: =+SUMPRODUCT(J$18:DE$18,J24:DE24) -> 0
G25: =IF(COUNTIFS(J$18:DE$18,1,J25:DE25,"*")>0,"Warning","") | H25: =+SUMPRODUCT(J$18:DE$18,J25:DE25) -> 0
G26: =IF(COUNTIFS(J$18:DE$18,1,J26:DE26,"*")>0,"Warning","") | H26: =+SUMPRODUCT(J$18:DE$18,J26:DE26) -> 0
G27: =IF(COUNTIFS(J$18:DE$18,1,J27:DE27,"*")>0,"Warning","") | H27: =+SUMPRODUCT(J$18:DE$18,J27:DE27) -> 0
G28: =IF(COUNTIFS(J$18:DE$18,1,J28:DE28,"*")>0,"Warning","") | H28: =+SUMPRODUCT(J$18:DE$18,J28:DE28) -> 0
G29: =IF(COUNTIFS(J$18:DE$18,1,J29:DE29,"*")>0,"Warning","") | H29: =+SUMPRODUCT(J$18:DE$18,J29:DE29) -> 0
H30: Total
G31: =IF(COUNTIFS(J$18:DE$18,1,J31:DE31,"*")>0,"Warning","") | H31: =+SUMPRODUCT(J$18:DE$18,J31:DE31) -> 0 | J31: =SUM(J20:J29) * J$18 -> 0 | K31: =SUM(K20:K29) * K$18 -> 0 | L31: =SUM(L20:L29) * L$18 -> 0 | M31: =SUM(M20:M29) * M$18 -> 0 | N31: =SUM(N20:N29) * N$18 -> 0 | O31: =SUM(O20:O29) * O$18 -> 0 | P31: =SUM(P20:P29) * P$18 -> 0 | Q31: =SUM(Q20:Q29) * Q$18 -> 0 | ... DE31: =SUM(DE20:DE29) * DE$18 -> 0
C33: Replacement costs
H34: Total | J34: ='Budget Table Calculator'!$M$5 -> 2026 | K34: =+J34+1 -> 2027 | L34: =+K34+1 -> 2028 | M34: =+L34+1 -> 2029 | N34: =+M34+1 -> 2030 | O34: =+N34+1 -> 2031 | P34: =+O34+1 -> 2032 | Q34: =+P34+1 -> 2033 | R34: =+Q34+1 -> 2034 | ... DE34: =+DD34+1 -> 2125
C35: Replacement costs | G35: =IF(OR(COUNTIFS(J$18:DE$18,1,J35:DE35,"<0")>0,COUNTIFS(J$18:DE$18,1,J35:DE35,"*")>0),"Warning","") | H35: =+SUMPRODUCT(J$18:DE$18,J35:DE35) -> 0
C38: Residual value
D39: Year | E39: =+G13 -> 2030
D40: Amount | G40: =IF(OR(ISTEXT(E40),E40<0),"Warning","")
B43: OPERATING EXPENSES
B44: =IF(COUNTIF(B47:H56,"Warning")>0,"Please Correct","Ok") -> Ok
C46: Service name | G46: Unit cost | I46: Unit of measure | J46: ='Budget Table Calculator'!$M$5 -> 2026 | K46: =J46+1 -> 2027 | L46: =K46+1 -> 2028 | M46: =L46+1 -> 2029 | N46: =M46+1 -> 2030 | O46: =N46+1 -> 2031 | P46: =O46+1 -> 2032 | Q46: =P46+1 -> 2033 | R46: =Q46+1 -> 2034 | ... DE46: =DD46+1 -> 2125
H47: =IF(OR(COUNTIFS(J$18:DE$18,1,J47:DE47,"<0")>0,COUNTIFS(J$18:DE$18,1,J47:DE47,"*")>0,ISNUMBER(I47),COUNTIF(G47,"*")>0,COUNTIF(G47,"*")>0,AND(COUNTIFS(J$18:DE$18,1,J47:DE47,">0"),ISBLANK(G47))),"Warning","")
H48: =IF(OR(COUNTIFS(J$18:DE$18,1,J48:DE48,"<0")>0,COUNTIFS(J$18:DE$18,1,J48:DE48,"*")>0,ISNUMBER(I48),COUNTIF(G48,"*")>0,COUNTIF(G48,"*")>0,AND(COUNTIFS(J$18:DE$18,1,J48:DE48,">0"),ISBLANK(G48))),"Warning","")
H49: =IF(OR(COUNTIFS(J$18:DE$18,1,J49:DE49,"<0")>0,COUNTIFS(J$18:DE$18,1,J49:DE49,"*")>0,ISNUMBER(I49),COUNTIF(G49,"*")>0,COUNTIF(G49,"*")>0,AND(COUNTIFS(J$18:DE$18,1,J49:DE49,">0"),ISBLANK(G49))),"Warning","")
H50: =IF(OR(COUNTIFS(J$18:DE$18,1,J50:DE50,"<0")>0,COUNTIFS(J$18:DE$18,1,J50:DE50,"*")>0,ISNUMBER(I50),COUNTIF(G50,"*")>0,COUNTIF(G50,"*")>0,AND(COUNTIFS(J$18:DE$18,1,J50:DE50,">0"),ISBLANK(G50))),"Warning","")
H51: =IF(OR(COUNTIFS(J$18:DE$18,1,J51:DE51,"<0")>0,COUNTIFS(J$18:DE$18,1,J51:DE51,"*")>0,ISNUMBER(I51),COUNTIF(G51,"*")>0,COUNTIF(G51,"*")>0,AND(COUNTIFS(J$18:DE$18,1,J51:DE51,">0"),ISBLANK(G51))),"Warning","")
H52: =IF(OR(COUNTIFS(J$18:DE$18,1,J52:DE52,"<0")>0,COUNTIFS(J$18:DE$18,1,J52:DE52,"*")>0,ISNUMBER(I52),COUNTIF(G52,"*")>0,COUNTIF(G52,"*")>0,AND(COUNTIFS(J$18:DE$18,1,J52:DE52,">0"),ISBLANK(G52))),"Warning","")
H53: =IF(OR(COUNTIFS(J$18:DE$18,1,J53:DE53,"<0")>0,COUNTIFS(J$18:DE$18,1,J53:DE53,"*")>0,ISNUMBER(I53),COUNTIF(G53,"*")>0,COUNTIF(G53,"*")>0,AND(COUNTIFS(J$18:DE$18,1,J53:DE53,">0"),ISBLANK(G53))),"Warning","")
H54: =IF(OR(COUNTIFS(J$18:DE$18,1,J54:DE54,"<0")>0,COUNTIFS(J$18:DE$18,1,J54:DE54,"*")>0,ISNUMBER(I54),COUNTIF(G54,"*")>0,COUNTIF(G54,"*")>0,AND(COUNTIFS(J$18:DE$18,1,J54:DE54,">0"),ISBLANK(G54))),"Warning","")
H55: =IF(OR(COUNTIFS(J$18:DE$18,1,J55:DE55,"<0")>0,COUNTIFS(J$18:DE$18,1,J55:DE55,"*")>0,ISNUMBER(I55),COUNTIF(G55,"*")>0,COUNTIF(G55,"*")>0,AND(COUNTIFS(J$18:DE$18,1,J55:DE55,">0"),ISBLANK(G55))),"Warning","")
H56: =IF(OR(COUNTIFS(J$18:DE$18,1,J56:DE56,"<0")>0,COUNTIFS(J$18:DE$18,1,J56:DE56,"*")>0,ISNUMBER(I56),COUNTIF(G56,"*")>0,COUNTIF(G56,"*")>0,AND(COUNTIFS(J$18:DE$18,1,J56:DE56,">0"),ISBLANK(G56))),"Warning","")
H57: Total
C58: =IF(ISBLANK(C47),"",C47) | H58: =+SUMPRODUCT(J$18:DE$18,J58:DE58) -> 0 | J58: =IFERROR(IF(J47="","",$G47*J47),"") | K58: =IFERROR(IF(K47="","",$G47*K47),"") | L58: =IFERROR(IF(L47="","",$G47*L47),"") | M58: =IFERROR(IF(M47="","",$G47*M47),"") | N58: =IFERROR(IF(N47="","",$G47*N47),"") | O58: =IFERROR(IF(O47="","",$G47*O47),"") | P58: =IFERROR(IF(P47="","",$G47*P47),"") | Q58: =IFERROR(IF(Q47="","",$G47*Q47),"") | ... DE58: =IFERROR(IF(DE47="","",$G47*DE47),"")
C59: =IF(ISBLANK(C48),"",C48) | H59: =+SUMPRODUCT(J$18:DE$18,J59:DE59) -> 0 | J59: =IFERROR(IF(J48="","",$G48*J48),"") | K59: =IFERROR(IF(K48="","",$G48*K48),"") | L59: =IFERROR(IF(L48="","",$G48*L48),"") | M59: =IFERROR(IF(M48="","",$G48*M48),"") | N59: =IFERROR(IF(N48="","",$G48*N48),"") | O59: =IFERROR(IF(O48="","",$G48*O48),"") | P59: =IFERROR(IF(P48="","",$G48*P48),"") | Q59: =IFERROR(IF(Q48="","",$G48*Q48),"") | ... DE59: =IFERROR(IF(DE48="","",$G48*DE48),"")
C60: =IF(ISBLANK(C49),"",C49) | H60: =+SUMPRODUCT(J$18:DE$18,J60:DE60) -> 0 | J60: =IFERROR(IF(J49="","",$G49*J49),"") | K60: =IFERROR(IF(K49="","",$G49*K49),"") | L60: =IFERROR(IF(L49="","",$G49*L49),"") | M60: =IFERROR(IF(M49="","",$G49*M49),"") | N60: =IFERROR(IF(N49="","",$G49*N49),"") | O60: =IFERROR(IF(O49="","",$G49*O49),"") | P60: =IFERROR(IF(P49="","",$G49*P49),"") | Q60: =IFERROR(IF(Q49="","",$G49*Q49),"") | ... DE60: =IFERROR(IF(DE49="","",$G49*DE49),"")
C61: =IF(ISBLANK(C50),"",C50) | H61: =+SUMPRODUCT(J$18:DE$18,J61:DE61) -> 0 | J61: =IFERROR(IF(J50="","",$G50*J50),"") | K61: =IFERROR(IF(K50="","",$G50*K50),"") | L61: =IFERROR(IF(L50="","",$G50*L50),"") | M61: =IFERROR(IF(M50="","",$G50*M50),"") | N61: =IFERROR(IF(N50="","",$G50*N50),"") | O61: =IFERROR(IF(O50="","",$G50*O50),"") | P61: =IFERROR(IF(P50="","",$G50*P50),"") | Q61: =IFERROR(IF(Q50="","",$G50*Q50),"") | ... DE61: =IFERROR(IF(DE50="","",$G50*DE50),"")
C62: =IF(ISBLANK(C51),"",C51) | H62: =+SUMPRODUCT(J$18:DE$18,J62:DE62) -> 0 | J62: =IFERROR(IF(J51="","",$G51*J51),"") | K62: =IFERROR(IF(K51="","",$G51*K51),"") | L62: =IFERROR(IF(L51="","",$G51*L51),"") | M62: =IFERROR(IF(M51="","",$G51*M51),"") | N62: =IFERROR(IF(N51="","",$G51*N51),"") | O62: =IFERROR(IF(O51="","",$G51*O51),"") | P62: =IFERROR(IF(P51="","",$G51*P51),"") | Q62: =IFERROR(IF(Q51="","",$G51*Q51),"") | ... DE62: =IFERROR(IF(DE51="","",$G51*DE51),"")
C63: =IF(ISBLANK(C52),"",C52) | H63: =+SUMPRODUCT(J$18:DE$18,J63:DE63) -> 0 | J63: =IFERROR(IF(J52="","",$G52*J52),"") | K63: =IFERROR(IF(K52="","",$G52*K52),"") | L63: =IFERROR(IF(L52="","",$G52*L52),"") | M63: =IFERROR(IF(M52="","",$G52*M52),"") | N63: =IFERROR(IF(N52="","",$G52*N52),"") | O63: =IFERROR(IF(O52="","",$G52*O52),"") | P63: =IFERROR(IF(P52="","",$G52*P52),"") | Q63: =IFERROR(IF(Q52="","",$G52*Q52),"") | ... DE63: =IFERROR(IF(DE52="","",$G52*DE52),"")
C64: =IF(ISBLANK(C53),"",C53) | H64: =+SUMPRODUCT(J$18:DE$18,J64:DE64) -> 0 | J64: =IFERROR(IF(J53="","",$G53*J53),"") | K64: =IFERROR(IF(K53="","",$G53*K53),"") | L64: =IFERROR(IF(L53="","",$G53*L53),"") | M64: =IFERROR(IF(M53="","",$G53*M53),"") | N64: =IFERROR(IF(N53="","",$G53*N53),"") | O64: =IFERROR(IF(O53="","",$G53*O53),"") | P64: =IFERROR(IF(P53="","",$G53*P53),"") | Q64: =IFERROR(IF(Q53="","",$G53*Q53),"") | ... DE64: =IFERROR(IF(DE53="","",$G53*DE53),"")
C65: =IF(ISBLANK(C54),"",C54) | H65: =+SUMPRODUCT(J$18:DE$18,J65:DE65) -> 0 | J65: =IFERROR(IF(J54="","",$G54*J54),"") | K65: =IFERROR(IF(K54="","",$G54*K54),"") | L65: =IFERROR(IF(L54="","",$G54*L54),"") | M65: =IFERROR(IF(M54="","",$G54*M54),"") | N65: =IFERROR(IF(N54="","",$G54*N54),"") | O65: =IFERROR(IF(O54="","",$G54*O54),"") | P65: =IFERROR(IF(P54="","",$G54*P54),"") | Q65: =IFERROR(IF(Q54="","",$G54*Q54),"") | ... DE65: =IFERROR(IF(DE54="","",$G54*DE54),"")
C66: =IF(ISBLANK(C55),"",C55) | H66: =+SUMPRODUCT(J$18:DE$18,J66:DE66) -> 0 | J66: =IFERROR(IF(J55="","",$G55*J55),"") | K66: =IFERROR(IF(K55="","",$G55*K55),"") | L66: =IFERROR(IF(L55="","",$G55*L55),"") | M66: =IFERROR(IF(M55="","",$G55*M55),"") | N66: =IFERROR(IF(N55="","",$G55*N55),"") | O66: =IFERROR(IF(O55="","",$G55*O55),"") | P66: =IFERROR(IF(P55="","",$G55*P55),"") | Q66: =IFERROR(IF(Q55="","",$G55*Q55),"") | ... DE66: =IFERROR(IF(DE55="","",$G55*DE55),"")
C67: =IF(ISBLANK(C56),"",C56) | H67: =+SUMPRODUCT(J$18:DE$18,J67:DE67) -> 0 | J67: =IFERROR(IF(J56="","",$G56*J56),"") | K67: =IFERROR(IF(K56="","",$G56*K56),"") | L67: =IFERROR(IF(L56="","",$G56*L56),"") | M67: =IFERROR(IF(M56="","",$G56*M56),"") | N67: =IFERROR(IF(N56="","",$G56*N56),"") | O67: =IFERROR(IF(O56="","",$G56*O56),"") | P67: =IFERROR(IF(P56="","",$G56*P56),"") | Q67: =IFERROR(IF(Q56="","",$G56*Q56),"") | ... DE67: =IFERROR(IF(DE56="","",$G56*DE56),"")
C68: Total operating expenses | H68: =+SUMPRODUCT(J$18:DE$18,J68:DE68) -> 0 | J68: =SUM(J58:J67)*J$18 -> 0 | K68: =SUM(K58:K67)*K$18 -> 0 | L68: =SUM(L58:L67)*L$18 -> 0 | M68: =SUM(M58:M67)*M$18 -> 0 | N68: =SUM(N58:N67)*N$18 -> 0 | O68: =SUM(O58:O67)*O$18 -> 0 | P68: =SUM(P58:P67)*P$18 -> 0 | Q68: =SUM(Q58:Q67)*Q$18 -> 0 | ... DE68: =SUM(DE58:DE67)*DE$18 -> 0
J70: =IF(OR(COUNTIF(G47,"*")>0,AND(COUNT(J47:BG47)>0,ISBLANK(G47))),"Warning","")
B71: REVENUES
B72: =IF(COUNTIF(B75:I94,"Warning")>0,"Please Correct","Ok") -> Ok
C74: Revenue name | G74: Unit of measure | J74: ='Budget Table Calculator'!$M$5 -> 2026 | K74: =J74+1 -> 2027 | L74: =K74+1 -> 2028 | M74: =L74+1 -> 2029 | N74: =M74+1 -> 2030 | O74: =N74+1 -> 2031 | P74: =O74+1 -> 2032 | Q74: =P74+1 -> 2033 | R74: =Q74+1 -> 2034 | ... DE74: =DD74+1 -> 2125
I75: =IF(OR(COUNTIFS(J$18:DE$18,1,J75:DE75,"<0")>0,COUNTIFS(J$18:DE$18,1,J75:DE75,"*")>0),"Warning","Quantity") -> Quantity
I76: {=IF(OR(IF(J$18:DE$18=1,ISNUMBER(J76:DE76)<>ISNUMBER(J75:DE75),0),COUNTIFS(J$18:DE$18,1,J76:DE76,"*")>0),"Warning","Unit price")} -> Unit price
I77: =IF(OR(COUNTIFS(J$18:DE$18,1,J77:DE77,"<0")>0,COUNTIFS(J$18:DE$18,1,J77:DE77,"*")>0),"Warning","Quantity") -> Quantity
I78: {=IF(OR(IF(J$18:DE$18=1,ISNUMBER(J78:DE78)<>ISNUMBER(J77:DE77),0),COUNTIFS(J$18:DE$18,1,J78:DE78,"*")>0),"Warning","Unit price")} -> Unit price
I79: =IF(OR(COUNTIFS(J$18:DE$18,1,J79:DE79,"<0")>0,COUNTIFS(J$18:DE$18,1,J79:DE79,"*")>0),"Warning","Quantity") -> Quantity
I80: {=IF(OR(IF(J$18:DE$18=1,ISNUMBER(J80:DE80)<>ISNUMBER(J79:DE79),0),COUNTIFS(J$18:DE$18,1,J80:DE80,"*")>0),"Warning","Unit price")} -> Unit price
I81: =IF(OR(COUNTIFS(J$18:DE$18,1,J81:DE81,"<0")>0,COUNTIFS(J$18:DE$18,1,J81:DE81,"*")>0),"Warning","Quantity") -> Quantity
I82: {=IF(OR(IF(J$18:DE$18=1,ISNUMBER(J82:DE82)<>ISNUMBER(J81:DE81),0),COUNTIFS(J$18:DE$18,1,J82:DE82,"*")>0),"Warning","Unit price")} -> Unit price
I83: =IF(OR(COUNTIFS(J$18:DE$18,1,J83:DE83,"<0")>0,COUNTIFS(J$18:DE$18,1,J83:DE83,"*")>0),"Warning","Quantity") -> Quantity
I84: {=IF(OR(IF(J$18:DE$18=1,ISNUMBER(J84:DE84)<>ISNUMBER(J83:DE83),0),COUNTIFS(J$18:DE$18,1,J84:DE84,"*")>0),"Warning","Unit price")} -> Unit price
I85: =IF(OR(COUNTIFS(J$18:DE$18,1,J85:DE85,"<0")>0,COUNTIFS(J$18:DE$18,1,J85:DE85,"*")>0),"Warning","Quantity") -> Quantity
I86: {=IF(OR(IF(J$18:DE$18=1,ISNUMBER(J86:DE86)<>ISNUMBER(J85:DE85),0),COUNTIFS(J$18:DE$18,1,J86:DE86,"*")>0),"Warning","Unit price")} -> Unit price
I87: =IF(OR(COUNTIFS(J$18:DE$18,1,J87:DE87,"<0")>0,COUNTIFS(J$18:DE$18,1,J87:DE87,"*")>0),"Warning","Quantity") -> Quantity
I88: {=IF(OR(IF(J$18:DE$18=1,ISNUMBER(J88:DE88)<>ISNUMBER(J87:DE87),0),COUNTIFS(J$18:DE$18,1,J88:DE88,"*")>0),"Warning","Unit price")} -> Unit price
I89: =IF(OR(COUNTIFS(J$18:DE$18,1,J89:DE89,"<0")>0,COUNTIFS(J$18:DE$18,1,J89:DE89,"*")>0),"Warning","Quantity") -> Quantity
I90: {=IF(OR(IF(J$18:DE$18=1,ISNUMBER(J90:DE90)<>ISNUMBER(J89:DE89),0),COUNTIFS(J$18:DE$18,1,J90:DE90,"*")>0),"Warning","Unit price")} -> Unit price
I91: =IF(OR(COUNTIFS(J$18:DE$18,1,J91:DE91,"<0")>0,COUNTIFS(J$18:DE$18,1,J91:DE91,"*")>0),"Warning","Quantity") -> Quantity
I92: {=IF(OR(IF(J$18:DE$18=1,ISNUMBER(J92:DE92)<>ISNUMBER(J91:DE91),0),COUNTIFS(J$18:DE$18,1,J92:DE92,"*")>0),"Warning","Unit price")} -> Unit price
I93: =IF(OR(COUNTIFS(J$18:DE$18,1,J93:DE93,"<0")>0,COUNTIFS(J$18:DE$18,1,J93:DE93,"*")>0),"Warning","Quantity") -> Quantity
I94: {=IF(OR(IF(J$18:DE$18=1,ISNUMBER(J94:DE94)<>ISNUMBER(J93:DE93),0),COUNTIFS(J$18:DE$18,1,J94:DE94,"*")>0),"Warning","Unit price")} -> Unit price
H95: Total
C96: =IF(ISBLANK(C75),"",C75) | H96: =+SUMPRODUCT(J$18:DE$18,J96:DE96) -> 0 | J96: =IFERROR(IF(J75="","",J75*J76),"") | K96: =IFERROR(IF(K75="","",K75*K76),"") | L96: =IFERROR(IF(L75="","",L75*L76),"") | M96: =IFERROR(IF(M75="","",M75*M76),"") | N96: =IFERROR(IF(N75="","",N75*N76),"") | O96: =IFERROR(IF(O75="","",O75*O76),"") | P96: =IFERROR(IF(P75="","",P75*P76),"") | Q96: =IFERROR(IF(Q75="","",Q75*Q76),"") | ... DE96: =IFERROR(IF(DE75="","",DE75*DE76),"")
C97: =IF(ISBLANK(C77),"",C77) | H97: =+SUMPRODUCT(J$18:DE$18,J97:DE97) -> 0 | J97: =IFERROR(IF(J77="","",J77*J78),"") | K97: =IFERROR(IF(K77="","",K77*K78),"") | L97: =IFERROR(IF(L77="","",L77*L78),"") | M97: =IFERROR(IF(M77="","",M77*M78),"") | N97: =IFERROR(IF(N77="","",N77*N78),"") | O97: =IFERROR(IF(O77="","",O77*O78),"") | P97: =IFERROR(IF(P77="","",P77*P78),"") | Q97: =IFERROR(IF(Q77="","",Q77*Q78),"") | ... DE97: =IFERROR(IF(DE77="","",DE77*DE78),"")
C98: =IF(ISBLANK(C79),"",C79) | H98: =+SUMPRODUCT(J$18:DE$18,J98:DE98) -> 0 | J98: =IFERROR(IF(J79="","",J79*J80),"") | K98: =IFERROR(IF(K79="","",K79*K80),"") | L98: =IFERROR(IF(L79="","",L79*L80),"") | M98: =IFERROR(IF(M79="","",M79*M80),"") | N98: =IFERROR(IF(N79="","",N79*N80),"") | O98: =IFERROR(IF(O79="","",O79*O80),"") | P98: =IFERROR(IF(P79="","",P79*P80),"") | Q98: =IFERROR(IF(Q79="","",Q79*Q80),"") | ... DE98: =IFERROR(IF(DE79="","",DE79*DE80),"")
C99: =IF(ISBLANK(C81),"",C81) | H99: =+SUMPRODUCT(J$18:DE$18,J99:DE99) -> 0 | J99: =IFERROR(IF(J81="","",J81*J82),"") | K99: =IFERROR(IF(K81="","",K81*K82),"") | L99: =IFERROR(IF(L81="","",L81*L82),"") | M99: =IFERROR(IF(M81="","",M81*M82),"") | N99: =IFERROR(IF(N81="","",N81*N82),"") | O99: =IFERROR(IF(O81="","",O81*O82),"") | P99: =IFERROR(IF(P81="","",P81*P82),"") | Q99: =IFERROR(IF(Q81="","",Q81*Q82),"") | ... DE99: =IFERROR(IF(DE81="","",DE81*DE82),"")
C100: =IF(ISBLANK(C83),"",C83) | H100: =+SUMPRODUCT(J$18:DE$18,J100:DE100) -> 0 | J100: =IFERROR(IF(J83="","",J83*J84),"") | K100: =IFERROR(IF(K83="","",K83*K84),"") | L100: =IFERROR(IF(L83="","",L83*L84),"") | M100: =IFERROR(IF(M83="","",M83*M84),"") | N100: =IFERROR(IF(N83="","",N83*N84),"") | O100: =IFERROR(IF(O83="","",O83*O84),"") | P100: =IFERROR(IF(P83="","",P83*P84),"") | Q100: =IFERROR(IF(Q83="","",Q83*Q84),"") | ... DE100: =IFERROR(IF(DE83="","",DE83*DE84),"")
C101: =IF(ISBLANK(C85),"",C85) | H101: =+SUMPRODUCT(J$18:DE$18,J101:DE101) -> 0 | J101: =IFERROR(IF(J85="","",J85*J86),"") | K101: =IFERROR(IF(K85="","",K85*K86),"") | L101: =IFERROR(IF(L85="","",L85*L86),"") | M101: =IFERROR(IF(M85="","",M85*M86),"") | N101: =IFERROR(IF(N85="","",N85*N86),"") | O101: =IFERROR(IF(O85="","",O85*O86),"") | P101: =IFERROR(IF(P85="","",P85*P86),"") | Q101: =IFERROR(IF(Q85="","",Q85*Q86),"") | ... DE101: =IFERROR(IF(DE85="","",DE85*DE86),"")
